 Dungeon Crawl Stone Soup version 0.30-a0-170-g85af917532 (webtiles) character file.

Game seed: 413803505129859307

1203 qw the Cleaver (level 8, 1/1 HPs)
             Began as a Gargoyle Fighter on Sept 30, 2022.
             Quit the game on level 6 of the Dungeon.
             The game lasted 00:48:22 (39715 turns).

qw the Cleaver (Gargoyle Fighter)                  Turns: 39715, Time: 00:48:23

Health: 1/1        AC: 15    Str: 21    XL:     8   Next: 45%
Magic:  8/8        EV:  7    Int: 18    God:
Gold:   257        SH:  4    Dex:  9    Spells: 7/7 levels left

rFire   + . .      SeeInvis .    Y - +2 war axe (drain)
rCold   . . .      Faith    .    c - +0 buckler
rNeg    + . .      Spirit   .    e - +0 chain mail
rPois   inf        Reflect  .    p - +0 helmet
rElec   +          Harm     .    t - scarf {rC+ rF+}
rCorr   .          Rampage  .    (no gloves)
Will    .....                    (no boots)
Stlth   ..........               b - amulet "Joqar" {rElec rPois rC- Regen+ Int+8}
HPRegen 0.80/turn                (no ring)
MPRegen 0.11/turn                (no ring)

@: no status effects
A: sickness immunity, AC +5, negative energy resistance 1, electricity
resistance, torment resistance 1, petrification resistance
a: no special abilities


You were on level 6 of the Dungeon.
You visited 1 branch of the dungeon, and saw 6 of its levels.

You collected 257 gold pieces.


Innate Abilities, Weirdness & Mutations

You are immune to sickness and miasma.
Your stone body is resilient. (AC +5)
You are immune to poison.
You resist negative energy. (rN+)
You are resistant to electric shocks. (rElec)
You are resistant to unholy torment.
You are immune to petrification.


   Skills:
 + Level 5.9 Fighting
 - Level 8.0 Axes
 - Level 0.1 Throwing
 - Level 3.2 Armour
 - Level 1.1 Dodging
 - Level 3.2 Shields


You had 7 spell levels left.
You didn't know any spells.
Your spell library was empty.

Inventory:

Hand Weapons
 s - a +0 flail
 Y - a +2 war axe of draining (weapon)
Armour
 c - a +0 buckler (worn)
 e - a +0 chain mail (worn)
 m - a +1 cloak
 o - a +2 ring mail of cold resistance
 p - a +0 helmet (worn)
 t - a scarf of resistance (worn)
Jewellery
 b - the amulet "Joqar" (around neck) {rElec rPois rC- Regen+ Int+8}
   (You acquired it on level 4 of the Dungeon)

   [amulet of regeneration]

   Int:       It affects your intelligence (+8).
   rC:        It makes you vulnerable to cold.
   rElec:     It insulates you from electricity.
   rPois:     It protects you from poison.
   Regen:     It increases your rate of health regeneration.
Scrolls
 g - a scroll of identify
 r - 4 scrolls of teleportation
Potions
 a - 2 potions of attraction
 d - a potion of might
 f - a potion of mutation
 i - a potion of degeneration {unknown}
 j - 2 potions of lignification
 k - a potion of resistance
 l - a potion of haste {unknown}
 n - a potion of cancellation {unknown}
 q - a potion of heal wounds {unknown}

Dungeon Overview and Level Annotations

Branches:
Dungeon (6/15)             Temple (0/1) D:6

Altars:
Elyvilon
Gozag
Zin
The Shining One

Shops:
D:3 =   D:6 *


Message History

39639 ||| FLEEEEING.
There is a stone staircase leading up here.
(D) Dungeon (T) Temple
Where to? (* - list waypoints, Enter - Temple, ? - help)
39647 ||| FLEEEEING.
There is a stone staircase leading up here.
(D) Dungeon (T) Temple
Where to? (* - list waypoints, Enter - Temple, ? - help)
39655 ||| FLEEEEING.
There is a stone staircase leading up here.
(D) Dungeon (T) Temple
Where to? (* - list waypoints, Enter - Temple, ? - help)
39663 ||| FLEEEEING.
There is a stone staircase leading up here.
(D) Dungeon (T) Temple
Where to? (* - list waypoints, Enter - Temple, ? - help)
39671 ||| FLEEEEING.
There is a stone staircase leading up here.
(D) Dungeon (T) Temple
Where to? (* - list waypoints, Enter - Temple, ? - help)
39679 ||| FLEEEEING.
There is a stone staircase leading up here.
(D) Dungeon (T) Temple
Where to? (* - list waypoints, Enter - Temple, ? - help)
39687 ||| FLEEEEING.
There is a stone staircase leading up here.
(D) Dungeon (T) Temple
Where to? (* - list waypoints, Enter - Temple, ? - help)
39695 ||| FLEEEEING.
There is a stone staircase leading up here.
(D) Dungeon (T) Temple
Where to? (* - list waypoints, Enter - Temple, ? - help)
39703 ||| FLEEEEING.
There is a stone staircase leading up here.
(D) Dungeon (T) Temple
Where to? (* - list waypoints, Enter - Temple, ? - help)
39711 ||| FLEEEEING.
Zot's power touches on you...
There is a stone staircase leading up here.
Are you sure you want to abandon this character and quit the game? (Confirm with "yes".)

# #
###......(..># .
#.....##.####.#.
##.##.##.#
....P(...#
.....PP..#
#....>..######
##.PPPPP.....#
##P.P.......#
#..#.....@.#
#..#.#.....#
#..........#
~~~~~~~....#
o~.....~~~~.#
~.}.}....~.#
..\..._....
}.}....~.#


There were no monsters in sight!

Vanquished Creatures
  An ice beast (D:6)
  An ogre (D:5)
  A scorpion (D:5)
  2 necrophages (D:5)
  5 wights
  A howler monkey (D:5)
  A jelly (D:5)
  2 orc priests
  5 hounds
  Jessica (D:3)
  4 orc wizards (D:5)
  Robin (D:3)
  7 adders
  2 ufetubi
  2 worms (D:3)
  15 orcs
  7 endoplasms
  5 giant cockroaches
  14 goblins
  4 hobgoblins
  8 jackals (D:1)
  3 quokkas
  5 ball pythons
  10 bats
  A frilled lizard (D:2)
  16 kobolds
  5 rats
129 creatures vanquished.

Vanquished Creatures (others)
  A plant (D:6)
1 creature vanquished.

Grand Total: 130 creatures vanquished

Notes
Turn   | Place    | Note
-------+----------+-------------------------------------------
     0 | D:1      | qw the Gargoyle Fighter began the quest for the Orb.
     0 | D:1      | Reached XP level 1. HP: 14/14 MP: 1/1
     0 | D:1      | 0 ||| qw: Version: 0.2-a-12-gaebbb33
     0 | D:1      | 0 ||| qw: Game counter: 1514
     0 | D:1      | 0 ||| qw: Always use a shield: true
     0 | D:1      | 0 ||| qw: God list: Okawaru
     0 | D:1      | 0 ||| qw: Allow faded altars: false
     0 | D:1      | 0 ||| qw: Do Orc after D:15 true
     0 | D:1      | 0 ||| qw: Do second Lair branch before Depths: true
     0 | D:1      | 0 ||| qw: Lair rune preference: random
     0 | D:1      | 0 ||| qw: Plans: Normal, Zot:1-4, God:TSO, Crypt, Tomb,
                  | Pan, Slime:5, Hells, Abyss, Orb
     0 | D:1      | 0 ||| PLANNING D:1-11
    61 | D:1      | Reached skill level 2 in Axes
   101 | D:1      | Reached XP level 2. HP: 15/19 MP: 2/2
   590 | D:1      | 590 ||| Stepping ~*~*~tactically~*~*~ (stealth).
   592 | D:1      | 592 ||| Stepping ~*~*~tactically~*~*~ (stealth).
   598 | D:1      | Reached skill level 3 in Axes
   604 | D:1      | Reached XP level 3. HP: 16/23 MP: 3/3
   819 | D:1      | 819 ||| UPGRADING to +0 cloak.
   824 | D:1      | 824 ||| READING scroll labelled SOYTUSEUMAH.
   825 | D:1      | 825 ||| READING 2 scrolls labelled KOCUSEA AFOENN.
   826 | D:1      | 826 ||| READING scroll labelled ATYXYNT LOAN.
   827 | D:1      | 827 ||| READING 2 scrolls labelled ZOM COPSUDUOT.
   828 | D:1      | 828 ||| READING scroll of enchant armour.
   828 | D:1      | 828 ||| ENCHANTING +0 cloak.
   829 | D:1      | 829 ||| READING scroll labelled HAPHUGG GOEF.
   900 | D:2      | 900 ||| Stepping ~*~*~tactically~*~*~ (stealth).
   941 | D:2      | Found a faded altar of an unknown god.
  1431 | D:2      | 1431 ||| DROPPING orb of energy.
  1432 | D:2      | 1432 ||| DROPPING +6 ring of intelligence.
  1433 | D:2      | 1433 ||| READING scroll labelled JYALAI LIGRO.
  1434 | D:2      | 1434 ||| READING 2 scrolls labelled BONGALY WARO.
  1437 | D:2      | 1437 ||| READING scroll labelled TUISAK APNUICW.
  1438 | D:2      | 1438 ||| READING 3 scrolls of identify.
  1438 | D:2      | 1438 ||| IDENTIFYING puce potion
  1439 | D:2      | 1439 ||| READING 2 scrolls of identify.
  1439 | D:2      | 1439 ||| IDENTIFYING cyan potion
  1440 | D:2      | 1440 ||| DROPPING potion of magic.
  1457 | D:3      | 1457 ||| PLANNING SEWER
  1481 | D:3      | Noticed Robin
  1482 | D:3      | 1482 ||| Stepping ~*~*~tactically~*~*~ (hiding).
  1507 | D:3      | HP: 3/23 [goblin/+0 club[Robin] (6)]
  1508 | D:3      | Reached XP level 4. HP: 4/28 MP: 4/4
  1508 | D:3      | 1508 ||| READING scroll of teleportation.
  1511 | D:3      | Killed Robin
  1512 | D:3      | Reached skill level 4 in Axes
  1781 | D:3      | 1781 ||| DROPPING +0 club.
  1799 | D:3      | 1799 ||| Stepping ~*~*~tactically~*~*~ (stealth).
  1801 | D:3      | 1801 ||| Stepping ~*~*~tactically~*~*~ (stealth).
  1804 | D:3      | 1804 ||| Stepping ~*~*~tactically~*~*~ (stealth).
  1805 | D:3      | 1805 ||| Stepping ~*~*~tactically~*~*~ (stealth).
  1829 | D:3      | 1829 ||| Stepping ~*~*~tactically~*~*~ (stealth).
  1830 | D:3      | 1830 ||| Stepping ~*~*~tactically~*~*~ (stealth).
  1838 | D:3      | Reached XP level 5. HP: 28/32 MP: 5/5
  1839 | D:3      | 1839 ||| FLEEEEING.
  1840 | D:3      | 1840 ||| FLEEEEING.
  1841 | D:3      | 1841 ||| FLEEEEING.
  1842 | D:3      | 1842 ||| FLEEEEING.
  1857 | D:3      | 1857 ||| FLEEEEING.
  1909 | D:3      | 1909 ||| Stepping ~*~*~tactically~*~*~ (stealth).
  1910 | D:3      | 1910 ||| Stepping ~*~*~tactically~*~*~ (stealth).
  1933 | D:3      | Noticed Jessica
  1942 | D:3      | Killed Jessica
  1946 | D:3      | 1946 ||| Stepping ~*~*~tactically~*~*~ (stealth).
  1948 | D:3      | 1948 ||| Stepping ~*~*~tactically~*~*~ (stealth).
  1955 | D:3      | Reached skill level 5 in Axes
  1958 | D:3      | 1958 ||| Stepping ~*~*~tactically~*~*~ (stealth).
  1981 | D:3      | 1981 ||| Stepping ~*~*~tactically~*~*~ (stealth).
  2057 | D:3      | 2057 ||| Stepping ~*~*~tactically~*~*~ (stealth).
  2058 | D:3      | 2058 ||| Stepping ~*~*~tactically~*~*~ (stealth).
  2059 | D:3      | 2059 ||| Stepping ~*~*~tactically~*~*~ (stealth).
  2060 | D:3      | 2060 ||| Stepping ~*~*~tactically~*~*~ (stealth).
  2070 | D:3      | 2070 ||| Stepping ~*~*~tactically~*~*~ (stealth).
  2077 | D:3      | 2077 ||| Stepping ~*~*~tactically~*~*~ (stealth).
  2146 | D:3      | 2146 ||| DROPPING +0 mace.
  2195 | D:3      | 2195 ||| RIP SEWER
  2226 | D:3      | Found Wirussi's Jewellery Shoppe.
  2232 | D:3      | 2232 ||| PLANNING D:1-11
  2232 | D:3      | 2232 ||| SHOPLISTING +4 ring of protection (504 gold, have
                  | 117).
  2232 | D:3      | 2232 ||| SHOPLISTING amulet of guardian spirit (420 gold,
                  | have 117).
  2232 | D:3      | 2232 ||| SHOPLISTING ring "Mecw" {rC+ EV+4} (700 gold, have
                  | 117).
  2232 | D:3      | 2232 ||| SHOPLISTING ring "Xuazon" {rElec rPois rN+ Dex+2
                  | SInv} (582 gold, have 117).
  2232 | D:3      | 2232 ||| SHOPLISTING ring of resist corrosion (280 gold,
                  | have 117).
  2402 | D:3      | 2402 ||| Stepping ~*~*~tactically~*~*~ (water).
  2580 | D:3      | 2580 ||| UPGRADING to +0 chain mail.
  2590 | D:3      | 2590 ||| DROPPING +0 scale mail.
  2591 | D:3      | 2591 ||| UPGRADING to +0 helmet.
  2596 | D:3      | 2596 ||| READING scroll labelled ATHRALL YZXURCH.
  2597 | D:3      | 2597 ||| READING scroll labelled RAWUNA FYOQI.
  2598 | D:3      | 2598 ||| DRINKING 2 green potions.
  2599 | D:3      | 2599 ||| READING 3 scrolls of identify.
  2599 | D:3      | 2599 ||| IDENTIFYING pink potion
  2600 | D:3      | 2600 ||| READING 2 scrolls of identify.
  2600 | D:3      | 2600 ||| IDENTIFYING viscous pink potion
  2719 | D:4      | 2719 ||| Stepping ~*~*~tactically~*~*~ (stealth).
  2758 | D:4      | Reached XP level 6. HP: 33/38 MP: 6/6
  2963 | D:4      | 2963 ||| Stepping ~*~*~tactically~*~*~ (stealth).
  2964 | D:4      | 2964 ||| Stepping ~*~*~tactically~*~*~ (stealth).
  3060 | D:4      | 3060 ||| UPGRADING to scarf of resistance.
  3070 | D:4      | 3070 ||| READING scroll labelled DUCWESCH OTZUAMP.
  3171 | D:4      | 3171 ||| READING scroll labelled SATAICZIUWN.
  3171 | D:4      | Identified a scroll of acquirement
  3171 | D:4      | 3171 ||| ACQUIRING amulet "Joqar" {rElec rPois rC- Regen+
                  | Int+8}
  3171 | D:4      | Acquired the amulet "Joqar" {rElec rPois rC- Regen+ Int+8}
  3173 | D:4      | 3173 ||| UPGRADING to amulet "Joqar" {rElec rPois rC-
                  | Regen+ Int+8}.
  3178 | D:4      | 3178 ||| DRINKING 2 smoky white potions.
  3179 | D:4      | 3179 ||| DROPPING potion of brilliance.
  3194 | D:5      | Entered Level 5 of the Dungeon
  3233 | D:5      | Reached skill level 6 in Axes
  3242 | D:5      | 3242 ||| READING scroll of enchant weapon.
  3242 | D:5      | 3242 ||| ENCHANTING +1 war axe of draining.
  3268 | D:5      | Reached skill level 1 in Dodging
  3268 | D:5      | Reached XP level 7. HP: 43/43 MP: 7/7
  3293 | D:5      | 3293 ||| Stepping ~*~*~tactically~*~*~ (stealth).
  3300 | D:5      | 3300 ||| Stepping ~*~*~tactically~*~*~ (stealth).
  3302 | D:5      | 3302 ||| STAIRDANCE
  3307 | D:5      | 3307 ||| STAIRDANCE
  3321 | D:5      | 3321 ||| STAIRDANCE
  3337 | D:5      | Reached skill level 7 in Axes
  3437 | D:5      | Reached XP level 8. HP: 49/49 MP: 8/8
  3494 | D:5      | 3494 ||| Stepping ~*~*~tactically~*~*~ (stealth).
  3597 | D:5      | Reached skill level 8 in Axes
  3710 | D:5      | 3710 ||| DROPPING ring of flight.
  3711 | D:5      | 3711 ||| READING scroll labelled COQOGI EPEOSM.
  3712 | D:5      | 3712 ||| READING scroll labelled CAELIMO XISMU.
  3713 | D:5      | 3713 ||| READING scroll labelled OGIOR QARYILED.
  3753 | D:6      | Found a glowing golden altar of the Shining One.
  3754 | D:6      | Found a white marble altar of Elyvilon.
  3755 | D:6      | Found a glowing silver altar of Zin.
  3799 | D:6      | Found a staircase to the Ecumenical Temple.
  3800 | D:6      | 3800 ||| PLANNING TEMPLE
  3805 | D:6      | 3805 ||| FLEEEEING.
  3806 | D:6      | 3806 ||| FLEEEEING.
  3808 | D:6      | Found an opulent altar of Gozag.
  3808 | D:6      | Found Gozag's Platinum Reserve.
  3810 | D:6      | 3810 ||| STAIRDANCE
  3818 | D:6      | 3818 ||| FLEEEEING.
  3822 | D:6      | 3822 ||| STAIRDANCE
  3830 | D:6      | 3830 ||| FLEEEEING.
  3834 | D:6      | 3834 ||| STAIRDANCE
  3842 | D:6      | 3842 ||| FLEEEEING.
  3846 | D:6      | 3846 ||| STAIRDANCE
  3854 | D:6      | 3854 ||| FLEEEEING.
  3858 | D:6      | 3858 ||| STAIRDANCE
  3866 | D:6      | 3866 ||| FLEEEEING.
  3870 | D:6      | 3870 ||| STAIRDANCE
  3878 | D:6      | 3878 ||| FLEEEEING.
  3882 | D:6      | 3882 ||| STAIRDANCE
  3890 | D:6      | 3890 ||| FLEEEEING.
  3894 | D:6      | 3894 ||| STAIRDANCE
  3902 | D:6      | 3902 ||| FLEEEEING.
  3906 | D:6      | 3906 ||| STAIRDANCE
  3914 | D:6      | 3914 ||| FLEEEEING.
  3918 | D:6      | 3918 ||| STAIRDANCE
  3926 | D:6      | 3926 ||| FLEEEEING.
  3930 | D:6      | 3930 ||| STAIRDANCE
  3938 | D:6      | 3938 ||| FLEEEEING.
  3942 | D:6      | 3942 ||| STAIRDANCE
  3950 | D:6      | 3950 ||| FLEEEEING.
  3954 | D:6      | 3954 ||| STAIRDANCE
  3962 | D:6      | 3962 ||| FLEEEEING.
  3966 | D:6      | 3966 ||| STAIRDANCE
  3974 | D:6      | 3974 ||| FLEEEEING.
  3978 | D:6      | 3978 ||| STAIRDANCE
  3986 | D:6      | 3986 ||| FLEEEEING.
  3990 | D:6      | 3990 ||| STAIRDANCE
  3998 | D:6      | 3998 ||| FLEEEEING.
  4002 | D:6      | 4002 ||| STAIRDANCE
  4010 | D:6      | 4010 ||| FLEEEEING.
  4014 | D:6      | 4014 ||| STAIRDANCE
  4022 | D:6      | 4022 ||| FLEEEEING.
  4026 | D:6      | 4026 ||| STAIRDANCE
  4034 | D:6      | 4034 ||| FLEEEEING.
  4038 | D:6      | 4038 ||| STAIRDANCE
  4046 | D:6      | 4046 ||| FLEEEEING.
  4054 | D:6      | 4054 ||| FLEEEEING.
  4062 | D:6      | 4062 ||| FLEEEEING.
  4070 | D:6      | 4070 ||| FLEEEEING.
  4078 | D:6      | 4078 ||| FLEEEEING.
  4086 | D:6      | 4086 ||| FLEEEEING.
  4094 | D:6      | 4094 ||| FLEEEEING.
  4102 | D:6      | 4102 ||| FLEEEEING.
  4110 | D:6      | 4110 ||| FLEEEEING.
  4118 | D:6      | 4118 ||| FLEEEEING.
  4126 | D:6      | 4126 ||| FLEEEEING.
  4134 | D:6      | 4134 ||| FLEEEEING.
  4142 | D:6      | 4142 ||| FLEEEEING.
  4150 | D:6      | 4150 ||| FLEEEEING.
  4158 | D:6      | 4158 ||| FLEEEEING.
  4166 | D:6      | 4166 ||| FLEEEEING.
  4174 | D:6      | 4174 ||| FLEEEEING.
  4182 | D:6      | 4182 ||| FLEEEEING.
  4190 | D:6      | 4190 ||| FLEEEEING.
  4198 | D:6      | 4198 ||| FLEEEEING.
  4206 | D:6      | 4206 ||| FLEEEEING.
  4214 | D:6      | 4214 ||| FLEEEEING.
  4222 | D:6      | 4222 ||| FLEEEEING.
  4230 | D:6      | 4230 ||| FLEEEEING.
  4238 | D:6      | 4238 ||| FLEEEEING.
  4246 | D:6      | 4246 ||| FLEEEEING.
  4254 | D:6      | 4254 ||| FLEEEEING.
  4262 | D:6      | 4262 ||| FLEEEEING.
  4270 | D:6      | 4270 ||| FLEEEEING.
  4278 | D:6      | 4278 ||| FLEEEEING.
  4286 | D:6      | 4286 ||| FLEEEEING.
  4294 | D:6      | 4294 ||| FLEEEEING.
  4302 | D:6      | 4302 ||| FLEEEEING.
  4310 | D:6      | 4310 ||| FLEEEEING.
  4318 | D:6      | 4318 ||| FLEEEEING.
  4326 | D:6      | 4326 ||| FLEEEEING.
  4334 | D:6      | 4334 ||| FLEEEEING.
  4342 | D:6      | 4342 ||| FLEEEEING.
  4350 | D:6      | 4350 ||| FLEEEEING.
  4358 | D:6      | 4358 ||| FLEEEEING.
  4366 | D:6      | 4366 ||| FLEEEEING.
  4374 | D:6      | 4374 ||| FLEEEEING.
  4382 | D:6      | 4382 ||| FLEEEEING.
  4390 | D:6      | 4390 ||| FLEEEEING.
  4398 | D:6      | 4398 ||| FLEEEEING.
  4406 | D:6      | 4406 ||| FLEEEEING.
  4414 | D:6      | 4414 ||| FLEEEEING.
  4422 | D:6      | 4422 ||| FLEEEEING.
  4430 | D:6      | 4430 ||| FLEEEEING.
  4438 | D:6      | 4438 ||| FLEEEEING.
  4446 | D:6      | 4446 ||| FLEEEEING.
  4454 | D:6      | 4454 ||| FLEEEEING.
  4462 | D:6      | 4462 ||| FLEEEEING.
  4470 | D:6      | 4470 ||| FLEEEEING.
  4478 | D:6      | 4478 ||| FLEEEEING.
  4486 | D:6      | 4486 ||| FLEEEEING.
  4494 | D:6      | 4494 ||| FLEEEEING.
  4502 | D:6      | 4502 ||| FLEEEEING.
  4510 | D:6      | 4510 ||| FLEEEEING.
  4518 | D:6      | 4518 ||| FLEEEEING.
  4526 | D:6      | 4526 ||| FLEEEEING.
  4534 | D:6      | 4534 ||| FLEEEEING.
  4542 | D:6      | 4542 ||| FLEEEEING.
  4550 | D:6      | 4550 ||| FLEEEEING.
  4558 | D:6      | 4558 ||| FLEEEEING.
  4566 | D:6      | 4566 ||| FLEEEEING.
  4574 | D:6      | 4574 ||| FLEEEEING.
  4582 | D:6      | 4582 ||| FLEEEEING.
  4590 | D:6      | 4590 ||| FLEEEEING.
  4598 | D:6      | 4598 ||| FLEEEEING.
  4606 | D:6      | 4606 ||| FLEEEEING.
  4614 | D:6      | 4614 ||| FLEEEEING.
  4622 | D:6      | 4622 ||| FLEEEEING.
  4630 | D:6      | 4630 ||| FLEEEEING.
  4638 | D:6      | 4638 ||| FLEEEEING.
  4646 | D:6      | 4646 ||| FLEEEEING.
  4654 | D:6      | 4654 ||| FLEEEEING.
  4662 | D:6      | 4662 ||| FLEEEEING.
  4670 | D:6      | 4670 ||| FLEEEEING.
  4678 | D:6      | 4678 ||| FLEEEEING.
  4686 | D:6      | 4686 ||| FLEEEEING.
  4694 | D:6      | 4694 ||| FLEEEEING.
  4702 | D:6      | 4702 ||| FLEEEEING.
  4710 | D:6      | 4710 ||| FLEEEEING.
  4718 | D:6      | 4718 ||| FLEEEEING.
  4726 | D:6      | 4726 ||| FLEEEEING.
  4734 | D:6      | 4734 ||| FLEEEEING.
  4742 | D:6      | 4742 ||| FLEEEEING.
  4750 | D:6      | 4750 ||| FLEEEEING.
  4758 | D:6      | 4758 ||| FLEEEEING.
  4766 | D:6      | 4766 ||| FLEEEEING.
  4774 | D:6      | 4774 ||| FLEEEEING.
  4782 | D:6      | 4782 ||| FLEEEEING.
  4790 | D:6      | 4790 ||| FLEEEEING.
  4798 | D:6      | 4798 ||| FLEEEEING.
  4806 | D:6      | 4806 ||| FLEEEEING.
  4814 | D:6      | 4814 ||| FLEEEEING.
  4822 | D:6      | 4822 ||| FLEEEEING.
  4830 | D:6      | 4830 ||| FLEEEEING.
  4838 | D:6      | 4838 ||| FLEEEEING.
  4846 | D:6      | 4846 ||| FLEEEEING.
  4854 | D:6      | 4854 ||| FLEEEEING.
  4862 | D:6      | 4862 ||| FLEEEEING.
  4870 | D:6      | 4870 ||| FLEEEEING.
  4878 | D:6      | 4878 ||| FLEEEEING.
  4886 | D:6      | 4886 ||| FLEEEEING.
  4887 | D:6      | 4887 ||| FLEEEEING.
  4888 | D:6      | 4888 ||| FLEEEEING.
  4889 | D:6      | 4889 ||| FLEEEEING.
  4895 | D:6      | 4895 ||| FLEEEEING.
  4903 | D:6      | 4903 ||| FLEEEEING.
  4911 | D:6      | 4911 ||| FLEEEEING.
  4919 | D:6      | 4919 ||| FLEEEEING.
  4927 | D:6      | 4927 ||| FLEEEEING.
  4935 | D:6      | 4935 ||| FLEEEEING.
  4943 | D:6      | 4943 ||| FLEEEEING.
  4951 | D:6      | 4951 ||| FLEEEEING.
  4959 | D:6      | 4959 ||| FLEEEEING.
  4967 | D:6      | 4967 ||| FLEEEEING.
  4975 | D:6      | 4975 ||| FLEEEEING.
  4983 | D:6      | 4983 ||| FLEEEEING.
  4991 | D:6      | 4991 ||| FLEEEEING.
  4999 | D:6      | 4999 ||| FLEEEEING.
  5007 | D:6      | 5007 ||| FLEEEEING.
  5015 | D:6      | 5015 ||| FLEEEEING.
  5023 | D:6      | 5023 ||| FLEEEEING.
  5031 | D:6      | 5031 ||| FLEEEEING.
  5039 | D:6      | 5039 ||| FLEEEEING.
  5047 | D:6      | 5047 ||| FLEEEEING.
  5055 | D:6      | 5055 ||| FLEEEEING.
  5063 | D:6      | 5063 ||| FLEEEEING.
  5071 | D:6      | 5071 ||| FLEEEEING.
  5079 | D:6      | 5079 ||| FLEEEEING.
  5087 | D:6      | 5087 ||| FLEEEEING.
  5095 | D:6      | 5095 ||| FLEEEEING.
  5103 | D:6      | 5103 ||| FLEEEEING.
  5111 | D:6      | 5111 ||| FLEEEEING.
  5119 | D:6      | 5119 ||| FLEEEEING.
  5127 | D:6      | 5127 ||| FLEEEEING.
  5135 | D:6      | 5135 ||| FLEEEEING.
  5143 | D:6      | 5143 ||| FLEEEEING.
  5151 | D:6      | 5151 ||| FLEEEEING.
  5159 | D:6      | 5159 ||| FLEEEEING.
  5167 | D:6      | 5167 ||| FLEEEEING.
  5172 | D:6      | 5172 ||| FLEEEEING.
  5175 | D:6      | 5175 ||| FLEEEEING.
  5189 | D:6      | 5189 ||| FLEEEEING.
  5197 | D:6      | 5197 ||| FLEEEEING.
  5205 | D:6      | 5205 ||| FLEEEEING.
  5213 | D:6      | 5213 ||| FLEEEEING.
  5221 | D:6      | 5221 ||| FLEEEEING.
  5229 | D:6      | 5229 ||| FLEEEEING.
  5237 | D:6      | 5237 ||| FLEEEEING.
  5245 | D:6      | 5245 ||| FLEEEEING.
  5253 | D:6      | 5253 ||| FLEEEEING.
  5261 | D:6      | 5261 ||| FLEEEEING.
  5269 | D:6      | 5269 ||| FLEEEEING.
  5277 | D:6      | 5277 ||| FLEEEEING.
  5285 | D:6      | 5285 ||| FLEEEEING.
  5293 | D:6      | 5293 ||| FLEEEEING.
  5301 | D:6      | 5301 ||| FLEEEEING.
  5309 | D:6      | 5309 ||| FLEEEEING.
  5317 | D:6      | 5317 ||| FLEEEEING.
  5325 | D:6      | 5325 ||| FLEEEEING.
  5333 | D:6      | 5333 ||| FLEEEEING.
  5341 | D:6      | 5341 ||| FLEEEEING.
  5349 | D:6      | 5349 ||| FLEEEEING.
  5357 | D:6      | 5357 ||| FLEEEEING.
  5365 | D:6      | 5365 ||| FLEEEEING.
  5373 | D:6      | 5373 ||| FLEEEEING.
  5381 | D:6      | 5381 ||| FLEEEEING.
  5389 | D:6      | 5389 ||| FLEEEEING.
  5397 | D:6      | 5397 ||| FLEEEEING.
  5405 | D:6      | 5405 ||| FLEEEEING.
  5413 | D:6      | 5413 ||| FLEEEEING.
  5421 | D:6      | 5421 ||| FLEEEEING.
  5429 | D:6      | 5429 ||| FLEEEEING.
  5437 | D:6      | 5437 ||| FLEEEEING.
  5445 | D:6      | 5445 ||| FLEEEEING.
  5453 | D:6      | 5453 ||| FLEEEEING.
  5461 | D:6      | 5461 ||| FLEEEEING.
  5469 | D:6      | 5469 ||| FLEEEEING.
  5477 | D:6      | 5477 ||| FLEEEEING.
  5485 | D:6      | 5485 ||| FLEEEEING.
  5493 | D:6      | 5493 ||| FLEEEEING.
  5501 | D:6      | 5501 ||| FLEEEEING.
  5509 | D:6      | 5509 ||| FLEEEEING.
  5517 | D:6      | 5517 ||| FLEEEEING.
  5525 | D:6      | 5525 ||| FLEEEEING.
  5533 | D:6      | 5533 ||| FLEEEEING.
  5541 | D:6      | 5541 ||| FLEEEEING.
  5549 | D:6      | 5549 ||| FLEEEEING.
  5557 | D:6      | 5557 ||| FLEEEEING.
  5565 | D:6      | 5565 ||| FLEEEEING.
  5573 | D:6      | 5573 ||| FLEEEEING.
  5581 | D:6      | 5581 ||| FLEEEEING.
  5589 | D:6      | 5589 ||| FLEEEEING.
  5597 | D:6      | 5597 ||| FLEEEEING.
  5605 | D:6      | 5605 ||| FLEEEEING.
  5613 | D:6      | 5613 ||| FLEEEEING.
  5621 | D:6      | 5621 ||| FLEEEEING.
  5629 | D:6      | 5629 ||| FLEEEEING.
  5637 | D:6      | 5637 ||| FLEEEEING.
  5645 | D:6      | 5645 ||| FLEEEEING.
  5653 | D:6      | 5653 ||| FLEEEEING.
  5661 | D:6      | 5661 ||| FLEEEEING.
  5669 | D:6      | 5669 ||| FLEEEEING.
  5677 | D:6      | 5677 ||| FLEEEEING.
  5685 | D:6      | 5685 ||| FLEEEEING.
  5693 | D:6      | 5693 ||| FLEEEEING.
  5701 | D:6      | 5701 ||| FLEEEEING.
  5709 | D:6      | 5709 ||| FLEEEEING.
  5717 | D:6      | 5717 ||| FLEEEEING.
  5725 | D:6      | 5725 ||| FLEEEEING.
  5733 | D:6      | 5733 ||| FLEEEEING.
  5741 | D:6      | 5741 ||| FLEEEEING.
  5749 | D:6      | 5749 ||| FLEEEEING.
  5757 | D:6      | 5757 ||| FLEEEEING.
  5765 | D:6      | 5765 ||| FLEEEEING.
  5773 | D:6      | 5773 ||| FLEEEEING.
  5781 | D:6      | 5781 ||| FLEEEEING.
  5789 | D:6      | 5789 ||| FLEEEEING.
  5797 | D:6      | 5797 ||| FLEEEEING.
  5805 | D:6      | 5805 ||| FLEEEEING.
  5813 | D:6      | 5813 ||| FLEEEEING.
  5821 | D:6      | 5821 ||| FLEEEEING.
  5829 | D:6      | 5829 ||| FLEEEEING.
  5837 | D:6      | 5837 ||| FLEEEEING.
  5845 | D:6      | 5845 ||| FLEEEEING.
  5853 | D:6      | 5853 ||| FLEEEEING.
  5861 | D:6      | 5861 ||| FLEEEEING.
  5869 | D:6      | 5869 ||| FLEEEEING.
  5877 | D:6      | 5877 ||| FLEEEEING.
  5885 | D:6      | 5885 ||| FLEEEEING.
  5893 | D:6      | 5893 ||| FLEEEEING.
  5901 | D:6      | 5901 ||| FLEEEEING.
  5909 | D:6      | 5909 ||| FLEEEEING.
  5917 | D:6      | 5917 ||| FLEEEEING.
  5925 | D:6      | 5925 ||| FLEEEEING.
  5933 | D:6      | 5933 ||| FLEEEEING.
  5941 | D:6      | 5941 ||| FLEEEEING.
  5949 | D:6      | 5949 ||| FLEEEEING.
  5957 | D:6      | 5957 ||| FLEEEEING.
  5965 | D:6      | 5965 ||| FLEEEEING.
  5973 | D:6      | 5973 ||| FLEEEEING.
  5981 | D:6      | 5981 ||| FLEEEEING.
  5989 | D:6      | 5989 ||| FLEEEEING.
  5997 | D:6      | 5997 ||| FLEEEEING.
  6005 | D:6      | 6005 ||| FLEEEEING.
  6013 | D:6      | 6013 ||| FLEEEEING.
  6021 | D:6      | 6021 ||| FLEEEEING.
  6029 | D:6      | 6029 ||| FLEEEEING.
  6037 | D:6      | 6037 ||| FLEEEEING.
  6045 | D:6      | 6045 ||| FLEEEEING.
  6053 | D:6      | 6053 ||| FLEEEEING.
  6061 | D:6      | 6061 ||| FLEEEEING.
  6069 | D:6      | 6069 ||| FLEEEEING.
  6077 | D:6      | 6077 ||| FLEEEEING.
  6085 | D:6      | 6085 ||| FLEEEEING.
  6093 | D:6      | 6093 ||| FLEEEEING.
  6101 | D:6      | 6101 ||| FLEEEEING.
  6109 | D:6      | 6109 ||| FLEEEEING.
  6117 | D:6      | 6117 ||| FLEEEEING.
  6125 | D:6      | 6125 ||| FLEEEEING.
  6133 | D:6      | 6133 ||| FLEEEEING.
  6141 | D:6      | 6141 ||| FLEEEEING.
  6149 | D:6      | 6149 ||| FLEEEEING.
  6157 | D:6      | 6157 ||| FLEEEEING.
  6165 | D:6      | 6165 ||| FLEEEEING.
  6173 | D:6      | 6173 ||| FLEEEEING.
  6181 | D:6      | 6181 ||| FLEEEEING.
  6189 | D:6      | 6189 ||| FLEEEEING.
  6197 | D:6      | 6197 ||| FLEEEEING.
  6205 | D:6      | 6205 ||| FLEEEEING.
  6213 | D:6      | 6213 ||| FLEEEEING.
  6221 | D:6      | 6221 ||| FLEEEEING.
  6229 | D:6      | 6229 ||| FLEEEEING.
  6237 | D:6      | 6237 ||| FLEEEEING.
  6245 | D:6      | 6245 ||| FLEEEEING.
  6253 | D:6      | 6253 ||| FLEEEEING.
  6261 | D:6      | 6261 ||| FLEEEEING.
  6269 | D:6      | 6269 ||| FLEEEEING.
  6277 | D:6      | 6277 ||| FLEEEEING.
  6285 | D:6      | 6285 ||| FLEEEEING.
  6293 | D:6      | 6293 ||| FLEEEEING.
  6301 | D:6      | 6301 ||| FLEEEEING.
  6309 | D:6      | 6309 ||| FLEEEEING.
  6317 | D:6      | 6317 ||| FLEEEEING.
  6325 | D:6      | 6325 ||| FLEEEEING.
  6333 | D:6      | 6333 ||| FLEEEEING.
  6341 | D:6      | 6341 ||| FLEEEEING.
  6349 | D:6      | 6349 ||| FLEEEEING.
  6357 | D:6      | 6357 ||| FLEEEEING.
  6365 | D:6      | 6365 ||| FLEEEEING.
  6373 | D:6      | 6373 ||| FLEEEEING.
  6381 | D:6      | 6381 ||| FLEEEEING.
  6389 | D:6      | 6389 ||| FLEEEEING.
  6397 | D:6      | 6397 ||| FLEEEEING.
  6405 | D:6      | 6405 ||| FLEEEEING.
  6413 | D:6      | 6413 ||| FLEEEEING.
  6421 | D:6      | 6421 ||| FLEEEEING.
  6429 | D:6      | 6429 ||| FLEEEEING.
  6437 | D:6      | 6437 ||| FLEEEEING.
  6445 | D:6      | 6445 ||| FLEEEEING.
  6453 | D:6      | 6453 ||| FLEEEEING.
  6461 | D:6      | 6461 ||| FLEEEEING.
  6469 | D:6      | 6469 ||| FLEEEEING.
  6477 | D:6      | 6477 ||| FLEEEEING.
  6485 | D:6      | 6485 ||| FLEEEEING.
  6493 | D:6      | 6493 ||| FLEEEEING.
  6501 | D:6      | 6501 ||| FLEEEEING.
  6509 | D:6      | 6509 ||| FLEEEEING.
  6517 | D:6      | 6517 ||| FLEEEEING.
  6525 | D:6      | 6525 ||| FLEEEEING.
  6533 | D:6      | 6533 ||| FLEEEEING.
  6541 | D:6      | 6541 ||| FLEEEEING.
  6549 | D:6      | 6549 ||| FLEEEEING.
  6557 | D:6      | 6557 ||| FLEEEEING.
  6565 | D:6      | 6565 ||| FLEEEEING.
  6573 | D:6      | 6573 ||| FLEEEEING.
  6581 | D:6      | 6581 ||| FLEEEEING.
  6589 | D:6      | 6589 ||| FLEEEEING.
  6597 | D:6      | 6597 ||| FLEEEEING.
  6605 | D:6      | 6605 ||| FLEEEEING.
  6613 | D:6      | 6613 ||| FLEEEEING.
  6621 | D:6      | 6621 ||| FLEEEEING.
  6629 | D:6      | 6629 ||| FLEEEEING.
  6637 | D:6      | 6637 ||| FLEEEEING.
  6645 | D:6      | 6645 ||| FLEEEEING.
  6653 | D:6      | 6653 ||| FLEEEEING.
  6661 | D:6      | 6661 ||| FLEEEEING.
  6669 | D:6      | 6669 ||| FLEEEEING.
  6677 | D:6      | 6677 ||| FLEEEEING.
  6685 | D:6      | 6685 ||| FLEEEEING.
  6693 | D:6      | 6693 ||| FLEEEEING.
  6701 | D:6      | 6701 ||| FLEEEEING.
  6709 | D:6      | 6709 ||| FLEEEEING.
  6717 | D:6      | 6717 ||| FLEEEEING.
  6725 | D:6      | 6725 ||| FLEEEEING.
  6733 | D:6      | 6733 ||| FLEEEEING.
  6741 | D:6      | 6741 ||| FLEEEEING.
  6749 | D:6      | 6749 ||| FLEEEEING.
  6757 | D:6      | 6757 ||| FLEEEEING.
  6765 | D:6      | 6765 ||| FLEEEEING.
  6773 | D:6      | 6773 ||| FLEEEEING.
  6781 | D:6      | 6781 ||| FLEEEEING.
  6789 | D:6      | 6789 ||| FLEEEEING.
  6797 | D:6      | 6797 ||| FLEEEEING.
  6805 | D:6      | 6805 ||| FLEEEEING.
  6813 | D:6      | 6813 ||| FLEEEEING.
  6821 | D:6      | 6821 ||| FLEEEEING.
  6829 | D:6      | 6829 ||| FLEEEEING.
  6837 | D:6      | 6837 ||| FLEEEEING.
  6845 | D:6      | 6845 ||| FLEEEEING.
  6853 | D:6      | 6853 ||| FLEEEEING.
  6861 | D:6      | 6861 ||| FLEEEEING.
  6869 | D:6      | 6869 ||| FLEEEEING.
  6877 | D:6      | 6877 ||| FLEEEEING.
  6885 | D:6      | 6885 ||| FLEEEEING.
  6893 | D:6      | 6893 ||| FLEEEEING.
  6901 | D:6      | 6901 ||| FLEEEEING.
  6909 | D:6      | 6909 ||| FLEEEEING.
  6917 | D:6      | 6917 ||| FLEEEEING.
  6925 | D:6      | 6925 ||| FLEEEEING.
  6933 | D:6      | 6933 ||| FLEEEEING.
  6941 | D:6      | 6941 ||| FLEEEEING.
  6949 | D:6      | 6949 ||| FLEEEEING.
  6957 | D:6      | 6957 ||| FLEEEEING.
  6965 | D:6      | 6965 ||| FLEEEEING.
  6973 | D:6      | 6973 ||| FLEEEEING.
  6981 | D:6      | 6981 ||| FLEEEEING.
  6989 | D:6      | 6989 ||| FLEEEEING.
  6997 | D:6      | 6997 ||| FLEEEEING.
  7005 | D:6      | 7005 ||| FLEEEEING.
  7013 | D:6      | 7013 ||| FLEEEEING.
  7021 | D:6      | 7021 ||| FLEEEEING.
  7029 | D:6      | 7029 ||| FLEEEEING.
  7037 | D:6      | 7037 ||| FLEEEEING.
  7045 | D:6      | 7045 ||| FLEEEEING.
  7053 | D:6      | 7053 ||| FLEEEEING.
  7061 | D:6      | 7061 ||| FLEEEEING.
  7069 | D:6      | 7069 ||| FLEEEEING.
  7077 | D:6      | 7077 ||| FLEEEEING.
  7085 | D:6      | 7085 ||| FLEEEEING.
  7093 | D:6      | 7093 ||| FLEEEEING.
  7101 | D:6      | 7101 ||| FLEEEEING.
  7109 | D:6      | 7109 ||| FLEEEEING.
  7117 | D:6      | 7117 ||| FLEEEEING.
  7125 | D:6      | 7125 ||| FLEEEEING.
  7133 | D:6      | 7133 ||| FLEEEEING.
  7141 | D:6      | 7141 ||| FLEEEEING.
  7149 | D:6      | 7149 ||| FLEEEEING.
  7157 | D:6      | 7157 ||| FLEEEEING.
  7165 | D:6      | 7165 ||| FLEEEEING.
  7173 | D:6      | 7173 ||| FLEEEEING.
  7181 | D:6      | 7181 ||| FLEEEEING.
  7189 | D:6      | 7189 ||| FLEEEEING.
  7197 | D:6      | 7197 ||| FLEEEEING.
  7205 | D:6      | 7205 ||| FLEEEEING.
  7213 | D:6      | 7213 ||| FLEEEEING.
  7221 | D:6      | 7221 ||| FLEEEEING.
  7229 | D:6      | 7229 ||| FLEEEEING.
  7237 | D:6      | 7237 ||| FLEEEEING.
  7245 | D:6      | 7245 ||| FLEEEEING.
  7253 | D:6      | 7253 ||| FLEEEEING.
  7261 | D:6      | 7261 ||| FLEEEEING.
  7269 | D:6      | 7269 ||| FLEEEEING.
  7277 | D:6      | 7277 ||| FLEEEEING.
  7285 | D:6      | 7285 ||| FLEEEEING.
  7293 | D:6      | 7293 ||| FLEEEEING.
  7301 | D:6      | 7301 ||| FLEEEEING.
  7309 | D:6      | 7309 ||| FLEEEEING.
  7317 | D:6      | 7317 ||| FLEEEEING.
  7325 | D:6      | 7325 ||| FLEEEEING.
  7333 | D:6      | 7333 ||| FLEEEEING.
  7341 | D:6      | 7341 ||| FLEEEEING.
  7349 | D:6      | 7349 ||| FLEEEEING.
  7357 | D:6      | 7357 ||| FLEEEEING.
  7365 | D:6      | 7365 ||| FLEEEEING.
  7373 | D:6      | 7373 ||| FLEEEEING.
  7381 | D:6      | 7381 ||| FLEEEEING.
  7389 | D:6      | 7389 ||| FLEEEEING.
  7397 | D:6      | 7397 ||| FLEEEEING.
  7405 | D:6      | 7405 ||| FLEEEEING.
  7413 | D:6      | 7413 ||| FLEEEEING.
  7421 | D:6      | 7421 ||| FLEEEEING.
  7429 | D:6      | 7429 ||| FLEEEEING.
  7437 | D:6      | 7437 ||| FLEEEEING.
  7445 | D:6      | 7445 ||| FLEEEEING.
  7453 | D:6      | 7453 ||| FLEEEEING.
  7461 | D:6      | 7461 ||| FLEEEEING.
  7469 | D:6      | 7469 ||| FLEEEEING.
  7477 | D:6      | 7477 ||| FLEEEEING.
  7485 | D:6      | 7485 ||| FLEEEEING.
  7493 | D:6      | 7493 ||| FLEEEEING.
  7501 | D:6      | 7501 ||| FLEEEEING.
  7509 | D:6      | 7509 ||| FLEEEEING.
  7517 | D:6      | 7517 ||| FLEEEEING.
  7525 | D:6      | 7525 ||| FLEEEEING.
  7533 | D:6      | 7533 ||| FLEEEEING.
  7541 | D:6      | 7541 ||| FLEEEEING.
  7549 | D:6      | 7549 ||| FLEEEEING.
  7557 | D:6      | 7557 ||| FLEEEEING.
  7565 | D:6      | 7565 ||| FLEEEEING.
  7573 | D:6      | 7573 ||| FLEEEEING.
  7581 | D:6      | 7581 ||| FLEEEEING.
  7589 | D:6      | 7589 ||| FLEEEEING.
  7597 | D:6      | 7597 ||| FLEEEEING.
  7605 | D:6      | 7605 ||| FLEEEEING.
  7613 | D:6      | 7613 ||| FLEEEEING.
  7621 | D:6      | 7621 ||| FLEEEEING.
  7629 | D:6      | 7629 ||| FLEEEEING.
  7637 | D:6      | 7637 ||| FLEEEEING.
  7645 | D:6      | 7645 ||| FLEEEEING.
  7653 | D:6      | 7653 ||| FLEEEEING.
  7661 | D:6      | 7661 ||| FLEEEEING.
  7669 | D:6      | 7669 ||| FLEEEEING.
  7677 | D:6      | 7677 ||| FLEEEEING.
  7685 | D:6      | 7685 ||| FLEEEEING.
  7693 | D:6      | 7693 ||| FLEEEEING.
  7701 | D:6      | 7701 ||| FLEEEEING.
  7709 | D:6      | 7709 ||| FLEEEEING.
  7717 | D:6      | 7717 ||| FLEEEEING.
  7725 | D:6      | 7725 ||| FLEEEEING.
  7733 | D:6      | 7733 ||| FLEEEEING.
  7741 | D:6      | 7741 ||| FLEEEEING.
  7749 | D:6      | 7749 ||| FLEEEEING.
  7757 | D:6      | 7757 ||| FLEEEEING.
  7765 | D:6      | 7765 ||| FLEEEEING.
  7773 | D:6      | 7773 ||| FLEEEEING.
  7781 | D:6      | 7781 ||| FLEEEEING.
  7789 | D:6      | 7789 ||| FLEEEEING.
  7797 | D:6      | 7797 ||| FLEEEEING.
  7805 | D:6      | 7805 ||| FLEEEEING.
  7813 | D:6      | 7813 ||| FLEEEEING.
  7821 | D:6      | 7821 ||| FLEEEEING.
  7829 | D:6      | 7829 ||| FLEEEEING.
  7837 | D:6      | 7837 ||| FLEEEEING.
  7845 | D:6      | 7845 ||| FLEEEEING.
  7853 | D:6      | 7853 ||| FLEEEEING.
  7861 | D:6      | 7861 ||| FLEEEEING.
  7869 | D:6      | 7869 ||| FLEEEEING.
  7877 | D:6      | 7877 ||| FLEEEEING.
  7885 | D:6      | 7885 ||| FLEEEEING.
  7893 | D:6      | 7893 ||| FLEEEEING.
  7901 | D:6      | 7901 ||| FLEEEEING.
  7909 | D:6      | 7909 ||| FLEEEEING.
  7917 | D:6      | 7917 ||| FLEEEEING.
  7925 | D:6      | 7925 ||| FLEEEEING.
  7933 | D:6      | 7933 ||| FLEEEEING.
  7941 | D:6      | 7941 ||| FLEEEEING.
  7949 | D:6      | 7949 ||| FLEEEEING.
  7957 | D:6      | 7957 ||| FLEEEEING.
  7965 | D:6      | 7965 ||| FLEEEEING.
  7973 | D:6      | 7973 ||| FLEEEEING.
  7981 | D:6      | 7981 ||| FLEEEEING.
  7989 | D:6      | 7989 ||| FLEEEEING.
  7997 | D:6      | 7997 ||| FLEEEEING.
  8005 | D:6      | 8005 ||| FLEEEEING.
  8013 | D:6      | 8013 ||| FLEEEEING.
  8021 | D:6      | 8021 ||| FLEEEEING.
  8029 | D:6      | 8029 ||| FLEEEEING.
  8037 | D:6      | 8037 ||| FLEEEEING.
  8045 | D:6      | 8045 ||| FLEEEEING.
  8053 | D:6      | 8053 ||| FLEEEEING.
  8061 | D:6      | 8061 ||| FLEEEEING.
  8069 | D:6      | 8069 ||| FLEEEEING.
  8077 | D:6      | 8077 ||| FLEEEEING.
  8085 | D:6      | 8085 ||| FLEEEEING.
  8093 | D:6      | 8093 ||| FLEEEEING.
  8101 | D:6      | 8101 ||| FLEEEEING.
  8109 | D:6      | 8109 ||| FLEEEEING.
  8117 | D:6      | 8117 ||| FLEEEEING.
  8125 | D:6      | 8125 ||| FLEEEEING.
  8133 | D:6      | 8133 ||| FLEEEEING.
  8141 | D:6      | 8141 ||| FLEEEEING.
  8149 | D:6      | 8149 ||| FLEEEEING.
  8157 | D:6      | 8157 ||| FLEEEEING.
  8165 | D:6      | 8165 ||| FLEEEEING.
  8173 | D:6      | 8173 ||| FLEEEEING.
  8181 | D:6      | 8181 ||| FLEEEEING.
  8189 | D:6      | 8189 ||| FLEEEEING.
  8197 | D:6      | 8197 ||| FLEEEEING.
  8205 | D:6      | 8205 ||| FLEEEEING.
  8213 | D:6      | 8213 ||| FLEEEEING.
  8221 | D:6      | 8221 ||| FLEEEEING.
  8229 | D:6      | 8229 ||| FLEEEEING.
  8237 | D:6      | 8237 ||| FLEEEEING.
  8245 | D:6      | 8245 ||| FLEEEEING.
  8253 | D:6      | 8253 ||| FLEEEEING.
  8261 | D:6      | 8261 ||| FLEEEEING.
  8269 | D:6      | 8269 ||| FLEEEEING.
  8277 | D:6      | 8277 ||| FLEEEEING.
  8285 | D:6      | 8285 ||| FLEEEEING.
  8293 | D:6      | 8293 ||| FLEEEEING.
  8301 | D:6      | 8301 ||| FLEEEEING.
  8309 | D:6      | 8309 ||| FLEEEEING.
  8317 | D:6      | 8317 ||| FLEEEEING.
  8325 | D:6      | 8325 ||| FLEEEEING.
  8333 | D:6      | 8333 ||| FLEEEEING.
  8341 | D:6      | 8341 ||| FLEEEEING.
  8349 | D:6      | 8349 ||| FLEEEEING.
  8357 | D:6      | 8357 ||| FLEEEEING.
  8365 | D:6      | 8365 ||| FLEEEEING.
  8373 | D:6      | 8373 ||| FLEEEEING.
  8381 | D:6      | 8381 ||| FLEEEEING.
  8389 | D:6      | 8389 ||| FLEEEEING.
  8397 | D:6      | 8397 ||| FLEEEEING.
  8405 | D:6      | 8405 ||| FLEEEEING.
  8413 | D:6      | 8413 ||| FLEEEEING.
  8421 | D:6      | 8421 ||| FLEEEEING.
  8429 | D:6      | 8429 ||| FLEEEEING.
  8437 | D:6      | 8437 ||| FLEEEEING.
  8445 | D:6      | 8445 ||| FLEEEEING.
  8453 | D:6      | 8453 ||| FLEEEEING.
  8461 | D:6      | 8461 ||| FLEEEEING.
  8469 | D:6      | 8469 ||| FLEEEEING.
  8477 | D:6      | 8477 ||| FLEEEEING.
  8485 | D:6      | 8485 ||| FLEEEEING.
  8493 | D:6      | 8493 ||| FLEEEEING.
  8501 | D:6      | 8501 ||| FLEEEEING.
  8509 | D:6      | 8509 ||| FLEEEEING.
  8517 | D:6      | 8517 ||| FLEEEEING.
  8525 | D:6      | 8525 ||| FLEEEEING.
  8533 | D:6      | 8533 ||| FLEEEEING.
  8541 | D:6      | 8541 ||| FLEEEEING.
  8549 | D:6      | 8549 ||| FLEEEEING.
  8557 | D:6      | 8557 ||| FLEEEEING.
  8565 | D:6      | 8565 ||| FLEEEEING.
  8573 | D:6      | 8573 ||| FLEEEEING.
  8581 | D:6      | 8581 ||| FLEEEEING.
  8589 | D:6      | 8589 ||| FLEEEEING.
  8597 | D:6      | 8597 ||| FLEEEEING.
  8605 | D:6      | 8605 ||| FLEEEEING.
  8613 | D:6      | 8613 ||| FLEEEEING.
  8621 | D:6      | 8621 ||| FLEEEEING.
  8629 | D:6      | 8629 ||| FLEEEEING.
  8637 | D:6      | 8637 ||| FLEEEEING.
  8645 | D:6      | 8645 ||| FLEEEEING.
  8653 | D:6      | 8653 ||| FLEEEEING.
  8661 | D:6      | 8661 ||| FLEEEEING.
  8669 | D:6      | 8669 ||| FLEEEEING.
  8677 | D:6      | 8677 ||| FLEEEEING.
  8685 | D:6      | 8685 ||| FLEEEEING.
  8693 | D:6      | 8693 ||| FLEEEEING.
  8701 | D:6      | 8701 ||| FLEEEEING.
  8709 | D:6      | 8709 ||| FLEEEEING.
  8717 | D:6      | 8717 ||| FLEEEEING.
  8725 | D:6      | 8725 ||| FLEEEEING.
  8733 | D:6      | 8733 ||| FLEEEEING.
  8741 | D:6      | 8741 ||| FLEEEEING.
  8749 | D:6      | 8749 ||| FLEEEEING.
  8757 | D:6      | 8757 ||| FLEEEEING.
  8765 | D:6      | 8765 ||| FLEEEEING.
  8773 | D:6      | 8773 ||| FLEEEEING.
  8781 | D:6      | 8781 ||| FLEEEEING.
  8789 | D:6      | 8789 ||| FLEEEEING.
  8797 | D:6      | 8797 ||| FLEEEEING.
  8805 | D:6      | 8805 ||| FLEEEEING.
  8813 | D:6      | 8813 ||| FLEEEEING.
  8821 | D:6      | 8821 ||| FLEEEEING.
  8829 | D:6      | 8829 ||| FLEEEEING.
  8837 | D:6      | 8837 ||| FLEEEEING.
  8845 | D:6      | 8845 ||| FLEEEEING.
  8853 | D:6      | 8853 ||| FLEEEEING.
  8861 | D:6      | 8861 ||| FLEEEEING.
  8869 | D:6      | 8869 ||| FLEEEEING.
  8877 | D:6      | 8877 ||| FLEEEEING.
  8885 | D:6      | 8885 ||| FLEEEEING.
  8893 | D:6      | 8893 ||| FLEEEEING.
  8901 | D:6      | 8901 ||| FLEEEEING.
  8909 | D:6      | 8909 ||| FLEEEEING.
  8917 | D:6      | 8917 ||| FLEEEEING.
  8925 | D:6      | 8925 ||| FLEEEEING.
  8933 | D:6      | 8933 ||| FLEEEEING.
  8941 | D:6      | 8941 ||| FLEEEEING.
  8949 | D:6      | 8949 ||| FLEEEEING.
  8957 | D:6      | 8957 ||| FLEEEEING.
  8965 | D:6      | 8965 ||| FLEEEEING.
  8973 | D:6      | 8973 ||| FLEEEEING.
  8981 | D:6      | 8981 ||| FLEEEEING.
  8989 | D:6      | 8989 ||| FLEEEEING.
  8997 | D:6      | 8997 ||| FLEEEEING.
  9005 | D:6      | 9005 ||| FLEEEEING.
  9013 | D:6      | 9013 ||| FLEEEEING.
  9021 | D:6      | 9021 ||| FLEEEEING.
  9029 | D:6      | 9029 ||| FLEEEEING.
  9037 | D:6      | 9037 ||| FLEEEEING.
  9045 | D:6      | 9045 ||| FLEEEEING.
  9053 | D:6      | 9053 ||| FLEEEEING.
  9061 | D:6      | 9061 ||| FLEEEEING.
  9069 | D:6      | 9069 ||| FLEEEEING.
  9077 | D:6      | 9077 ||| FLEEEEING.
  9085 | D:6      | 9085 ||| FLEEEEING.
  9093 | D:6      | 9093 ||| FLEEEEING.
  9101 | D:6      | 9101 ||| FLEEEEING.
  9109 | D:6      | 9109 ||| FLEEEEING.
  9117 | D:6      | 9117 ||| FLEEEEING.
  9125 | D:6      | 9125 ||| FLEEEEING.
  9133 | D:6      | 9133 ||| FLEEEEING.
  9141 | D:6      | 9141 ||| FLEEEEING.
  9149 | D:6      | 9149 ||| FLEEEEING.
  9157 | D:6      | 9157 ||| FLEEEEING.
  9165 | D:6      | 9165 ||| FLEEEEING.
  9173 | D:6      | 9173 ||| FLEEEEING.
  9181 | D:6      | 9181 ||| FLEEEEING.
  9189 | D:6      | 9189 ||| FLEEEEING.
  9197 | D:6      | 9197 ||| FLEEEEING.
  9205 | D:6      | 9205 ||| FLEEEEING.
  9213 | D:6      | 9213 ||| FLEEEEING.
  9221 | D:6      | 9221 ||| FLEEEEING.
  9229 | D:6      | 9229 ||| FLEEEEING.
  9237 | D:6      | 9237 ||| FLEEEEING.
  9245 | D:6      | 9245 ||| FLEEEEING.
  9253 | D:6      | 9253 ||| FLEEEEING.
  9261 | D:6      | 9261 ||| FLEEEEING.
  9269 | D:6      | 9269 ||| FLEEEEING.
  9277 | D:6      | 9277 ||| FLEEEEING.
  9285 | D:6      | 9285 ||| FLEEEEING.
  9293 | D:6      | 9293 ||| FLEEEEING.
  9301 | D:6      | 9301 ||| FLEEEEING.
  9309 | D:6      | 9309 ||| FLEEEEING.
  9317 | D:6      | 9317 ||| FLEEEEING.
  9325 | D:6      | 9325 ||| FLEEEEING.
  9333 | D:6      | 9333 ||| FLEEEEING.
  9341 | D:6      | 9341 ||| FLEEEEING.
  9349 | D:6      | 9349 ||| FLEEEEING.
  9357 | D:6      | 9357 ||| FLEEEEING.
  9365 | D:6      | 9365 ||| FLEEEEING.
  9373 | D:6      | 9373 ||| FLEEEEING.
  9381 | D:6      | 9381 ||| FLEEEEING.
  9389 | D:6      | 9389 ||| FLEEEEING.
  9397 | D:6      | 9397 ||| FLEEEEING.
  9405 | D:6      | 9405 ||| FLEEEEING.
  9413 | D:6      | 9413 ||| FLEEEEING.
  9421 | D:6      | 9421 ||| FLEEEEING.
  9429 | D:6      | 9429 ||| FLEEEEING.
  9437 | D:6      | 9437 ||| FLEEEEING.
  9445 | D:6      | 9445 ||| FLEEEEING.
  9453 | D:6      | 9453 ||| FLEEEEING.
  9461 | D:6      | 9461 ||| FLEEEEING.
  9469 | D:6      | 9469 ||| FLEEEEING.
  9477 | D:6      | 9477 ||| FLEEEEING.
  9485 | D:6      | 9485 ||| FLEEEEING.
  9493 | D:6      | 9493 ||| FLEEEEING.
  9501 | D:6      | 9501 ||| FLEEEEING.
  9509 | D:6      | 9509 ||| FLEEEEING.
  9517 | D:6      | 9517 ||| FLEEEEING.
  9525 | D:6      | 9525 ||| FLEEEEING.
  9533 | D:6      | 9533 ||| FLEEEEING.
  9541 | D:6      | 9541 ||| FLEEEEING.
  9549 | D:6      | 9549 ||| FLEEEEING.
  9557 | D:6      | 9557 ||| FLEEEEING.
  9565 | D:6      | 9565 ||| FLEEEEING.
  9573 | D:6      | 9573 ||| FLEEEEING.
  9581 | D:6      | 9581 ||| FLEEEEING.
  9589 | D:6      | 9589 ||| FLEEEEING.
  9597 | D:6      | 9597 ||| FLEEEEING.
  9605 | D:6      | 9605 ||| FLEEEEING.
  9613 | D:6      | 9613 ||| FLEEEEING.
  9621 | D:6      | 9621 ||| FLEEEEING.
  9629 | D:6      | 9629 ||| FLEEEEING.
  9637 | D:6      | 9637 ||| FLEEEEING.
  9645 | D:6      | 9645 ||| FLEEEEING.
  9653 | D:6      | 9653 ||| FLEEEEING.
  9661 | D:6      | 9661 ||| FLEEEEING.
  9669 | D:6      | 9669 ||| FLEEEEING.
  9677 | D:6      | 9677 ||| FLEEEEING.
  9685 | D:6      | 9685 ||| FLEEEEING.
  9693 | D:6      | 9693 ||| FLEEEEING.
  9701 | D:6      | 9701 ||| FLEEEEING.
  9709 | D:6      | 9709 ||| FLEEEEING.
  9717 | D:6      | 9717 ||| FLEEEEING.
  9725 | D:6      | 9725 ||| FLEEEEING.
  9733 | D:6      | 9733 ||| FLEEEEING.
  9741 | D:6      | 9741 ||| FLEEEEING.
  9749 | D:6      | 9749 ||| FLEEEEING.
  9757 | D:6      | 9757 ||| FLEEEEING.
  9765 | D:6      | 9765 ||| FLEEEEING.
  9773 | D:6      | 9773 ||| FLEEEEING.
  9781 | D:6      | 9781 ||| FLEEEEING.
  9789 | D:6      | 9789 ||| FLEEEEING.
  9797 | D:6      | 9797 ||| FLEEEEING.
  9805 | D:6      | 9805 ||| FLEEEEING.
  9813 | D:6      | 9813 ||| FLEEEEING.
  9821 | D:6      | 9821 ||| FLEEEEING.
  9829 | D:6      | 9829 ||| FLEEEEING.
  9837 | D:6      | 9837 ||| FLEEEEING.
  9845 | D:6      | 9845 ||| FLEEEEING.
  9853 | D:6      | 9853 ||| FLEEEEING.
  9861 | D:6      | 9861 ||| FLEEEEING.
  9869 | D:6      | 9869 ||| FLEEEEING.
  9877 | D:6      | 9877 ||| FLEEEEING.
  9885 | D:6      | 9885 ||| FLEEEEING.
  9893 | D:6      | 9893 ||| FLEEEEING.
  9901 | D:6      | 9901 ||| FLEEEEING.
  9909 | D:6      | 9909 ||| FLEEEEING.
  9917 | D:6      | 9917 ||| FLEEEEING.
  9925 | D:6      | 9925 ||| FLEEEEING.
  9933 | D:6      | 9933 ||| FLEEEEING.
  9941 | D:6      | 9941 ||| FLEEEEING.
  9949 | D:6      | 9949 ||| FLEEEEING.
  9957 | D:6      | 9957 ||| FLEEEEING.
  9965 | D:6      | 9965 ||| FLEEEEING.
  9973 | D:6      | 9973 ||| FLEEEEING.
  9981 | D:6      | 9981 ||| FLEEEEING.
  9989 | D:6      | 9989 ||| FLEEEEING.
  9997 | D:6      | 9997 ||| FLEEEEING.
 10005 | D:6      | 10005 ||| FLEEEEING.
 10013 | D:6      | 10013 ||| FLEEEEING.
 10021 | D:6      | 10021 ||| FLEEEEING.
 10029 | D:6      | 10029 ||| FLEEEEING.
 10037 | D:6      | 10037 ||| FLEEEEING.
 10045 | D:6      | 10045 ||| FLEEEEING.
 10053 | D:6      | 10053 ||| FLEEEEING.
 10061 | D:6      | 10061 ||| FLEEEEING.
 10069 | D:6      | 10069 ||| FLEEEEING.
 10077 | D:6      | 10077 ||| FLEEEEING.
 10085 | D:6      | 10085 ||| FLEEEEING.
 10093 | D:6      | 10093 ||| FLEEEEING.
 10101 | D:6      | 10101 ||| FLEEEEING.
 10109 | D:6      | 10109 ||| FLEEEEING.
 10117 | D:6      | 10117 ||| FLEEEEING.
 10125 | D:6      | 10125 ||| FLEEEEING.
 10133 | D:6      | 10133 ||| FLEEEEING.
 10141 | D:6      | 10141 ||| FLEEEEING.
 10149 | D:6      | 10149 ||| FLEEEEING.
 10157 | D:6      | 10157 ||| FLEEEEING.
 10165 | D:6      | 10165 ||| FLEEEEING.
 10173 | D:6      | 10173 ||| FLEEEEING.
 10181 | D:6      | 10181 ||| FLEEEEING.
 10189 | D:6      | 10189 ||| FLEEEEING.
 10197 | D:6      | 10197 ||| FLEEEEING.
 10205 | D:6      | 10205 ||| FLEEEEING.
 10213 | D:6      | 10213 ||| FLEEEEING.
 10221 | D:6      | 10221 ||| FLEEEEING.
 10229 | D:6      | 10229 ||| FLEEEEING.
 10237 | D:6      | 10237 ||| FLEEEEING.
 10245 | D:6      | 10245 ||| FLEEEEING.
 10253 | D:6      | 10253 ||| FLEEEEING.
 10261 | D:6      | 10261 ||| FLEEEEING.
 10269 | D:6      | 10269 ||| FLEEEEING.
 10277 | D:6      | 10277 ||| FLEEEEING.
 10285 | D:6      | 10285 ||| FLEEEEING.
 10293 | D:6      | 10293 ||| FLEEEEING.
 10301 | D:6      | 10301 ||| FLEEEEING.
 10309 | D:6      | 10309 ||| FLEEEEING.
 10317 | D:6      | 10317 ||| FLEEEEING.
 10325 | D:6      | 10325 ||| FLEEEEING.
 10333 | D:6      | 10333 ||| FLEEEEING.
 10341 | D:6      | 10341 ||| FLEEEEING.
 10349 | D:6      | 10349 ||| FLEEEEING.
 10357 | D:6      | 10357 ||| FLEEEEING.
 10365 | D:6      | 10365 ||| FLEEEEING.
 10373 | D:6      | 10373 ||| FLEEEEING.
 10381 | D:6      | 10381 ||| FLEEEEING.
 10389 | D:6      | 10389 ||| FLEEEEING.
 10397 | D:6      | 10397 ||| FLEEEEING.
 10405 | D:6      | 10405 ||| FLEEEEING.
 10413 | D:6      | 10413 ||| FLEEEEING.
 10421 | D:6      | 10421 ||| FLEEEEING.
 10429 | D:6      | 10429 ||| FLEEEEING.
 10437 | D:6      | 10437 ||| FLEEEEING.
 10445 | D:6      | 10445 ||| FLEEEEING.
 10453 | D:6      | 10453 ||| FLEEEEING.
 10461 | D:6      | 10461 ||| FLEEEEING.
 10469 | D:6      | 10469 ||| FLEEEEING.
 10477 | D:6      | 10477 ||| FLEEEEING.
 10485 | D:6      | 10485 ||| FLEEEEING.
 10493 | D:6      | 10493 ||| FLEEEEING.
 10501 | D:6      | 10501 ||| FLEEEEING.
 10509 | D:6      | 10509 ||| FLEEEEING.
 10517 | D:6      | 10517 ||| FLEEEEING.
 10525 | D:6      | 10525 ||| FLEEEEING.
 10533 | D:6      | 10533 ||| FLEEEEING.
 10541 | D:6      | 10541 ||| FLEEEEING.
 10549 | D:6      | 10549 ||| FLEEEEING.
 10557 | D:6      | 10557 ||| FLEEEEING.
 10565 | D:6      | 10565 ||| FLEEEEING.
 10573 | D:6      | 10573 ||| FLEEEEING.
 10581 | D:6      | 10581 ||| FLEEEEING.
 10589 | D:6      | 10589 ||| FLEEEEING.
 10597 | D:6      | 10597 ||| FLEEEEING.
 10605 | D:6      | 10605 ||| FLEEEEING.
 10613 | D:6      | 10613 ||| FLEEEEING.
 10621 | D:6      | 10621 ||| FLEEEEING.
 10629 | D:6      | 10629 ||| FLEEEEING.
 10637 | D:6      | 10637 ||| FLEEEEING.
 10645 | D:6      | 10645 ||| FLEEEEING.
 10653 | D:6      | 10653 ||| FLEEEEING.
 10661 | D:6      | 10661 ||| FLEEEEING.
 10669 | D:6      | 10669 ||| FLEEEEING.
 10677 | D:6      | 10677 ||| FLEEEEING.
 10685 | D:6      | 10685 ||| FLEEEEING.
 10693 | D:6      | 10693 ||| FLEEEEING.
 10701 | D:6      | 10701 ||| FLEEEEING.
 10709 | D:6      | 10709 ||| FLEEEEING.
 10717 | D:6      | 10717 ||| FLEEEEING.
 10725 | D:6      | 10725 ||| FLEEEEING.
 10733 | D:6      | 10733 ||| FLEEEEING.
 10741 | D:6      | 10741 ||| FLEEEEING.
 10749 | D:6      | 10749 ||| FLEEEEING.
 10757 | D:6      | 10757 ||| FLEEEEING.
 10765 | D:6      | 10765 ||| FLEEEEING.
 10773 | D:6      | 10773 ||| FLEEEEING.
 10781 | D:6      | 10781 ||| FLEEEEING.
 10789 | D:6      | 10789 ||| FLEEEEING.
 10797 | D:6      | 10797 ||| FLEEEEING.
 10805 | D:6      | 10805 ||| FLEEEEING.
 10813 | D:6      | 10813 ||| FLEEEEING.
 10821 | D:6      | 10821 ||| FLEEEEING.
 10829 | D:6      | 10829 ||| FLEEEEING.
 10837 | D:6      | 10837 ||| FLEEEEING.
 10845 | D:6      | 10845 ||| FLEEEEING.
 10853 | D:6      | 10853 ||| FLEEEEING.
 10861 | D:6      | 10861 ||| FLEEEEING.
 10869 | D:6      | 10869 ||| FLEEEEING.
 10877 | D:6      | 10877 ||| FLEEEEING.
 10885 | D:6      | 10885 ||| FLEEEEING.
 10893 | D:6      | 10893 ||| FLEEEEING.
 10901 | D:6      | 10901 ||| FLEEEEING.
 10909 | D:6      | 10909 ||| FLEEEEING.
 10917 | D:6      | 10917 ||| FLEEEEING.
 10925 | D:6      | 10925 ||| FLEEEEING.
 10931 | D:6      | 10931 ||| FLEEEEING.
 10932 | D:6      | 10932 ||| FLEEEEING.
 10933 | D:6      | 10933 ||| Stepping ~*~*~tactically~*~*~ (stealth).
 10937 | D:6      | 10937 ||| FLEEEEING.
 10938 | D:6      | 10938 ||| FLEEEEING.
 10949 | D:6      | 10949 ||| FLEEEEING.
 10957 | D:6      | 10957 ||| FLEEEEING.
 10965 | D:6      | 10965 ||| FLEEEEING.
 10973 | D:6      | 10973 ||| FLEEEEING.
 10981 | D:6      | 10981 ||| FLEEEEING.
 10989 | D:6      | 10989 ||| FLEEEEING.
 10997 | D:6      | 10997 ||| FLEEEEING.
 11005 | D:6      | 11005 ||| FLEEEEING.
 11013 | D:6      | 11013 ||| FLEEEEING.
 11021 | D:6      | 11021 ||| FLEEEEING.
 11029 | D:6      | 11029 ||| FLEEEEING.
 11037 | D:6      | 11037 ||| FLEEEEING.
 11045 | D:6      | 11045 ||| FLEEEEING.
 11053 | D:6      | 11053 ||| FLEEEEING.
 11061 | D:6      | 11061 ||| FLEEEEING.
 11069 | D:6      | 11069 ||| FLEEEEING.
 11077 | D:6      | 11077 ||| FLEEEEING.
 11085 | D:6      | 11085 ||| FLEEEEING.
 11093 | D:6      | 11093 ||| FLEEEEING.
 11101 | D:6      | 11101 ||| FLEEEEING.
 11109 | D:6      | 11109 ||| FLEEEEING.
 11117 | D:6      | 11117 ||| FLEEEEING.
 11125 | D:6      | 11125 ||| FLEEEEING.
 11133 | D:6      | 11133 ||| FLEEEEING.
 11141 | D:6      | 11141 ||| FLEEEEING.
 11149 | D:6      | 11149 ||| FLEEEEING.
 11157 | D:6      | 11157 ||| FLEEEEING.
 11165 | D:6      | 11165 ||| FLEEEEING.
 11173 | D:6      | 11173 ||| FLEEEEING.
 11181 | D:6      | 11181 ||| FLEEEEING.
 11189 | D:6      | 11189 ||| FLEEEEING.
 11197 | D:6      | 11197 ||| FLEEEEING.
 11205 | D:6      | 11205 ||| FLEEEEING.
 11213 | D:6      | 11213 ||| FLEEEEING.
 11221 | D:6      | 11221 ||| FLEEEEING.
 11229 | D:6      | 11229 ||| FLEEEEING.
 11237 | D:6      | 11237 ||| FLEEEEING.
 11245 | D:6      | 11245 ||| FLEEEEING.
 11253 | D:6      | 11253 ||| FLEEEEING.
 11261 | D:6      | 11261 ||| FLEEEEING.
 11269 | D:6      | 11269 ||| FLEEEEING.
 11277 | D:6      | 11277 ||| FLEEEEING.
 11285 | D:6      | 11285 ||| FLEEEEING.
 11293 | D:6      | 11293 ||| FLEEEEING.
 11301 | D:6      | 11301 ||| FLEEEEING.
 11309 | D:6      | 11309 ||| FLEEEEING.
 11317 | D:6      | 11317 ||| FLEEEEING.
 11325 | D:6      | 11325 ||| FLEEEEING.
 11333 | D:6      | 11333 ||| FLEEEEING.
 11341 | D:6      | 11341 ||| FLEEEEING.
 11349 | D:6      | 11349 ||| FLEEEEING.
 11357 | D:6      | 11357 ||| FLEEEEING.
 11365 | D:6      | 11365 ||| FLEEEEING.
 11373 | D:6      | 11373 ||| FLEEEEING.
 11381 | D:6      | 11381 ||| FLEEEEING.
 11389 | D:6      | 11389 ||| FLEEEEING.
 11397 | D:6      | 11397 ||| FLEEEEING.
 11405 | D:6      | 11405 ||| FLEEEEING.
 11413 | D:6      | 11413 ||| FLEEEEING.
 11421 | D:6      | 11421 ||| FLEEEEING.
 11429 | D:6      | 11429 ||| FLEEEEING.
 11437 | D:6      | 11437 ||| FLEEEEING.
 11445 | D:6      | 11445 ||| FLEEEEING.
 11453 | D:6      | 11453 ||| FLEEEEING.
 11461 | D:6      | 11461 ||| FLEEEEING.
 11469 | D:6      | 11469 ||| FLEEEEING.
 11477 | D:6      | 11477 ||| FLEEEEING.
 11485 | D:6      | 11485 ||| FLEEEEING.
 11493 | D:6      | 11493 ||| FLEEEEING.
 11501 | D:6      | 11501 ||| FLEEEEING.
 11509 | D:6      | 11509 ||| FLEEEEING.
 11517 | D:6      | 11517 ||| FLEEEEING.
 11525 | D:6      | 11525 ||| FLEEEEING.
 11533 | D:6      | 11533 ||| FLEEEEING.
 11541 | D:6      | 11541 ||| FLEEEEING.
 11549 | D:6      | 11549 ||| FLEEEEING.
 11557 | D:6      | 11557 ||| FLEEEEING.
 11565 | D:6      | 11565 ||| FLEEEEING.
 11573 | D:6      | 11573 ||| FLEEEEING.
 11581 | D:6      | 11581 ||| FLEEEEING.
 11589 | D:6      | 11589 ||| FLEEEEING.
 11597 | D:6      | 11597 ||| FLEEEEING.
 11605 | D:6      | 11605 ||| FLEEEEING.
 11613 | D:6      | 11613 ||| FLEEEEING.
 11621 | D:6      | 11621 ||| FLEEEEING.
 11629 | D:6      | 11629 ||| FLEEEEING.
 11637 | D:6      | 11637 ||| FLEEEEING.
 11645 | D:6      | 11645 ||| FLEEEEING.
 11653 | D:6      | 11653 ||| FLEEEEING.
 11661 | D:6      | 11661 ||| FLEEEEING.
 11669 | D:6      | 11669 ||| FLEEEEING.
 11677 | D:6      | 11677 ||| FLEEEEING.
 11685 | D:6      | 11685 ||| FLEEEEING.
 11693 | D:6      | 11693 ||| FLEEEEING.
 11701 | D:6      | 11701 ||| FLEEEEING.
 11709 | D:6      | 11709 ||| FLEEEEING.
 11717 | D:6      | 11717 ||| FLEEEEING.
 11725 | D:6      | 11725 ||| FLEEEEING.
 11733 | D:6      | 11733 ||| FLEEEEING.
 11741 | D:6      | 11741 ||| FLEEEEING.
 11749 | D:6      | 11749 ||| FLEEEEING.
 11757 | D:6      | 11757 ||| FLEEEEING.
 11765 | D:6      | 11765 ||| FLEEEEING.
 11773 | D:6      | 11773 ||| FLEEEEING.
 11781 | D:6      | 11781 ||| FLEEEEING.
 11789 | D:6      | 11789 ||| FLEEEEING.
 11797 | D:6      | 11797 ||| FLEEEEING.
 11805 | D:6      | 11805 ||| FLEEEEING.
 11813 | D:6      | 11813 ||| FLEEEEING.
 11821 | D:6      | 11821 ||| FLEEEEING.
 11829 | D:6      | 11829 ||| FLEEEEING.
 11837 | D:6      | 11837 ||| FLEEEEING.
 11845 | D:6      | 11845 ||| FLEEEEING.
 11853 | D:6      | 11853 ||| FLEEEEING.
 11861 | D:6      | 11861 ||| FLEEEEING.
 11869 | D:6      | 11869 ||| FLEEEEING.
 11877 | D:6      | 11877 ||| FLEEEEING.
 11885 | D:6      | 11885 ||| FLEEEEING.
 11893 | D:6      | 11893 ||| FLEEEEING.
 11901 | D:6      | 11901 ||| FLEEEEING.
 11909 | D:6      | 11909 ||| FLEEEEING.
 11917 | D:6      | 11917 ||| FLEEEEING.
 11925 | D:6      | 11925 ||| FLEEEEING.
 11933 | D:6      | 11933 ||| FLEEEEING.
 11941 | D:6      | 11941 ||| FLEEEEING.
 11949 | D:6      | 11949 ||| FLEEEEING.
 11957 | D:6      | 11957 ||| FLEEEEING.
 11965 | D:6      | 11965 ||| FLEEEEING.
 11973 | D:6      | 11973 ||| FLEEEEING.
 11981 | D:6      | 11981 ||| FLEEEEING.
 11989 | D:6      | 11989 ||| FLEEEEING.
 11997 | D:6      | 11997 ||| FLEEEEING.
 12005 | D:6      | 12005 ||| FLEEEEING.
 12013 | D:6      | 12013 ||| FLEEEEING.
 12021 | D:6      | 12021 ||| FLEEEEING.
 12029 | D:6      | 12029 ||| FLEEEEING.
 12037 | D:6      | 12037 ||| FLEEEEING.
 12045 | D:6      | 12045 ||| FLEEEEING.
 12053 | D:6      | 12053 ||| FLEEEEING.
 12061 | D:6      | 12061 ||| FLEEEEING.
 12069 | D:6      | 12069 ||| FLEEEEING.
 12077 | D:6      | 12077 ||| FLEEEEING.
 12085 | D:6      | 12085 ||| FLEEEEING.
 12093 | D:6      | 12093 ||| FLEEEEING.
 12101 | D:6      | 12101 ||| FLEEEEING.
 12109 | D:6      | 12109 ||| FLEEEEING.
 12117 | D:6      | 12117 ||| FLEEEEING.
 12125 | D:6      | 12125 ||| FLEEEEING.
 12133 | D:6      | 12133 ||| FLEEEEING.
 12141 | D:6      | 12141 ||| FLEEEEING.
 12149 | D:6      | 12149 ||| FLEEEEING.
 12157 | D:6      | 12157 ||| FLEEEEING.
 12165 | D:6      | 12165 ||| FLEEEEING.
 12173 | D:6      | 12173 ||| FLEEEEING.
 12181 | D:6      | 12181 ||| FLEEEEING.
 12189 | D:6      | 12189 ||| FLEEEEING.
 12197 | D:6      | 12197 ||| FLEEEEING.
 12205 | D:6      | 12205 ||| FLEEEEING.
 12213 | D:6      | 12213 ||| FLEEEEING.
 12221 | D:6      | 12221 ||| FLEEEEING.
 12229 | D:6      | 12229 ||| FLEEEEING.
 12237 | D:6      | 12237 ||| FLEEEEING.
 12245 | D:6      | 12245 ||| FLEEEEING.
 12253 | D:6      | 12253 ||| FLEEEEING.
 12261 | D:6      | 12261 ||| FLEEEEING.
 12269 | D:6      | 12269 ||| FLEEEEING.
 12277 | D:6      | 12277 ||| FLEEEEING.
 12285 | D:6      | 12285 ||| FLEEEEING.
 12293 | D:6      | 12293 ||| FLEEEEING.
 12301 | D:6      | 12301 ||| FLEEEEING.
 12309 | D:6      | 12309 ||| FLEEEEING.
 12317 | D:6      | 12317 ||| FLEEEEING.
 12325 | D:6      | 12325 ||| FLEEEEING.
 12333 | D:6      | 12333 ||| FLEEEEING.
 12341 | D:6      | 12341 ||| FLEEEEING.
 12349 | D:6      | 12349 ||| FLEEEEING.
 12357 | D:6      | 12357 ||| FLEEEEING.
 12365 | D:6      | 12365 ||| FLEEEEING.
 12373 | D:6      | 12373 ||| FLEEEEING.
 12381 | D:6      | 12381 ||| FLEEEEING.
 12389 | D:6      | 12389 ||| FLEEEEING.
 12397 | D:6      | 12397 ||| FLEEEEING.
 12405 | D:6      | 12405 ||| FLEEEEING.
 12413 | D:6      | 12413 ||| FLEEEEING.
 12421 | D:6      | 12421 ||| FLEEEEING.
 12429 | D:6      | 12429 ||| FLEEEEING.
 12437 | D:6      | 12437 ||| FLEEEEING.
 12445 | D:6      | 12445 ||| FLEEEEING.
 12453 | D:6      | 12453 ||| FLEEEEING.
 12461 | D:6      | 12461 ||| FLEEEEING.
 12469 | D:6      | 12469 ||| FLEEEEING.
 12477 | D:6      | 12477 ||| FLEEEEING.
 12485 | D:6      | 12485 ||| FLEEEEING.
 12493 | D:6      | 12493 ||| FLEEEEING.
 12501 | D:6      | 12501 ||| FLEEEEING.
 12509 | D:6      | 12509 ||| FLEEEEING.
 12517 | D:6      | 12517 ||| FLEEEEING.
 12525 | D:6      | 12525 ||| FLEEEEING.
 12533 | D:6      | 12533 ||| FLEEEEING.
 12541 | D:6      | 12541 ||| FLEEEEING.
 12549 | D:6      | 12549 ||| FLEEEEING.
 12557 | D:6      | 12557 ||| FLEEEEING.
 12565 | D:6      | 12565 ||| FLEEEEING.
 12573 | D:6      | 12573 ||| FLEEEEING.
 12581 | D:6      | 12581 ||| FLEEEEING.
 12589 | D:6      | 12589 ||| FLEEEEING.
 12597 | D:6      | 12597 ||| FLEEEEING.
 12605 | D:6      | 12605 ||| FLEEEEING.
 12613 | D:6      | 12613 ||| FLEEEEING.
 12621 | D:6      | 12621 ||| FLEEEEING.
 12629 | D:6      | 12629 ||| FLEEEEING.
 12637 | D:6      | 12637 ||| FLEEEEING.
 12645 | D:6      | 12645 ||| FLEEEEING.
 12653 | D:6      | 12653 ||| FLEEEEING.
 12661 | D:6      | 12661 ||| FLEEEEING.
 12669 | D:6      | 12669 ||| FLEEEEING.
 12677 | D:6      | 12677 ||| FLEEEEING.
 12685 | D:6      | 12685 ||| FLEEEEING.
 12693 | D:6      | 12693 ||| FLEEEEING.
 12701 | D:6      | 12701 ||| FLEEEEING.
 12709 | D:6      | 12709 ||| FLEEEEING.
 12717 | D:6      | 12717 ||| FLEEEEING.
 12725 | D:6      | 12725 ||| FLEEEEING.
 12733 | D:6      | 12733 ||| FLEEEEING.
 12741 | D:6      | 12741 ||| FLEEEEING.
 12749 | D:6      | 12749 ||| FLEEEEING.
 12757 | D:6      | 12757 ||| FLEEEEING.
 12765 | D:6      | 12765 ||| FLEEEEING.
 12773 | D:6      | 12773 ||| FLEEEEING.
 12781 | D:6      | 12781 ||| FLEEEEING.
 12789 | D:6      | 12789 ||| FLEEEEING.
 12797 | D:6      | 12797 ||| FLEEEEING.
 12805 | D:6      | 12805 ||| FLEEEEING.
 12813 | D:6      | 12813 ||| FLEEEEING.
 12821 | D:6      | 12821 ||| FLEEEEING.
 12829 | D:6      | 12829 ||| FLEEEEING.
 12837 | D:6      | 12837 ||| FLEEEEING.
 12845 | D:6      | 12845 ||| FLEEEEING.
 12853 | D:6      | 12853 ||| FLEEEEING.
 12861 | D:6      | 12861 ||| FLEEEEING.
 12869 | D:6      | 12869 ||| FLEEEEING.
 12877 | D:6      | 12877 ||| FLEEEEING.
 12885 | D:6      | 12885 ||| FLEEEEING.
 12893 | D:6      | 12893 ||| FLEEEEING.
 12901 | D:6      | 12901 ||| FLEEEEING.
 12909 | D:6      | 12909 ||| FLEEEEING.
 12917 | D:6      | 12917 ||| FLEEEEING.
 12925 | D:6      | 12925 ||| FLEEEEING.
 12933 | D:6      | 12933 ||| FLEEEEING.
 12941 | D:6      | 12941 ||| FLEEEEING.
 12949 | D:6      | 12949 ||| FLEEEEING.
 12957 | D:6      | 12957 ||| FLEEEEING.
 12965 | D:6      | 12965 ||| FLEEEEING.
 12973 | D:6      | 12973 ||| FLEEEEING.
 12981 | D:6      | 12981 ||| FLEEEEING.
 12989 | D:6      | 12989 ||| FLEEEEING.
 12997 | D:6      | 12997 ||| FLEEEEING.
 13005 | D:6      | 13005 ||| FLEEEEING.
 13013 | D:6      | 13013 ||| FLEEEEING.
 13021 | D:6      | 13021 ||| FLEEEEING.
 13029 | D:6      | 13029 ||| FLEEEEING.
 13037 | D:6      | 13037 ||| FLEEEEING.
 13045 | D:6      | 13045 ||| FLEEEEING.
 13053 | D:6      | 13053 ||| FLEEEEING.
 13061 | D:6      | 13061 ||| FLEEEEING.
 13069 | D:6      | 13069 ||| FLEEEEING.
 13077 | D:6      | 13077 ||| FLEEEEING.
 13085 | D:6      | 13085 ||| FLEEEEING.
 13093 | D:6      | 13093 ||| FLEEEEING.
 13101 | D:6      | 13101 ||| FLEEEEING.
 13109 | D:6      | 13109 ||| FLEEEEING.
 13117 | D:6      | 13117 ||| FLEEEEING.
 13125 | D:6      | 13125 ||| FLEEEEING.
 13133 | D:6      | 13133 ||| FLEEEEING.
 13141 | D:6      | 13141 ||| FLEEEEING.
 13149 | D:6      | 13149 ||| FLEEEEING.
 13157 | D:6      | 13157 ||| FLEEEEING.
 13165 | D:6      | 13165 ||| FLEEEEING.
 13173 | D:6      | 13173 ||| FLEEEEING.
 13181 | D:6      | 13181 ||| FLEEEEING.
 13189 | D:6      | 13189 ||| FLEEEEING.
 13197 | D:6      | 13197 ||| FLEEEEING.
 13205 | D:6      | 13205 ||| FLEEEEING.
 13213 | D:6      | 13213 ||| FLEEEEING.
 13221 | D:6      | 13221 ||| FLEEEEING.
 13229 | D:6      | 13229 ||| FLEEEEING.
 13237 | D:6      | 13237 ||| FLEEEEING.
 13245 | D:6      | 13245 ||| FLEEEEING.
 13253 | D:6      | 13253 ||| FLEEEEING.
 13261 | D:6      | 13261 ||| FLEEEEING.
 13269 | D:6      | 13269 ||| FLEEEEING.
 13277 | D:6      | 13277 ||| FLEEEEING.
 13285 | D:6      | 13285 ||| FLEEEEING.
 13293 | D:6      | 13293 ||| FLEEEEING.
 13301 | D:6      | 13301 ||| FLEEEEING.
 13309 | D:6      | 13309 ||| FLEEEEING.
 13317 | D:6      | 13317 ||| FLEEEEING.
 13325 | D:6      | 13325 ||| FLEEEEING.
 13333 | D:6      | 13333 ||| FLEEEEING.
 13341 | D:6      | 13341 ||| FLEEEEING.
 13349 | D:6      | 13349 ||| FLEEEEING.
 13357 | D:6      | 13357 ||| FLEEEEING.
 13365 | D:6      | 13365 ||| FLEEEEING.
 13373 | D:6      | 13373 ||| FLEEEEING.
 13381 | D:6      | 13381 ||| FLEEEEING.
 13389 | D:6      | 13389 ||| FLEEEEING.
 13397 | D:6      | 13397 ||| FLEEEEING.
 13405 | D:6      | 13405 ||| FLEEEEING.
 13413 | D:6      | 13413 ||| FLEEEEING.
 13421 | D:6      | 13421 ||| FLEEEEING.
 13429 | D:6      | 13429 ||| FLEEEEING.
 13437 | D:6      | 13437 ||| FLEEEEING.
 13445 | D:6      | 13445 ||| FLEEEEING.
 13453 | D:6      | 13453 ||| FLEEEEING.
 13461 | D:6      | 13461 ||| FLEEEEING.
 13469 | D:6      | 13469 ||| FLEEEEING.
 13477 | D:6      | 13477 ||| FLEEEEING.
 13485 | D:6      | 13485 ||| FLEEEEING.
 13493 | D:6      | 13493 ||| FLEEEEING.
 13501 | D:6      | 13501 ||| FLEEEEING.
 13509 | D:6      | 13509 ||| FLEEEEING.
 13517 | D:6      | 13517 ||| FLEEEEING.
 13525 | D:6      | 13525 ||| FLEEEEING.
 13533 | D:6      | 13533 ||| FLEEEEING.
 13541 | D:6      | 13541 ||| FLEEEEING.
 13549 | D:6      | 13549 ||| FLEEEEING.
 13557 | D:6      | 13557 ||| FLEEEEING.
 13565 | D:6      | 13565 ||| FLEEEEING.
 13573 | D:6      | 13573 ||| FLEEEEING.
 13581 | D:6      | 13581 ||| FLEEEEING.
 13589 | D:6      | 13589 ||| FLEEEEING.
 13597 | D:6      | 13597 ||| FLEEEEING.
 13605 | D:6      | 13605 ||| FLEEEEING.
 13613 | D:6      | 13613 ||| FLEEEEING.
 13621 | D:6      | 13621 ||| FLEEEEING.
 13629 | D:6      | 13629 ||| FLEEEEING.
 13637 | D:6      | 13637 ||| FLEEEEING.
 13645 | D:6      | 13645 ||| FLEEEEING.
 13653 | D:6      | 13653 ||| FLEEEEING.
 13661 | D:6      | 13661 ||| FLEEEEING.
 13669 | D:6      | 13669 ||| FLEEEEING.
 13677 | D:6      | 13677 ||| FLEEEEING.
 13685 | D:6      | 13685 ||| FLEEEEING.
 13693 | D:6      | 13693 ||| FLEEEEING.
 13701 | D:6      | 13701 ||| FLEEEEING.
 13709 | D:6      | 13709 ||| FLEEEEING.
 13717 | D:6      | 13717 ||| FLEEEEING.
 13725 | D:6      | 13725 ||| FLEEEEING.
 13733 | D:6      | 13733 ||| FLEEEEING.
 13741 | D:6      | 13741 ||| FLEEEEING.
 13749 | D:6      | 13749 ||| FLEEEEING.
 13757 | D:6      | 13757 ||| FLEEEEING.
 13765 | D:6      | 13765 ||| FLEEEEING.
 13773 | D:6      | 13773 ||| FLEEEEING.
 13781 | D:6      | 13781 ||| FLEEEEING.
 13789 | D:6      | 13789 ||| FLEEEEING.
 13797 | D:6      | 13797 ||| FLEEEEING.
 13805 | D:6      | 13805 ||| FLEEEEING.
 13813 | D:6      | 13813 ||| FLEEEEING.
 13821 | D:6      | 13821 ||| FLEEEEING.
 13829 | D:6      | 13829 ||| FLEEEEING.
 13837 | D:6      | 13837 ||| FLEEEEING.
 13845 | D:6      | 13845 ||| FLEEEEING.
 13853 | D:6      | 13853 ||| FLEEEEING.
 13861 | D:6      | 13861 ||| FLEEEEING.
 13869 | D:6      | 13869 ||| FLEEEEING.
 13877 | D:6      | 13877 ||| FLEEEEING.
 13885 | D:6      | 13885 ||| FLEEEEING.
 13893 | D:6      | 13893 ||| FLEEEEING.
 13901 | D:6      | 13901 ||| FLEEEEING.
 13909 | D:6      | 13909 ||| FLEEEEING.
 13917 | D:6      | 13917 ||| FLEEEEING.
 13925 | D:6      | 13925 ||| FLEEEEING.
 13933 | D:6      | 13933 ||| FLEEEEING.
 13941 | D:6      | 13941 ||| FLEEEEING.
 13949 | D:6      | 13949 ||| FLEEEEING.
 13957 | D:6      | 13957 ||| FLEEEEING.
 13965 | D:6      | 13965 ||| FLEEEEING.
 13973 | D:6      | 13973 ||| FLEEEEING.
 13981 | D:6      | 13981 ||| FLEEEEING.
 13989 | D:6      | 13989 ||| FLEEEEING.
 13997 | D:6      | 13997 ||| FLEEEEING.
 14005 | D:6      | 14005 ||| FLEEEEING.
 14013 | D:6      | 14013 ||| FLEEEEING.
 14021 | D:6      | 14021 ||| FLEEEEING.
 14029 | D:6      | 14029 ||| FLEEEEING.
 14037 | D:6      | 14037 ||| FLEEEEING.
 14045 | D:6      | 14045 ||| FLEEEEING.
 14053 | D:6      | 14053 ||| FLEEEEING.
 14061 | D:6      | 14061 ||| FLEEEEING.
 14069 | D:6      | 14069 ||| FLEEEEING.
 14077 | D:6      | 14077 ||| FLEEEEING.
 14085 | D:6      | 14085 ||| FLEEEEING.
 14093 | D:6      | 14093 ||| FLEEEEING.
 14101 | D:6      | 14101 ||| FLEEEEING.
 14109 | D:6      | 14109 ||| FLEEEEING.
 14117 | D:6      | 14117 ||| FLEEEEING.
 14125 | D:6      | 14125 ||| FLEEEEING.
 14133 | D:6      | 14133 ||| FLEEEEING.
 14141 | D:6      | 14141 ||| FLEEEEING.
 14149 | D:6      | 14149 ||| FLEEEEING.
 14157 | D:6      | 14157 ||| FLEEEEING.
 14165 | D:6      | 14165 ||| FLEEEEING.
 14173 | D:6      | 14173 ||| FLEEEEING.
 14181 | D:6      | 14181 ||| FLEEEEING.
 14189 | D:6      | 14189 ||| FLEEEEING.
 14197 | D:6      | 14197 ||| FLEEEEING.
 14205 | D:6      | 14205 ||| FLEEEEING.
 14213 | D:6      | 14213 ||| FLEEEEING.
 14221 | D:6      | 14221 ||| FLEEEEING.
 14229 | D:6      | 14229 ||| FLEEEEING.
 14237 | D:6      | 14237 ||| FLEEEEING.
 14245 | D:6      | 14245 ||| FLEEEEING.
 14253 | D:6      | 14253 ||| FLEEEEING.
 14261 | D:6      | 14261 ||| FLEEEEING.
 14269 | D:6      | 14269 ||| FLEEEEING.
 14277 | D:6      | 14277 ||| FLEEEEING.
 14285 | D:6      | 14285 ||| FLEEEEING.
 14293 | D:6      | 14293 ||| FLEEEEING.
 14301 | D:6      | 14301 ||| FLEEEEING.
 14309 | D:6      | 14309 ||| FLEEEEING.
 14317 | D:6      | 14317 ||| FLEEEEING.
 14325 | D:6      | 14325 ||| FLEEEEING.
 14333 | D:6      | 14333 ||| FLEEEEING.
 14341 | D:6      | 14341 ||| FLEEEEING.
 14349 | D:6      | 14349 ||| FLEEEEING.
 14357 | D:6      | 14357 ||| FLEEEEING.
 14365 | D:6      | 14365 ||| FLEEEEING.
 14373 | D:6      | 14373 ||| FLEEEEING.
 14381 | D:6      | 14381 ||| FLEEEEING.
 14389 | D:6      | 14389 ||| FLEEEEING.
 14397 | D:6      | 14397 ||| FLEEEEING.
 14405 | D:6      | 14405 ||| FLEEEEING.
 14413 | D:6      | 14413 ||| FLEEEEING.
 14421 | D:6      | 14421 ||| FLEEEEING.
 14429 | D:6      | 14429 ||| FLEEEEING.
 14437 | D:6      | 14437 ||| FLEEEEING.
 14445 | D:6      | 14445 ||| FLEEEEING.
 14453 | D:6      | 14453 ||| FLEEEEING.
 14461 | D:6      | 14461 ||| FLEEEEING.
 14469 | D:6      | 14469 ||| FLEEEEING.
 14477 | D:6      | 14477 ||| FLEEEEING.
 14485 | D:6      | 14485 ||| FLEEEEING.
 14493 | D:6      | 14493 ||| FLEEEEING.
 14501 | D:6      | 14501 ||| FLEEEEING.
 14509 | D:6      | 14509 ||| FLEEEEING.
 14517 | D:6      | 14517 ||| FLEEEEING.
 14525 | D:6      | 14525 ||| FLEEEEING.
 14533 | D:6      | 14533 ||| FLEEEEING.
 14541 | D:6      | 14541 ||| FLEEEEING.
 14549 | D:6      | 14549 ||| FLEEEEING.
 14557 | D:6      | 14557 ||| FLEEEEING.
 14565 | D:6      | 14565 ||| FLEEEEING.
 14573 | D:6      | 14573 ||| FLEEEEING.
 14581 | D:6      | 14581 ||| FLEEEEING.
 14589 | D:6      | 14589 ||| FLEEEEING.
 14597 | D:6      | 14597 ||| FLEEEEING.
 14605 | D:6      | 14605 ||| FLEEEEING.
 14613 | D:6      | 14613 ||| FLEEEEING.
 14621 | D:6      | 14621 ||| FLEEEEING.
 14629 | D:6      | 14629 ||| FLEEEEING.
 14637 | D:6      | 14637 ||| FLEEEEING.
 14645 | D:6      | 14645 ||| FLEEEEING.
 14653 | D:6      | 14653 ||| FLEEEEING.
 14661 | D:6      | 14661 ||| FLEEEEING.
 14669 | D:6      | 14669 ||| FLEEEEING.
 14677 | D:6      | 14677 ||| FLEEEEING.
 14685 | D:6      | 14685 ||| FLEEEEING.
 14693 | D:6      | 14693 ||| FLEEEEING.
 14701 | D:6      | 14701 ||| FLEEEEING.
 14709 | D:6      | 14709 ||| FLEEEEING.
 14717 | D:6      | 14717 ||| FLEEEEING.
 14725 | D:6      | 14725 ||| FLEEEEING.
 14733 | D:6      | 14733 ||| FLEEEEING.
 14741 | D:6      | 14741 ||| FLEEEEING.
 14749 | D:6      | 14749 ||| FLEEEEING.
 14757 | D:6      | 14757 ||| FLEEEEING.
 14765 | D:6      | 14765 ||| FLEEEEING.
 14773 | D:6      | 14773 ||| FLEEEEING.
 14781 | D:6      | 14781 ||| FLEEEEING.
 14789 | D:6      | 14789 ||| FLEEEEING.
 14797 | D:6      | 14797 ||| FLEEEEING.
 14805 | D:6      | 14805 ||| FLEEEEING.
 14813 | D:6      | 14813 ||| FLEEEEING.
 14821 | D:6      | 14821 ||| FLEEEEING.
 14829 | D:6      | 14829 ||| FLEEEEING.
 14837 | D:6      | 14837 ||| FLEEEEING.
 14845 | D:6      | 14845 ||| FLEEEEING.
 14853 | D:6      | 14853 ||| FLEEEEING.
 14861 | D:6      | 14861 ||| FLEEEEING.
 14869 | D:6      | 14869 ||| FLEEEEING.
 14877 | D:6      | 14877 ||| FLEEEEING.
 14885 | D:6      | 14885 ||| FLEEEEING.
 14893 | D:6      | 14893 ||| FLEEEEING.
 14901 | D:6      | 14901 ||| FLEEEEING.
 14909 | D:6      | 14909 ||| FLEEEEING.
 14917 | D:6      | 14917 ||| FLEEEEING.
 14925 | D:6      | 14925 ||| FLEEEEING.
 14933 | D:6      | 14933 ||| FLEEEEING.
 14941 | D:6      | 14941 ||| FLEEEEING.
 14949 | D:6      | 14949 ||| FLEEEEING.
 14957 | D:6      | 14957 ||| FLEEEEING.
 14965 | D:6      | 14965 ||| FLEEEEING.
 14973 | D:6      | 14973 ||| FLEEEEING.
 14981 | D:6      | 14981 ||| FLEEEEING.
 14989 | D:6      | 14989 ||| FLEEEEING.
 14997 | D:6      | 14997 ||| FLEEEEING.
 15005 | D:6      | 15005 ||| FLEEEEING.
 15013 | D:6      | 15013 ||| FLEEEEING.
 15021 | D:6      | 15021 ||| FLEEEEING.
 15029 | D:6      | 15029 ||| FLEEEEING.
 15037 | D:6      | 15037 ||| FLEEEEING.
 15045 | D:6      | 15045 ||| FLEEEEING.
 15053 | D:6      | 15053 ||| FLEEEEING.
 15061 | D:6      | 15061 ||| FLEEEEING.
 15069 | D:6      | 15069 ||| FLEEEEING.
 15077 | D:6      | 15077 ||| FLEEEEING.
 15085 | D:6      | 15085 ||| FLEEEEING.
 15093 | D:6      | 15093 ||| FLEEEEING.
 15101 | D:6      | 15101 ||| FLEEEEING.
 15109 | D:6      | 15109 ||| FLEEEEING.
 15117 | D:6      | 15117 ||| FLEEEEING.
 15125 | D:6      | 15125 ||| FLEEEEING.
 15133 | D:6      | 15133 ||| FLEEEEING.
 15141 | D:6      | 15141 ||| FLEEEEING.
 15149 | D:6      | 15149 ||| FLEEEEING.
 15157 | D:6      | 15157 ||| FLEEEEING.
 15165 | D:6      | 15165 ||| FLEEEEING.
 15173 | D:6      | 15173 ||| FLEEEEING.
 15181 | D:6      | 15181 ||| FLEEEEING.
 15189 | D:6      | 15189 ||| FLEEEEING.
 15197 | D:6      | 15197 ||| FLEEEEING.
 15205 | D:6      | 15205 ||| FLEEEEING.
 15213 | D:6      | 15213 ||| FLEEEEING.
 15221 | D:6      | 15221 ||| FLEEEEING.
 15229 | D:6      | 15229 ||| FLEEEEING.
 15237 | D:6      | 15237 ||| FLEEEEING.
 15245 | D:6      | 15245 ||| FLEEEEING.
 15253 | D:6      | 15253 ||| FLEEEEING.
 15261 | D:6      | 15261 ||| FLEEEEING.
 15269 | D:6      | 15269 ||| FLEEEEING.
 15277 | D:6      | 15277 ||| FLEEEEING.
 15285 | D:6      | 15285 ||| FLEEEEING.
 15293 | D:6      | 15293 ||| FLEEEEING.
 15301 | D:6      | 15301 ||| FLEEEEING.
 15309 | D:6      | 15309 ||| FLEEEEING.
 15317 | D:6      | 15317 ||| FLEEEEING.
 15325 | D:6      | 15325 ||| FLEEEEING.
 15333 | D:6      | 15333 ||| FLEEEEING.
 15341 | D:6      | 15341 ||| FLEEEEING.
 15349 | D:6      | 15349 ||| FLEEEEING.
 15357 | D:6      | 15357 ||| FLEEEEING.
 15365 | D:6      | 15365 ||| FLEEEEING.
 15373 | D:6      | 15373 ||| FLEEEEING.
 15381 | D:6      | 15381 ||| FLEEEEING.
 15389 | D:6      | 15389 ||| FLEEEEING.
 15397 | D:6      | 15397 ||| FLEEEEING.
 15405 | D:6      | 15405 ||| FLEEEEING.
 15413 | D:6      | 15413 ||| FLEEEEING.
 15421 | D:6      | 15421 ||| FLEEEEING.
 15429 | D:6      | 15429 ||| FLEEEEING.
 15437 | D:6      | 15437 ||| FLEEEEING.
 15445 | D:6      | 15445 ||| FLEEEEING.
 15453 | D:6      | 15453 ||| FLEEEEING.
 15461 | D:6      | 15461 ||| FLEEEEING.
 15469 | D:6      | 15469 ||| FLEEEEING.
 15477 | D:6      | 15477 ||| FLEEEEING.
 15485 | D:6      | 15485 ||| FLEEEEING.
 15493 | D:6      | 15493 ||| FLEEEEING.
 15501 | D:6      | 15501 ||| FLEEEEING.
 15509 | D:6      | 15509 ||| FLEEEEING.
 15517 | D:6      | 15517 ||| FLEEEEING.
 15525 | D:6      | 15525 ||| FLEEEEING.
 15533 | D:6      | 15533 ||| FLEEEEING.
 15541 | D:6      | 15541 ||| FLEEEEING.
 15549 | D:6      | 15549 ||| FLEEEEING.
 15557 | D:6      | 15557 ||| FLEEEEING.
 15565 | D:6      | 15565 ||| FLEEEEING.
 15573 | D:6      | 15573 ||| FLEEEEING.
 15581 | D:6      | 15581 ||| FLEEEEING.
 15589 | D:6      | 15589 ||| FLEEEEING.
 15597 | D:6      | 15597 ||| FLEEEEING.
 15605 | D:6      | 15605 ||| FLEEEEING.
 15613 | D:6      | 15613 ||| FLEEEEING.
 15621 | D:6      | 15621 ||| FLEEEEING.
 15629 | D:6      | 15629 ||| FLEEEEING.
 15637 | D:6      | 15637 ||| FLEEEEING.
 15645 | D:6      | 15645 ||| FLEEEEING.
 15653 | D:6      | 15653 ||| FLEEEEING.
 15661 | D:6      | 15661 ||| FLEEEEING.
 15669 | D:6      | 15669 ||| FLEEEEING.
 15677 | D:6      | 15677 ||| FLEEEEING.
 15685 | D:6      | 15685 ||| FLEEEEING.
 15693 | D:6      | 15693 ||| FLEEEEING.
 15701 | D:6      | 15701 ||| FLEEEEING.
 15709 | D:6      | 15709 ||| FLEEEEING.
 15717 | D:6      | 15717 ||| FLEEEEING.
 15725 | D:6      | 15725 ||| FLEEEEING.
 15733 | D:6      | 15733 ||| FLEEEEING.
 15741 | D:6      | 15741 ||| FLEEEEING.
 15749 | D:6      | 15749 ||| FLEEEEING.
 15757 | D:6      | 15757 ||| FLEEEEING.
 15765 | D:6      | 15765 ||| FLEEEEING.
 15773 | D:6      | 15773 ||| FLEEEEING.
 15781 | D:6      | 15781 ||| FLEEEEING.
 15789 | D:6      | 15789 ||| FLEEEEING.
 15797 | D:6      | 15797 ||| FLEEEEING.
 15805 | D:6      | 15805 ||| FLEEEEING.
 15813 | D:6      | 15813 ||| FLEEEEING.
 15821 | D:6      | 15821 ||| FLEEEEING.
 15829 | D:6      | 15829 ||| FLEEEEING.
 15837 | D:6      | 15837 ||| FLEEEEING.
 15845 | D:6      | 15845 ||| FLEEEEING.
 15853 | D:6      | 15853 ||| FLEEEEING.
 15861 | D:6      | 15861 ||| FLEEEEING.
 15869 | D:6      | 15869 ||| FLEEEEING.
 15877 | D:6      | 15877 ||| FLEEEEING.
 15885 | D:6      | 15885 ||| FLEEEEING.
 15893 | D:6      | 15893 ||| FLEEEEING.
 15901 | D:6      | 15901 ||| FLEEEEING.
 15909 | D:6      | 15909 ||| FLEEEEING.
 15917 | D:6      | 15917 ||| FLEEEEING.
 15925 | D:6      | 15925 ||| FLEEEEING.
 15933 | D:6      | 15933 ||| FLEEEEING.
 15941 | D:6      | 15941 ||| FLEEEEING.
 15949 | D:6      | 15949 ||| FLEEEEING.
 15957 | D:6      | 15957 ||| FLEEEEING.
 15965 | D:6      | 15965 ||| FLEEEEING.
 15973 | D:6      | 15973 ||| FLEEEEING.
 15981 | D:6      | 15981 ||| FLEEEEING.
 15989 | D:6      | 15989 ||| FLEEEEING.
 15997 | D:6      | 15997 ||| FLEEEEING.
 16005 | D:6      | 16005 ||| FLEEEEING.
 16013 | D:6      | 16013 ||| FLEEEEING.
 16021 | D:6      | 16021 ||| FLEEEEING.
 16029 | D:6      | 16029 ||| FLEEEEING.
 16037 | D:6      | 16037 ||| FLEEEEING.
 16045 | D:6      | 16045 ||| FLEEEEING.
 16053 | D:6      | 16053 ||| FLEEEEING.
 16061 | D:6      | 16061 ||| FLEEEEING.
 16069 | D:6      | 16069 ||| FLEEEEING.
 16077 | D:6      | 16077 ||| FLEEEEING.
 16085 | D:6      | 16085 ||| FLEEEEING.
 16093 | D:6      | 16093 ||| FLEEEEING.
 16101 | D:6      | 16101 ||| FLEEEEING.
 16109 | D:6      | 16109 ||| FLEEEEING.
 16117 | D:6      | 16117 ||| FLEEEEING.
 16125 | D:6      | 16125 ||| FLEEEEING.
 16133 | D:6      | 16133 ||| FLEEEEING.
 16141 | D:6      | 16141 ||| FLEEEEING.
 16149 | D:6      | 16149 ||| FLEEEEING.
 16157 | D:6      | 16157 ||| FLEEEEING.
 16165 | D:6      | 16165 ||| FLEEEEING.
 16173 | D:6      | 16173 ||| FLEEEEING.
 16181 | D:6      | 16181 ||| FLEEEEING.
 16189 | D:6      | 16189 ||| FLEEEEING.
 16197 | D:6      | 16197 ||| FLEEEEING.
 16205 | D:6      | 16205 ||| FLEEEEING.
 16213 | D:6      | 16213 ||| FLEEEEING.
 16221 | D:6      | 16221 ||| FLEEEEING.
 16229 | D:6      | 16229 ||| FLEEEEING.
 16237 | D:6      | 16237 ||| FLEEEEING.
 16245 | D:6      | 16245 ||| FLEEEEING.
 16253 | D:6      | 16253 ||| FLEEEEING.
 16261 | D:6      | 16261 ||| FLEEEEING.
 16269 | D:6      | 16269 ||| FLEEEEING.
 16277 | D:6      | 16277 ||| FLEEEEING.
 16285 | D:6      | 16285 ||| FLEEEEING.
 16293 | D:6      | 16293 ||| FLEEEEING.
 16301 | D:6      | 16301 ||| FLEEEEING.
 16309 | D:6      | 16309 ||| FLEEEEING.
 16317 | D:6      | 16317 ||| FLEEEEING.
 16325 | D:6      | 16325 ||| FLEEEEING.
 16333 | D:6      | 16333 ||| FLEEEEING.
 16341 | D:6      | 16341 ||| FLEEEEING.
 16349 | D:6      | 16349 ||| FLEEEEING.
 16357 | D:6      | 16357 ||| FLEEEEING.
 16365 | D:6      | 16365 ||| FLEEEEING.
 16373 | D:6      | 16373 ||| FLEEEEING.
 16381 | D:6      | 16381 ||| FLEEEEING.
 16389 | D:6      | 16389 ||| FLEEEEING.
 16397 | D:6      | 16397 ||| FLEEEEING.
 16405 | D:6      | 16405 ||| FLEEEEING.
 16413 | D:6      | 16413 ||| FLEEEEING.
 16421 | D:6      | 16421 ||| FLEEEEING.
 16429 | D:6      | 16429 ||| FLEEEEING.
 16437 | D:6      | 16437 ||| FLEEEEING.
 16445 | D:6      | 16445 ||| FLEEEEING.
 16453 | D:6      | 16453 ||| FLEEEEING.
 16461 | D:6      | 16461 ||| FLEEEEING.
 16469 | D:6      | 16469 ||| FLEEEEING.
 16477 | D:6      | 16477 ||| FLEEEEING.
 16485 | D:6      | 16485 ||| FLEEEEING.
 16493 | D:6      | 16493 ||| FLEEEEING.
 16501 | D:6      | 16501 ||| FLEEEEING.
 16509 | D:6      | 16509 ||| FLEEEEING.
 16517 | D:6      | 16517 ||| FLEEEEING.
 16525 | D:6      | 16525 ||| FLEEEEING.
 16533 | D:6      | 16533 ||| FLEEEEING.
 16541 | D:6      | 16541 ||| FLEEEEING.
 16549 | D:6      | 16549 ||| FLEEEEING.
 16557 | D:6      | 16557 ||| FLEEEEING.
 16565 | D:6      | 16565 ||| FLEEEEING.
 16573 | D:6      | 16573 ||| FLEEEEING.
 16581 | D:6      | 16581 ||| FLEEEEING.
 16589 | D:6      | 16589 ||| FLEEEEING.
 16597 | D:6      | 16597 ||| FLEEEEING.
 16605 | D:6      | 16605 ||| FLEEEEING.
 16613 | D:6      | 16613 ||| FLEEEEING.
 16621 | D:6      | 16621 ||| FLEEEEING.
 16629 | D:6      | 16629 ||| FLEEEEING.
 16637 | D:6      | 16637 ||| FLEEEEING.
 16645 | D:6      | 16645 ||| FLEEEEING.
 16653 | D:6      | 16653 ||| FLEEEEING.
 16661 | D:6      | 16661 ||| FLEEEEING.
 16669 | D:6      | 16669 ||| FLEEEEING.
 16677 | D:6      | 16677 ||| FLEEEEING.
 16685 | D:6      | 16685 ||| FLEEEEING.
 16693 | D:6      | 16693 ||| FLEEEEING.
 16701 | D:6      | 16701 ||| FLEEEEING.
 16709 | D:6      | 16709 ||| FLEEEEING.
 16717 | D:6      | 16717 ||| FLEEEEING.
 16725 | D:6      | 16725 ||| FLEEEEING.
 16733 | D:6      | 16733 ||| FLEEEEING.
 16741 | D:6      | 16741 ||| FLEEEEING.
 16749 | D:6      | 16749 ||| FLEEEEING.
 16757 | D:6      | 16757 ||| FLEEEEING.
 16765 | D:6      | 16765 ||| FLEEEEING.
 16773 | D:6      | 16773 ||| FLEEEEING.
 16781 | D:6      | 16781 ||| FLEEEEING.
 16789 | D:6      | 16789 ||| FLEEEEING.
 16797 | D:6      | 16797 ||| FLEEEEING.
 16805 | D:6      | 16805 ||| FLEEEEING.
 16813 | D:6      | 16813 ||| FLEEEEING.
 16821 | D:6      | 16821 ||| FLEEEEING.
 16829 | D:6      | 16829 ||| FLEEEEING.
 16837 | D:6      | 16837 ||| FLEEEEING.
 16845 | D:6      | 16845 ||| FLEEEEING.
 16853 | D:6      | 16853 ||| FLEEEEING.
 16861 | D:6      | 16861 ||| FLEEEEING.
 16869 | D:6      | 16869 ||| FLEEEEING.
 16877 | D:6      | 16877 ||| FLEEEEING.
 16885 | D:6      | 16885 ||| FLEEEEING.
 16893 | D:6      | 16893 ||| FLEEEEING.
 16901 | D:6      | 16901 ||| FLEEEEING.
 16909 | D:6      | 16909 ||| FLEEEEING.
 16917 | D:6      | 16917 ||| FLEEEEING.
 16925 | D:6      | 16925 ||| FLEEEEING.
 16933 | D:6      | 16933 ||| FLEEEEING.
 16941 | D:6      | 16941 ||| FLEEEEING.
 16949 | D:6      | 16949 ||| FLEEEEING.
 16957 | D:6      | 16957 ||| FLEEEEING.
 16965 | D:6      | 16965 ||| FLEEEEING.
 16973 | D:6      | 16973 ||| FLEEEEING.
 16981 | D:6      | 16981 ||| FLEEEEING.
 16989 | D:6      | 16989 ||| FLEEEEING.
 16997 | D:6      | 16997 ||| FLEEEEING.
 17005 | D:6      | 17005 ||| FLEEEEING.
 17013 | D:6      | 17013 ||| FLEEEEING.
 17021 | D:6      | 17021 ||| FLEEEEING.
 17029 | D:6      | 17029 ||| FLEEEEING.
 17037 | D:6      | 17037 ||| FLEEEEING.
 17045 | D:6      | 17045 ||| FLEEEEING.
 17053 | D:6      | 17053 ||| FLEEEEING.
 17061 | D:6      | 17061 ||| FLEEEEING.
 17069 | D:6      | 17069 ||| FLEEEEING.
 17077 | D:6      | 17077 ||| FLEEEEING.
 17085 | D:6      | 17085 ||| FLEEEEING.
 17093 | D:6      | 17093 ||| FLEEEEING.
 17101 | D:6      | 17101 ||| FLEEEEING.
 17109 | D:6      | 17109 ||| FLEEEEING.
 17117 | D:6      | 17117 ||| FLEEEEING.
 17125 | D:6      | 17125 ||| FLEEEEING.
 17133 | D:6      | 17133 ||| FLEEEEING.
 17141 | D:6      | 17141 ||| FLEEEEING.
 17149 | D:6      | 17149 ||| FLEEEEING.
 17157 | D:6      | 17157 ||| FLEEEEING.
 17165 | D:6      | 17165 ||| FLEEEEING.
 17173 | D:6      | 17173 ||| FLEEEEING.
 17181 | D:6      | 17181 ||| FLEEEEING.
 17189 | D:6      | 17189 ||| FLEEEEING.
 17197 | D:6      | 17197 ||| FLEEEEING.
 17205 | D:6      | 17205 ||| FLEEEEING.
 17213 | D:6      | 17213 ||| FLEEEEING.
 17221 | D:6      | 17221 ||| FLEEEEING.
 17229 | D:6      | 17229 ||| FLEEEEING.
 17237 | D:6      | 17237 ||| FLEEEEING.
 17245 | D:6      | 17245 ||| FLEEEEING.
 17253 | D:6      | 17253 ||| FLEEEEING.
 17261 | D:6      | 17261 ||| FLEEEEING.
 17269 | D:6      | 17269 ||| FLEEEEING.
 17277 | D:6      | 17277 ||| FLEEEEING.
 17285 | D:6      | 17285 ||| FLEEEEING.
 17293 | D:6      | 17293 ||| FLEEEEING.
 17301 | D:6      | 17301 ||| FLEEEEING.
 17309 | D:6      | 17309 ||| FLEEEEING.
 17317 | D:6      | 17317 ||| FLEEEEING.
 17325 | D:6      | 17325 ||| FLEEEEING.
 17333 | D:6      | 17333 ||| FLEEEEING.
 17341 | D:6      | 17341 ||| FLEEEEING.
 17349 | D:6      | 17349 ||| FLEEEEING.
 17357 | D:6      | 17357 ||| FLEEEEING.
 17365 | D:6      | 17365 ||| FLEEEEING.
 17373 | D:6      | 17373 ||| FLEEEEING.
 17381 | D:6      | 17381 ||| FLEEEEING.
 17389 | D:6      | 17389 ||| FLEEEEING.
 17397 | D:6      | 17397 ||| FLEEEEING.
 17405 | D:6      | 17405 ||| FLEEEEING.
 17413 | D:6      | 17413 ||| FLEEEEING.
 17421 | D:6      | 17421 ||| FLEEEEING.
 17429 | D:6      | 17429 ||| FLEEEEING.
 17437 | D:6      | 17437 ||| FLEEEEING.
 17445 | D:6      | 17445 ||| FLEEEEING.
 17453 | D:6      | 17453 ||| FLEEEEING.
 17461 | D:6      | 17461 ||| FLEEEEING.
 17469 | D:6      | 17469 ||| FLEEEEING.
 17477 | D:6      | 17477 ||| FLEEEEING.
 17485 | D:6      | 17485 ||| FLEEEEING.
 17493 | D:6      | 17493 ||| FLEEEEING.
 17501 | D:6      | 17501 ||| FLEEEEING.
 17509 | D:6      | 17509 ||| FLEEEEING.
 17517 | D:6      | 17517 ||| FLEEEEING.
 17525 | D:6      | 17525 ||| FLEEEEING.
 17533 | D:6      | 17533 ||| FLEEEEING.
 17541 | D:6      | 17541 ||| FLEEEEING.
 17549 | D:6      | 17549 ||| FLEEEEING.
 17557 | D:6      | 17557 ||| FLEEEEING.
 17565 | D:6      | 17565 ||| FLEEEEING.
 17573 | D:6      | 17573 ||| FLEEEEING.
 17581 | D:6      | 17581 ||| FLEEEEING.
 17589 | D:6      | 17589 ||| FLEEEEING.
 17597 | D:6      | 17597 ||| FLEEEEING.
 17605 | D:6      | 17605 ||| FLEEEEING.
 17613 | D:6      | 17613 ||| FLEEEEING.
 17621 | D:6      | 17621 ||| FLEEEEING.
 17629 | D:6      | 17629 ||| FLEEEEING.
 17637 | D:6      | 17637 ||| FLEEEEING.
 17645 | D:6      | 17645 ||| FLEEEEING.
 17653 | D:6      | 17653 ||| FLEEEEING.
 17661 | D:6      | 17661 ||| FLEEEEING.
 17669 | D:6      | 17669 ||| FLEEEEING.
 17677 | D:6      | 17677 ||| FLEEEEING.
 17685 | D:6      | 17685 ||| FLEEEEING.
 17693 | D:6      | 17693 ||| FLEEEEING.
 17701 | D:6      | 17701 ||| FLEEEEING.
 17709 | D:6      | 17709 ||| FLEEEEING.
 17717 | D:6      | 17717 ||| FLEEEEING.
 17725 | D:6      | 17725 ||| FLEEEEING.
 17733 | D:6      | 17733 ||| FLEEEEING.
 17741 | D:6      | 17741 ||| FLEEEEING.
 17749 | D:6      | 17749 ||| FLEEEEING.
 17757 | D:6      | 17757 ||| FLEEEEING.
 17765 | D:6      | 17765 ||| FLEEEEING.
 17773 | D:6      | 17773 ||| FLEEEEING.
 17781 | D:6      | 17781 ||| FLEEEEING.
 17789 | D:6      | 17789 ||| FLEEEEING.
 17797 | D:6      | 17797 ||| FLEEEEING.
 17805 | D:6      | 17805 ||| FLEEEEING.
 17813 | D:6      | 17813 ||| FLEEEEING.
 17821 | D:6      | 17821 ||| FLEEEEING.
 17829 | D:6      | 17829 ||| FLEEEEING.
 17837 | D:6      | 17837 ||| FLEEEEING.
 17845 | D:6      | 17845 ||| FLEEEEING.
 17853 | D:6      | 17853 ||| FLEEEEING.
 17861 | D:6      | 17861 ||| FLEEEEING.
 17869 | D:6      | 17869 ||| FLEEEEING.
 17877 | D:6      | 17877 ||| FLEEEEING.
 17885 | D:6      | 17885 ||| FLEEEEING.
 17893 | D:6      | 17893 ||| FLEEEEING.
 17901 | D:6      | 17901 ||| FLEEEEING.
 17909 | D:6      | 17909 ||| FLEEEEING.
 17917 | D:6      | 17917 ||| FLEEEEING.
 17925 | D:6      | 17925 ||| FLEEEEING.
 17933 | D:6      | 17933 ||| FLEEEEING.
 17941 | D:6      | 17941 ||| FLEEEEING.
 17949 | D:6      | 17949 ||| FLEEEEING.
 17957 | D:6      | 17957 ||| FLEEEEING.
 17965 | D:6      | 17965 ||| FLEEEEING.
 17973 | D:6      | 17973 ||| FLEEEEING.
 17981 | D:6      | 17981 ||| FLEEEEING.
 17989 | D:6      | 17989 ||| FLEEEEING.
 17997 | D:6      | 17997 ||| FLEEEEING.
 18005 | D:6      | 18005 ||| FLEEEEING.
 18013 | D:6      | 18013 ||| FLEEEEING.
 18021 | D:6      | 18021 ||| FLEEEEING.
 18029 | D:6      | 18029 ||| FLEEEEING.
 18037 | D:6      | 18037 ||| FLEEEEING.
 18045 | D:6      | 18045 ||| FLEEEEING.
 18053 | D:6      | 18053 ||| FLEEEEING.
 18061 | D:6      | 18061 ||| FLEEEEING.
 18069 | D:6      | 18069 ||| FLEEEEING.
 18077 | D:6      | 18077 ||| FLEEEEING.
 18085 | D:6      | 18085 ||| FLEEEEING.
 18093 | D:6      | 18093 ||| FLEEEEING.
 18101 | D:6      | 18101 ||| FLEEEEING.
 18109 | D:6      | 18109 ||| FLEEEEING.
 18117 | D:6      | 18117 ||| FLEEEEING.
 18125 | D:6      | 18125 ||| FLEEEEING.
 18133 | D:6      | 18133 ||| FLEEEEING.
 18141 | D:6      | 18141 ||| FLEEEEING.
 18149 | D:6      | 18149 ||| FLEEEEING.
 18157 | D:6      | 18157 ||| FLEEEEING.
 18165 | D:6      | 18165 ||| FLEEEEING.
 18173 | D:6      | 18173 ||| FLEEEEING.
 18181 | D:6      | 18181 ||| FLEEEEING.
 18189 | D:6      | 18189 ||| FLEEEEING.
 18197 | D:6      | 18197 ||| FLEEEEING.
 18205 | D:6      | 18205 ||| FLEEEEING.
 18213 | D:6      | 18213 ||| FLEEEEING.
 18221 | D:6      | 18221 ||| FLEEEEING.
 18229 | D:6      | 18229 ||| FLEEEEING.
 18237 | D:6      | 18237 ||| FLEEEEING.
 18245 | D:6      | 18245 ||| FLEEEEING.
 18253 | D:6      | 18253 ||| FLEEEEING.
 18261 | D:6      | 18261 ||| FLEEEEING.
 18269 | D:6      | 18269 ||| FLEEEEING.
 18277 | D:6      | 18277 ||| FLEEEEING.
 18285 | D:6      | 18285 ||| FLEEEEING.
 18293 | D:6      | 18293 ||| FLEEEEING.
 18301 | D:6      | 18301 ||| FLEEEEING.
 18309 | D:6      | 18309 ||| FLEEEEING.
 18317 | D:6      | 18317 ||| FLEEEEING.
 18325 | D:6      | 18325 ||| FLEEEEING.
 18333 | D:6      | 18333 ||| FLEEEEING.
 18341 | D:6      | 18341 ||| FLEEEEING.
 18349 | D:6      | 18349 ||| FLEEEEING.
 18357 | D:6      | 18357 ||| FLEEEEING.
 18365 | D:6      | 18365 ||| FLEEEEING.
 18373 | D:6      | 18373 ||| FLEEEEING.
 18381 | D:6      | 18381 ||| FLEEEEING.
 18389 | D:6      | 18389 ||| FLEEEEING.
 18397 | D:6      | 18397 ||| FLEEEEING.
 18405 | D:6      | 18405 ||| FLEEEEING.
 18413 | D:6      | 18413 ||| FLEEEEING.
 18421 | D:6      | 18421 ||| FLEEEEING.
 18429 | D:6      | 18429 ||| FLEEEEING.
 18437 | D:6      | 18437 ||| FLEEEEING.
 18445 | D:6      | 18445 ||| FLEEEEING.
 18453 | D:6      | 18453 ||| FLEEEEING.
 18461 | D:6      | 18461 ||| FLEEEEING.
 18469 | D:6      | 18469 ||| FLEEEEING.
 18477 | D:6      | 18477 ||| FLEEEEING.
 18485 | D:6      | 18485 ||| FLEEEEING.
 18493 | D:6      | 18493 ||| FLEEEEING.
 18501 | D:6      | 18501 ||| FLEEEEING.
 18509 | D:6      | 18509 ||| FLEEEEING.
 18517 | D:6      | 18517 ||| FLEEEEING.
 18525 | D:6      | 18525 ||| FLEEEEING.
 18533 | D:6      | 18533 ||| FLEEEEING.
 18541 | D:6      | 18541 ||| FLEEEEING.
 18549 | D:6      | 18549 ||| FLEEEEING.
 18557 | D:6      | 18557 ||| FLEEEEING.
 18565 | D:6      | 18565 ||| FLEEEEING.
 18573 | D:6      | 18573 ||| FLEEEEING.
 18581 | D:6      | 18581 ||| FLEEEEING.
 18589 | D:6      | 18589 ||| FLEEEEING.
 18597 | D:6      | 18597 ||| FLEEEEING.
 18605 | D:6      | 18605 ||| FLEEEEING.
 18613 | D:6      | 18613 ||| FLEEEEING.
 18621 | D:6      | 18621 ||| FLEEEEING.
 18629 | D:6      | 18629 ||| FLEEEEING.
 18637 | D:6      | 18637 ||| FLEEEEING.
 18645 | D:6      | 18645 ||| FLEEEEING.
 18653 | D:6      | 18653 ||| FLEEEEING.
 18661 | D:6      | 18661 ||| FLEEEEING.
 18669 | D:6      | 18669 ||| FLEEEEING.
 18677 | D:6      | 18677 ||| FLEEEEING.
 18685 | D:6      | 18685 ||| FLEEEEING.
 18693 | D:6      | 18693 ||| FLEEEEING.
 18701 | D:6      | 18701 ||| FLEEEEING.
 18709 | D:6      | 18709 ||| FLEEEEING.
 18717 | D:6      | 18717 ||| FLEEEEING.
 18725 | D:6      | 18725 ||| FLEEEEING.
 18733 | D:6      | 18733 ||| FLEEEEING.
 18741 | D:6      | 18741 ||| FLEEEEING.
 18749 | D:6      | 18749 ||| FLEEEEING.
 18757 | D:6      | 18757 ||| FLEEEEING.
 18765 | D:6      | 18765 ||| FLEEEEING.
 18773 | D:6      | 18773 ||| FLEEEEING.
 18781 | D:6      | 18781 ||| FLEEEEING.
 18789 | D:6      | 18789 ||| FLEEEEING.
 18797 | D:6      | 18797 ||| FLEEEEING.
 18805 | D:6      | 18805 ||| FLEEEEING.
 18813 | D:6      | 18813 ||| FLEEEEING.
 18821 | D:6      | 18821 ||| FLEEEEING.
 18829 | D:6      | 18829 ||| FLEEEEING.
 18837 | D:6      | 18837 ||| FLEEEEING.
 18845 | D:6      | 18845 ||| FLEEEEING.
 18853 | D:6      | 18853 ||| FLEEEEING.
 18861 | D:6      | 18861 ||| FLEEEEING.
 18869 | D:6      | 18869 ||| FLEEEEING.
 18877 | D:6      | 18877 ||| FLEEEEING.
 18885 | D:6      | 18885 ||| FLEEEEING.
 18893 | D:6      | 18893 ||| FLEEEEING.
 18901 | D:6      | 18901 ||| FLEEEEING.
 18909 | D:6      | 18909 ||| FLEEEEING.
 18917 | D:6      | 18917 ||| FLEEEEING.
 18925 | D:6      | 18925 ||| FLEEEEING.
 18933 | D:6      | 18933 ||| FLEEEEING.
 18941 | D:6      | 18941 ||| FLEEEEING.
 18949 | D:6      | 18949 ||| FLEEEEING.
 18957 | D:6      | 18957 ||| FLEEEEING.
 18965 | D:6      | 18965 ||| FLEEEEING.
 18973 | D:6      | 18973 ||| FLEEEEING.
 18981 | D:6      | 18981 ||| FLEEEEING.
 18989 | D:6      | 18989 ||| FLEEEEING.
 18997 | D:6      | 18997 ||| FLEEEEING.
 19005 | D:6      | 19005 ||| FLEEEEING.
 19013 | D:6      | 19013 ||| FLEEEEING.
 19021 | D:6      | 19021 ||| FLEEEEING.
 19029 | D:6      | 19029 ||| FLEEEEING.
 19037 | D:6      | 19037 ||| FLEEEEING.
 19045 | D:6      | 19045 ||| FLEEEEING.
 19053 | D:6      | 19053 ||| FLEEEEING.
 19061 | D:6      | 19061 ||| FLEEEEING.
 19069 | D:6      | 19069 ||| FLEEEEING.
 19077 | D:6      | 19077 ||| FLEEEEING.
 19085 | D:6      | 19085 ||| FLEEEEING.
 19093 | D:6      | 19093 ||| FLEEEEING.
 19101 | D:6      | 19101 ||| FLEEEEING.
 19109 | D:6      | 19109 ||| FLEEEEING.
 19117 | D:6      | 19117 ||| FLEEEEING.
 19125 | D:6      | 19125 ||| FLEEEEING.
 19133 | D:6      | 19133 ||| FLEEEEING.
 19141 | D:6      | 19141 ||| FLEEEEING.
 19149 | D:6      | 19149 ||| FLEEEEING.
 19157 | D:6      | 19157 ||| FLEEEEING.
 19165 | D:6      | 19165 ||| FLEEEEING.
 19173 | D:6      | 19173 ||| FLEEEEING.
 19181 | D:6      | 19181 ||| FLEEEEING.
 19189 | D:6      | 19189 ||| FLEEEEING.
 19197 | D:6      | 19197 ||| FLEEEEING.
 19205 | D:6      | 19205 ||| FLEEEEING.
 19213 | D:6      | 19213 ||| FLEEEEING.
 19221 | D:6      | 19221 ||| FLEEEEING.
 19229 | D:6      | 19229 ||| FLEEEEING.
 19237 | D:6      | 19237 ||| FLEEEEING.
 19245 | D:6      | 19245 ||| FLEEEEING.
 19253 | D:6      | 19253 ||| FLEEEEING.
 19261 | D:6      | 19261 ||| FLEEEEING.
 19269 | D:6      | 19269 ||| FLEEEEING.
 19277 | D:6      | 19277 ||| FLEEEEING.
 19285 | D:6      | 19285 ||| FLEEEEING.
 19293 | D:6      | 19293 ||| FLEEEEING.
 19301 | D:6      | 19301 ||| FLEEEEING.
 19309 | D:6      | 19309 ||| FLEEEEING.
 19317 | D:6      | 19317 ||| FLEEEEING.
 19325 | D:6      | 19325 ||| FLEEEEING.
 19333 | D:6      | 19333 ||| FLEEEEING.
 19341 | D:6      | 19341 ||| FLEEEEING.
 19349 | D:6      | 19349 ||| FLEEEEING.
 19357 | D:6      | 19357 ||| FLEEEEING.
 19365 | D:6      | 19365 ||| FLEEEEING.
 19373 | D:6      | 19373 ||| FLEEEEING.
 19381 | D:6      | 19381 ||| FLEEEEING.
 19389 | D:6      | 19389 ||| FLEEEEING.
 19397 | D:6      | 19397 ||| FLEEEEING.
 19405 | D:6      | 19405 ||| FLEEEEING.
 19413 | D:6      | 19413 ||| FLEEEEING.
 19421 | D:6      | 19421 ||| FLEEEEING.
 19429 | D:6      | 19429 ||| FLEEEEING.
 19437 | D:6      | 19437 ||| FLEEEEING.
 19445 | D:6      | 19445 ||| FLEEEEING.
 19453 | D:6      | 19453 ||| FLEEEEING.
 19461 | D:6      | 19461 ||| FLEEEEING.
 19469 | D:6      | 19469 ||| FLEEEEING.
 19477 | D:6      | 19477 ||| FLEEEEING.
 19485 | D:6      | 19485 ||| FLEEEEING.
 19493 | D:6      | 19493 ||| FLEEEEING.
 19501 | D:6      | 19501 ||| FLEEEEING.
 19509 | D:6      | 19509 ||| FLEEEEING.
 19517 | D:6      | 19517 ||| FLEEEEING.
 19525 | D:6      | 19525 ||| FLEEEEING.
 19533 | D:6      | 19533 ||| FLEEEEING.
 19541 | D:6      | 19541 ||| FLEEEEING.
 19549 | D:6      | 19549 ||| FLEEEEING.
 19557 | D:6      | 19557 ||| FLEEEEING.
 19565 | D:6      | 19565 ||| FLEEEEING.
 19573 | D:6      | 19573 ||| FLEEEEING.
 19581 | D:6      | 19581 ||| FLEEEEING.
 19589 | D:6      | 19589 ||| FLEEEEING.
 19597 | D:6      | 19597 ||| FLEEEEING.
 19605 | D:6      | 19605 ||| FLEEEEING.
 19613 | D:6      | 19613 ||| FLEEEEING.
 19621 | D:6      | 19621 ||| FLEEEEING.
 19629 | D:6      | 19629 ||| FLEEEEING.
 19637 | D:6      | 19637 ||| FLEEEEING.
 19645 | D:6      | 19645 ||| FLEEEEING.
 19653 | D:6      | 19653 ||| FLEEEEING.
 19661 | D:6      | 19661 ||| FLEEEEING.
 19669 | D:6      | 19669 ||| FLEEEEING.
 19677 | D:6      | 19677 ||| FLEEEEING.
 19685 | D:6      | 19685 ||| FLEEEEING.
 19693 | D:6      | 19693 ||| FLEEEEING.
 19701 | D:6      | 19701 ||| FLEEEEING.
 19709 | D:6      | 19709 ||| FLEEEEING.
 19717 | D:6      | 19717 ||| FLEEEEING.
 19725 | D:6      | 19725 ||| FLEEEEING.
 19733 | D:6      | 19733 ||| FLEEEEING.
 19741 | D:6      | 19741 ||| FLEEEEING.
 19749 | D:6      | 19749 ||| FLEEEEING.
 19757 | D:6      | 19757 ||| FLEEEEING.
 19765 | D:6      | 19765 ||| FLEEEEING.
 19773 | D:6      | 19773 ||| FLEEEEING.
 19781 | D:6      | 19781 ||| FLEEEEING.
 19789 | D:6      | 19789 ||| FLEEEEING.
 19797 | D:6      | 19797 ||| FLEEEEING.
 19805 | D:6      | 19805 ||| FLEEEEING.
 19813 | D:6      | 19813 ||| FLEEEEING.
 19821 | D:6      | 19821 ||| FLEEEEING.
 19829 | D:6      | 19829 ||| FLEEEEING.
 19837 | D:6      | 19837 ||| FLEEEEING.
 19845 | D:6      | 19845 ||| FLEEEEING.
 19853 | D:6      | 19853 ||| FLEEEEING.
 19861 | D:6      | 19861 ||| FLEEEEING.
 19869 | D:6      | 19869 ||| FLEEEEING.
 19877 | D:6      | 19877 ||| FLEEEEING.
 19885 | D:6      | 19885 ||| FLEEEEING.
 19893 | D:6      | 19893 ||| FLEEEEING.
 19901 | D:6      | 19901 ||| FLEEEEING.
 19909 | D:6      | 19909 ||| FLEEEEING.
 19917 | D:6      | 19917 ||| FLEEEEING.
 19925 | D:6      | 19925 ||| FLEEEEING.
 19933 | D:6      | 19933 ||| FLEEEEING.
 19941 | D:6      | 19941 ||| FLEEEEING.
 19949 | D:6      | 19949 ||| FLEEEEING.
 19957 | D:6      | 19957 ||| FLEEEEING.
 19965 | D:6      | 19965 ||| FLEEEEING.
 19973 | D:6      | 19973 ||| FLEEEEING.
 19981 | D:6      | 19981 ||| FLEEEEING.
 19989 | D:6      | 19989 ||| FLEEEEING.
 19997 | D:6      | 19997 ||| FLEEEEING.
 20005 | D:6      | 20005 ||| FLEEEEING.
 20013 | D:6      | 20013 ||| FLEEEEING.
 20021 | D:6      | 20021 ||| FLEEEEING.
 20029 | D:6      | 20029 ||| FLEEEEING.
 20037 | D:6      | 20037 ||| FLEEEEING.
 20045 | D:6      | 20045 ||| FLEEEEING.
 20053 | D:6      | 20053 ||| FLEEEEING.
 20061 | D:6      | 20061 ||| FLEEEEING.
 20069 | D:6      | 20069 ||| FLEEEEING.
 20077 | D:6      | 20077 ||| FLEEEEING.
 20085 | D:6      | 20085 ||| FLEEEEING.
 20093 | D:6      | 20093 ||| FLEEEEING.
 20101 | D:6      | 20101 ||| FLEEEEING.
 20109 | D:6      | 20109 ||| FLEEEEING.
 20117 | D:6      | 20117 ||| FLEEEEING.
 20125 | D:6      | 20125 ||| FLEEEEING.
 20133 | D:6      | 20133 ||| FLEEEEING.
 20141 | D:6      | 20141 ||| FLEEEEING.
 20149 | D:6      | 20149 ||| FLEEEEING.
 20157 | D:6      | 20157 ||| FLEEEEING.
 20165 | D:6      | 20165 ||| FLEEEEING.
 20173 | D:6      | 20173 ||| FLEEEEING.
 20181 | D:6      | 20181 ||| FLEEEEING.
 20189 | D:6      | 20189 ||| FLEEEEING.
 20197 | D:6      | 20197 ||| FLEEEEING.
 20205 | D:6      | 20205 ||| FLEEEEING.
 20213 | D:6      | 20213 ||| FLEEEEING.
 20221 | D:6      | 20221 ||| FLEEEEING.
 20229 | D:6      | 20229 ||| FLEEEEING.
 20237 | D:6      | 20237 ||| FLEEEEING.
 20245 | D:6      | 20245 ||| FLEEEEING.
 20253 | D:6      | 20253 ||| FLEEEEING.
 20261 | D:6      | 20261 ||| FLEEEEING.
 20269 | D:6      | 20269 ||| FLEEEEING.
 20277 | D:6      | 20277 ||| FLEEEEING.
 20285 | D:6      | 20285 ||| FLEEEEING.
 20293 | D:6      | 20293 ||| FLEEEEING.
 20301 | D:6      | 20301 ||| FLEEEEING.
 20309 | D:6      | 20309 ||| FLEEEEING.
 20317 | D:6      | 20317 ||| FLEEEEING.
 20325 | D:6      | 20325 ||| FLEEEEING.
 20333 | D:6      | 20333 ||| FLEEEEING.
 20341 | D:6      | 20341 ||| FLEEEEING.
 20349 | D:6      | 20349 ||| FLEEEEING.
 20357 | D:6      | 20357 ||| FLEEEEING.
 20365 | D:6      | 20365 ||| FLEEEEING.
 20373 | D:6      | 20373 ||| FLEEEEING.
 20381 | D:6      | 20381 ||| FLEEEEING.
 20389 | D:6      | 20389 ||| FLEEEEING.
 20397 | D:6      | 20397 ||| FLEEEEING.
 20405 | D:6      | 20405 ||| FLEEEEING.
 20413 | D:6      | 20413 ||| FLEEEEING.
 20421 | D:6      | 20421 ||| FLEEEEING.
 20429 | D:6      | 20429 ||| FLEEEEING.
 20437 | D:6      | 20437 ||| FLEEEEING.
 20445 | D:6      | 20445 ||| FLEEEEING.
 20453 | D:6      | 20453 ||| FLEEEEING.
 20461 | D:6      | 20461 ||| FLEEEEING.
 20469 | D:6      | 20469 ||| FLEEEEING.
 20477 | D:6      | 20477 ||| FLEEEEING.
 20485 | D:6      | 20485 ||| FLEEEEING.
 20493 | D:6      | 20493 ||| FLEEEEING.
 20501 | D:6      | 20501 ||| FLEEEEING.
 20509 | D:6      | 20509 ||| FLEEEEING.
 20517 | D:6      | 20517 ||| FLEEEEING.
 20525 | D:6      | 20525 ||| FLEEEEING.
 20533 | D:6      | 20533 ||| FLEEEEING.
 20541 | D:6      | 20541 ||| FLEEEEING.
 20549 | D:6      | 20549 ||| FLEEEEING.
 20557 | D:6      | 20557 ||| FLEEEEING.
 20565 | D:6      | 20565 ||| FLEEEEING.
 20573 | D:6      | 20573 ||| FLEEEEING.
 20581 | D:6      | 20581 ||| FLEEEEING.
 20589 | D:6      | 20589 ||| FLEEEEING.
 20597 | D:6      | 20597 ||| FLEEEEING.
 20605 | D:6      | 20605 ||| FLEEEEING.
 20613 | D:6      | 20613 ||| FLEEEEING.
 20621 | D:6      | 20621 ||| FLEEEEING.
 20629 | D:6      | 20629 ||| FLEEEEING.
 20637 | D:6      | 20637 ||| FLEEEEING.
 20645 | D:6      | 20645 ||| FLEEEEING.
 20653 | D:6      | 20653 ||| FLEEEEING.
 20661 | D:6      | 20661 ||| FLEEEEING.
 20669 | D:6      | 20669 ||| FLEEEEING.
 20677 | D:6      | 20677 ||| FLEEEEING.
 20685 | D:6      | 20685 ||| FLEEEEING.
 20693 | D:6      | 20693 ||| FLEEEEING.
 20701 | D:6      | 20701 ||| FLEEEEING.
 20709 | D:6      | 20709 ||| FLEEEEING.
 20717 | D:6      | 20717 ||| FLEEEEING.
 20725 | D:6      | 20725 ||| FLEEEEING.
 20733 | D:6      | 20733 ||| FLEEEEING.
 20741 | D:6      | 20741 ||| FLEEEEING.
 20749 | D:6      | 20749 ||| FLEEEEING.
 20757 | D:6      | 20757 ||| FLEEEEING.
 20765 | D:6      | 20765 ||| FLEEEEING.
 20773 | D:6      | 20773 ||| FLEEEEING.
 20781 | D:6      | 20781 ||| FLEEEEING.
 20789 | D:6      | 20789 ||| FLEEEEING.
 20797 | D:6      | 20797 ||| FLEEEEING.
 20805 | D:6      | 20805 ||| FLEEEEING.
 20813 | D:6      | 20813 ||| FLEEEEING.
 20821 | D:6      | 20821 ||| FLEEEEING.
 20829 | D:6      | 20829 ||| FLEEEEING.
 20837 | D:6      | 20837 ||| FLEEEEING.
 20845 | D:6      | 20845 ||| FLEEEEING.
 20853 | D:6      | 20853 ||| FLEEEEING.
 20861 | D:6      | 20861 ||| FLEEEEING.
 20869 | D:6      | 20869 ||| FLEEEEING.
 20877 | D:6      | 20877 ||| FLEEEEING.
 20885 | D:6      | 20885 ||| FLEEEEING.
 20893 | D:6      | 20893 ||| FLEEEEING.
 20901 | D:6      | 20901 ||| FLEEEEING.
 20909 | D:6      | 20909 ||| FLEEEEING.
 20917 | D:6      | 20917 ||| FLEEEEING.
 20925 | D:6      | 20925 ||| FLEEEEING.
 20933 | D:6      | 20933 ||| FLEEEEING.
 20941 | D:6      | 20941 ||| FLEEEEING.
 20949 | D:6      | 20949 ||| FLEEEEING.
 20957 | D:6      | 20957 ||| FLEEEEING.
 20965 | D:6      | 20965 ||| FLEEEEING.
 20973 | D:6      | 20973 ||| FLEEEEING.
 20981 | D:6      | 20981 ||| FLEEEEING.
 20989 | D:6      | 20989 ||| FLEEEEING.
 20997 | D:6      | 20997 ||| FLEEEEING.
 21005 | D:6      | 21005 ||| FLEEEEING.
 21013 | D:6      | 21013 ||| FLEEEEING.
 21021 | D:6      | 21021 ||| FLEEEEING.
 21029 | D:6      | 21029 ||| FLEEEEING.
 21037 | D:6      | 21037 ||| FLEEEEING.
 21045 | D:6      | 21045 ||| FLEEEEING.
 21053 | D:6      | 21053 ||| FLEEEEING.
 21061 | D:6      | 21061 ||| FLEEEEING.
 21069 | D:6      | 21069 ||| FLEEEEING.
 21077 | D:6      | 21077 ||| FLEEEEING.
 21085 | D:6      | 21085 ||| FLEEEEING.
 21093 | D:6      | 21093 ||| FLEEEEING.
 21101 | D:6      | 21101 ||| FLEEEEING.
 21109 | D:6      | 21109 ||| FLEEEEING.
 21117 | D:6      | 21117 ||| FLEEEEING.
 21125 | D:6      | 21125 ||| FLEEEEING.
 21133 | D:6      | 21133 ||| FLEEEEING.
 21141 | D:6      | 21141 ||| FLEEEEING.
 21149 | D:6      | 21149 ||| FLEEEEING.
 21157 | D:6      | 21157 ||| FLEEEEING.
 21165 | D:6      | 21165 ||| FLEEEEING.
 21173 | D:6      | 21173 ||| FLEEEEING.
 21181 | D:6      | 21181 ||| FLEEEEING.
 21189 | D:6      | 21189 ||| FLEEEEING.
 21197 | D:6      | 21197 ||| FLEEEEING.
 21205 | D:6      | 21205 ||| FLEEEEING.
 21213 | D:6      | 21213 ||| FLEEEEING.
 21221 | D:6      | 21221 ||| FLEEEEING.
 21229 | D:6      | 21229 ||| FLEEEEING.
 21237 | D:6      | 21237 ||| FLEEEEING.
 21245 | D:6      | 21245 ||| FLEEEEING.
 21253 | D:6      | 21253 ||| FLEEEEING.
 21261 | D:6      | 21261 ||| FLEEEEING.
 21269 | D:6      | 21269 ||| FLEEEEING.
 21277 | D:6      | 21277 ||| FLEEEEING.
 21285 | D:6      | 21285 ||| FLEEEEING.
 21293 | D:6      | 21293 ||| FLEEEEING.
 21301 | D:6      | 21301 ||| FLEEEEING.
 21309 | D:6      | 21309 ||| FLEEEEING.
 21317 | D:6      | 21317 ||| FLEEEEING.
 21325 | D:6      | 21325 ||| FLEEEEING.
 21333 | D:6      | 21333 ||| FLEEEEING.
 21341 | D:6      | 21341 ||| FLEEEEING.
 21349 | D:6      | 21349 ||| FLEEEEING.
 21357 | D:6      | 21357 ||| FLEEEEING.
 21365 | D:6      | 21365 ||| FLEEEEING.
 21373 | D:6      | 21373 ||| FLEEEEING.
 21381 | D:6      | 21381 ||| FLEEEEING.
 21389 | D:6      | 21389 ||| FLEEEEING.
 21397 | D:6      | 21397 ||| FLEEEEING.
 21405 | D:6      | 21405 ||| FLEEEEING.
 21413 | D:6      | 21413 ||| FLEEEEING.
 21421 | D:6      | 21421 ||| FLEEEEING.
 21429 | D:6      | 21429 ||| FLEEEEING.
 21437 | D:6      | 21437 ||| FLEEEEING.
 21445 | D:6      | 21445 ||| FLEEEEING.
 21453 | D:6      | 21453 ||| FLEEEEING.
 21461 | D:6      | 21461 ||| FLEEEEING.
 21469 | D:6      | 21469 ||| FLEEEEING.
 21477 | D:6      | 21477 ||| FLEEEEING.
 21485 | D:6      | 21485 ||| FLEEEEING.
 21493 | D:6      | 21493 ||| FLEEEEING.
 21501 | D:6      | 21501 ||| FLEEEEING.
 21509 | D:6      | 21509 ||| FLEEEEING.
 21517 | D:6      | 21517 ||| FLEEEEING.
 21525 | D:6      | 21525 ||| FLEEEEING.
 21533 | D:6      | 21533 ||| FLEEEEING.
 21541 | D:6      | 21541 ||| FLEEEEING.
 21549 | D:6      | 21549 ||| FLEEEEING.
 21557 | D:6      | 21557 ||| FLEEEEING.
 21565 | D:6      | 21565 ||| FLEEEEING.
 21573 | D:6      | 21573 ||| FLEEEEING.
 21581 | D:6      | 21581 ||| FLEEEEING.
 21589 | D:6      | 21589 ||| FLEEEEING.
 21597 | D:6      | 21597 ||| FLEEEEING.
 21605 | D:6      | 21605 ||| FLEEEEING.
 21613 | D:6      | 21613 ||| FLEEEEING.
 21621 | D:6      | 21621 ||| FLEEEEING.
 21629 | D:6      | 21629 ||| FLEEEEING.
 21637 | D:6      | 21637 ||| FLEEEEING.
 21645 | D:6      | 21645 ||| FLEEEEING.
 21653 | D:6      | 21653 ||| FLEEEEING.
 21661 | D:6      | 21661 ||| FLEEEEING.
 21669 | D:6      | 21669 ||| FLEEEEING.
 21677 | D:6      | 21677 ||| FLEEEEING.
 21685 | D:6      | 21685 ||| FLEEEEING.
 21693 | D:6      | 21693 ||| FLEEEEING.
 21701 | D:6      | 21701 ||| FLEEEEING.
 21709 | D:6      | 21709 ||| FLEEEEING.
 21717 | D:6      | 21717 ||| FLEEEEING.
 21725 | D:6      | 21725 ||| FLEEEEING.
 21733 | D:6      | 21733 ||| FLEEEEING.
 21741 | D:6      | 21741 ||| FLEEEEING.
 21749 | D:6      | 21749 ||| FLEEEEING.
 21757 | D:6      | 21757 ||| FLEEEEING.
 21765 | D:6      | 21765 ||| FLEEEEING.
 21773 | D:6      | 21773 ||| FLEEEEING.
 21781 | D:6      | 21781 ||| FLEEEEING.
 21789 | D:6      | 21789 ||| FLEEEEING.
 21797 | D:6      | 21797 ||| FLEEEEING.
 21805 | D:6      | 21805 ||| FLEEEEING.
 21813 | D:6      | 21813 ||| FLEEEEING.
 21821 | D:6      | 21821 ||| FLEEEEING.
 21829 | D:6      | 21829 ||| FLEEEEING.
 21837 | D:6      | 21837 ||| FLEEEEING.
 21845 | D:6      | 21845 ||| FLEEEEING.
 21853 | D:6      | 21853 ||| FLEEEEING.
 21861 | D:6      | 21861 ||| FLEEEEING.
 21869 | D:6      | 21869 ||| FLEEEEING.
 21877 | D:6      | 21877 ||| FLEEEEING.
 21885 | D:6      | 21885 ||| FLEEEEING.
 21893 | D:6      | 21893 ||| FLEEEEING.
 21901 | D:6      | 21901 ||| FLEEEEING.
 21909 | D:6      | 21909 ||| FLEEEEING.
 21917 | D:6      | 21917 ||| FLEEEEING.
 21925 | D:6      | 21925 ||| FLEEEEING.
 21933 | D:6      | 21933 ||| FLEEEEING.
 21941 | D:6      | 21941 ||| FLEEEEING.
 21949 | D:6      | 21949 ||| FLEEEEING.
 21957 | D:6      | 21957 ||| FLEEEEING.
 21965 | D:6      | 21965 ||| FLEEEEING.
 21973 | D:6      | 21973 ||| FLEEEEING.
 21981 | D:6      | 21981 ||| FLEEEEING.
 21989 | D:6      | 21989 ||| FLEEEEING.
 21997 | D:6      | 21997 ||| FLEEEEING.
 22005 | D:6      | 22005 ||| FLEEEEING.
 22013 | D:6      | 22013 ||| FLEEEEING.
 22021 | D:6      | 22021 ||| FLEEEEING.
 22029 | D:6      | 22029 ||| FLEEEEING.
 22037 | D:6      | 22037 ||| FLEEEEING.
 22045 | D:6      | 22045 ||| FLEEEEING.
 22053 | D:6      | 22053 ||| FLEEEEING.
 22061 | D:6      | 22061 ||| FLEEEEING.
 22069 | D:6      | 22069 ||| FLEEEEING.
 22077 | D:6      | 22077 ||| FLEEEEING.
 22085 | D:6      | 22085 ||| FLEEEEING.
 22093 | D:6      | 22093 ||| FLEEEEING.
 22101 | D:6      | 22101 ||| FLEEEEING.
 22109 | D:6      | 22109 ||| FLEEEEING.
 22117 | D:6      | 22117 ||| FLEEEEING.
 22125 | D:6      | 22125 ||| FLEEEEING.
 22133 | D:6      | 22133 ||| FLEEEEING.
 22141 | D:6      | 22141 ||| FLEEEEING.
 22149 | D:6      | 22149 ||| FLEEEEING.
 22157 | D:6      | 22157 ||| FLEEEEING.
 22165 | D:6      | 22165 ||| FLEEEEING.
 22173 | D:6      | 22173 ||| FLEEEEING.
 22181 | D:6      | 22181 ||| FLEEEEING.
 22189 | D:6      | 22189 ||| FLEEEEING.
 22197 | D:6      | 22197 ||| FLEEEEING.
 22205 | D:6      | 22205 ||| FLEEEEING.
 22213 | D:6      | 22213 ||| FLEEEEING.
 22221 | D:6      | 22221 ||| FLEEEEING.
 22229 | D:6      | 22229 ||| FLEEEEING.
 22237 | D:6      | 22237 ||| FLEEEEING.
 22245 | D:6      | 22245 ||| FLEEEEING.
 22253 | D:6      | 22253 ||| FLEEEEING.
 22261 | D:6      | 22261 ||| FLEEEEING.
 22269 | D:6      | 22269 ||| FLEEEEING.
 22277 | D:6      | 22277 ||| FLEEEEING.
 22285 | D:6      | 22285 ||| FLEEEEING.
 22293 | D:6      | 22293 ||| FLEEEEING.
 22301 | D:6      | 22301 ||| FLEEEEING.
 22309 | D:6      | 22309 ||| FLEEEEING.
 22317 | D:6      | 22317 ||| FLEEEEING.
 22325 | D:6      | 22325 ||| FLEEEEING.
 22333 | D:6      | 22333 ||| FLEEEEING.
 22341 | D:6      | 22341 ||| FLEEEEING.
 22349 | D:6      | 22349 ||| FLEEEEING.
 22357 | D:6      | 22357 ||| FLEEEEING.
 22365 | D:6      | 22365 ||| FLEEEEING.
 22373 | D:6      | 22373 ||| FLEEEEING.
 22381 | D:6      | 22381 ||| FLEEEEING.
 22389 | D:6      | 22389 ||| FLEEEEING.
 22397 | D:6      | 22397 ||| FLEEEEING.
 22405 | D:6      | 22405 ||| FLEEEEING.
 22413 | D:6      | 22413 ||| FLEEEEING.
 22421 | D:6      | 22421 ||| FLEEEEING.
 22429 | D:6      | 22429 ||| FLEEEEING.
 22437 | D:6      | 22437 ||| FLEEEEING.
 22445 | D:6      | 22445 ||| FLEEEEING.
 22453 | D:6      | 22453 ||| FLEEEEING.
 22461 | D:6      | 22461 ||| FLEEEEING.
 22469 | D:6      | 22469 ||| FLEEEEING.
 22477 | D:6      | 22477 ||| FLEEEEING.
 22485 | D:6      | 22485 ||| FLEEEEING.
 22493 | D:6      | 22493 ||| FLEEEEING.
 22501 | D:6      | 22501 ||| FLEEEEING.
 22509 | D:6      | 22509 ||| FLEEEEING.
 22517 | D:6      | 22517 ||| FLEEEEING.
 22525 | D:6      | 22525 ||| FLEEEEING.
 22533 | D:6      | 22533 ||| FLEEEEING.
 22541 | D:6      | 22541 ||| FLEEEEING.
 22549 | D:6      | 22549 ||| FLEEEEING.
 22557 | D:6      | 22557 ||| FLEEEEING.
 22565 | D:6      | 22565 ||| FLEEEEING.
 22573 | D:6      | 22573 ||| FLEEEEING.
 22581 | D:6      | 22581 ||| FLEEEEING.
 22589 | D:6      | 22589 ||| FLEEEEING.
 22597 | D:6      | 22597 ||| FLEEEEING.
 22605 | D:6      | 22605 ||| FLEEEEING.
 22613 | D:6      | 22613 ||| FLEEEEING.
 22621 | D:6      | 22621 ||| FLEEEEING.
 22629 | D:6      | 22629 ||| FLEEEEING.
 22637 | D:6      | 22637 ||| FLEEEEING.
 22645 | D:6      | 22645 ||| FLEEEEING.
 22653 | D:6      | 22653 ||| FLEEEEING.
 22661 | D:6      | 22661 ||| FLEEEEING.
 22669 | D:6      | 22669 ||| FLEEEEING.
 22677 | D:6      | 22677 ||| FLEEEEING.
 22685 | D:6      | 22685 ||| FLEEEEING.
 22693 | D:6      | 22693 ||| FLEEEEING.
 22701 | D:6      | 22701 ||| FLEEEEING.
 22709 | D:6      | 22709 ||| FLEEEEING.
 22717 | D:6      | 22717 ||| FLEEEEING.
 22725 | D:6      | 22725 ||| FLEEEEING.
 22733 | D:6      | 22733 ||| FLEEEEING.
 22741 | D:6      | 22741 ||| FLEEEEING.
 22749 | D:6      | 22749 ||| FLEEEEING.
 22757 | D:6      | 22757 ||| FLEEEEING.
 22765 | D:6      | 22765 ||| FLEEEEING.
 22773 | D:6      | 22773 ||| FLEEEEING.
 22781 | D:6      | 22781 ||| FLEEEEING.
 22789 | D:6      | 22789 ||| FLEEEEING.
 22797 | D:6      | 22797 ||| FLEEEEING.
 22805 | D:6      | 22805 ||| FLEEEEING.
 22813 | D:6      | 22813 ||| FLEEEEING.
 22821 | D:6      | 22821 ||| FLEEEEING.
 22829 | D:6      | 22829 ||| FLEEEEING.
 22837 | D:6      | 22837 ||| FLEEEEING.
 22845 | D:6      | 22845 ||| FLEEEEING.
 22853 | D:6      | 22853 ||| FLEEEEING.
 22861 | D:6      | 22861 ||| FLEEEEING.
 22869 | D:6      | 22869 ||| FLEEEEING.
 22877 | D:6      | 22877 ||| FLEEEEING.
 22885 | D:6      | 22885 ||| FLEEEEING.
 22893 | D:6      | 22893 ||| FLEEEEING.
 22901 | D:6      | 22901 ||| FLEEEEING.
 22909 | D:6      | 22909 ||| FLEEEEING.
 22917 | D:6      | 22917 ||| FLEEEEING.
 22925 | D:6      | 22925 ||| FLEEEEING.
 22933 | D:6      | 22933 ||| FLEEEEING.
 22941 | D:6      | 22941 ||| FLEEEEING.
 22949 | D:6      | 22949 ||| FLEEEEING.
 22957 | D:6      | 22957 ||| FLEEEEING.
 22965 | D:6      | 22965 ||| FLEEEEING.
 22973 | D:6      | 22973 ||| FLEEEEING.
 22981 | D:6      | 22981 ||| FLEEEEING.
 22989 | D:6      | 22989 ||| FLEEEEING.
 22997 | D:6      | 22997 ||| FLEEEEING.
 23005 | D:6      | 23005 ||| FLEEEEING.
 23013 | D:6      | 23013 ||| FLEEEEING.
 23021 | D:6      | 23021 ||| FLEEEEING.
 23029 | D:6      | 23029 ||| FLEEEEING.
 23037 | D:6      | 23037 ||| FLEEEEING.
 23045 | D:6      | 23045 ||| FLEEEEING.
 23053 | D:6      | 23053 ||| FLEEEEING.
 23061 | D:6      | 23061 ||| FLEEEEING.
 23069 | D:6      | 23069 ||| FLEEEEING.
 23077 | D:6      | 23077 ||| FLEEEEING.
 23085 | D:6      | 23085 ||| FLEEEEING.
 23093 | D:6      | 23093 ||| FLEEEEING.
 23101 | D:6      | 23101 ||| FLEEEEING.
 23109 | D:6      | 23109 ||| FLEEEEING.
 23117 | D:6      | 23117 ||| FLEEEEING.
 23125 | D:6      | 23125 ||| FLEEEEING.
 23133 | D:6      | 23133 ||| FLEEEEING.
 23141 | D:6      | 23141 ||| FLEEEEING.
 23149 | D:6      | 23149 ||| FLEEEEING.
 23157 | D:6      | 23157 ||| FLEEEEING.
 23165 | D:6      | 23165 ||| FLEEEEING.
 23173 | D:6      | 23173 ||| FLEEEEING.
 23181 | D:6      | 23181 ||| FLEEEEING.
 23189 | D:6      | 23189 ||| FLEEEEING.
 23197 | D:6      | 23197 ||| FLEEEEING.
 23205 | D:6      | 23205 ||| FLEEEEING.
 23213 | D:6      | 23213 ||| FLEEEEING.
 23221 | D:6      | 23221 ||| FLEEEEING.
 23229 | D:6      | 23229 ||| FLEEEEING.
 23237 | D:6      | 23237 ||| FLEEEEING.
 23245 | D:6      | 23245 ||| FLEEEEING.
 23253 | D:6      | 23253 ||| FLEEEEING.
 23261 | D:6      | 23261 ||| FLEEEEING.
 23269 | D:6      | 23269 ||| FLEEEEING.
 23277 | D:6      | 23277 ||| FLEEEEING.
 23285 | D:6      | 23285 ||| FLEEEEING.
 23293 | D:6      | 23293 ||| FLEEEEING.
 23301 | D:6      | 23301 ||| FLEEEEING.
 23309 | D:6      | 23309 ||| FLEEEEING.
 23317 | D:6      | 23317 ||| FLEEEEING.
 23325 | D:6      | 23325 ||| FLEEEEING.
 23333 | D:6      | 23333 ||| FLEEEEING.
 23341 | D:6      | 23341 ||| FLEEEEING.
 23349 | D:6      | 23349 ||| FLEEEEING.
 23357 | D:6      | 23357 ||| FLEEEEING.
 23365 | D:6      | 23365 ||| FLEEEEING.
 23373 | D:6      | 23373 ||| FLEEEEING.
 23381 | D:6      | 23381 ||| FLEEEEING.
 23389 | D:6      | 23389 ||| FLEEEEING.
 23397 | D:6      | 23397 ||| FLEEEEING.
 23405 | D:6      | 23405 ||| FLEEEEING.
 23413 | D:6      | 23413 ||| FLEEEEING.
 23421 | D:6      | 23421 ||| FLEEEEING.
 23429 | D:6      | 23429 ||| FLEEEEING.
 23437 | D:6      | 23437 ||| FLEEEEING.
 23445 | D:6      | 23445 ||| FLEEEEING.
 23453 | D:6      | 23453 ||| FLEEEEING.
 23461 | D:6      | 23461 ||| FLEEEEING.
 23469 | D:6      | 23469 ||| FLEEEEING.
 23477 | D:6      | 23477 ||| FLEEEEING.
 23485 | D:6      | 23485 ||| FLEEEEING.
 23493 | D:6      | 23493 ||| FLEEEEING.
 23501 | D:6      | 23501 ||| FLEEEEING.
 23509 | D:6      | 23509 ||| FLEEEEING.
 23517 | D:6      | 23517 ||| FLEEEEING.
 23525 | D:6      | 23525 ||| FLEEEEING.
 23533 | D:6      | 23533 ||| FLEEEEING.
 23541 | D:6      | 23541 ||| FLEEEEING.
 23549 | D:6      | 23549 ||| FLEEEEING.
 23557 | D:6      | 23557 ||| FLEEEEING.
 23565 | D:6      | 23565 ||| FLEEEEING.
 23573 | D:6      | 23573 ||| FLEEEEING.
 23581 | D:6      | 23581 ||| FLEEEEING.
 23589 | D:6      | 23589 ||| FLEEEEING.
 23597 | D:6      | 23597 ||| FLEEEEING.
 23605 | D:6      | 23605 ||| FLEEEEING.
 23613 | D:6      | 23613 ||| FLEEEEING.
 23621 | D:6      | 23621 ||| FLEEEEING.
 23629 | D:6      | 23629 ||| FLEEEEING.
 23637 | D:6      | 23637 ||| FLEEEEING.
 23645 | D:6      | 23645 ||| FLEEEEING.
 23653 | D:6      | 23653 ||| FLEEEEING.
 23661 | D:6      | 23661 ||| FLEEEEING.
 23669 | D:6      | 23669 ||| FLEEEEING.
 23677 | D:6      | 23677 ||| FLEEEEING.
 23685 | D:6      | 23685 ||| FLEEEEING.
 23693 | D:6      | 23693 ||| FLEEEEING.
 23701 | D:6      | 23701 ||| FLEEEEING.
 23709 | D:6      | 23709 ||| FLEEEEING.
 23717 | D:6      | 23717 ||| FLEEEEING.
 23725 | D:6      | 23725 ||| FLEEEEING.
 23733 | D:6      | 23733 ||| FLEEEEING.
 23741 | D:6      | 23741 ||| FLEEEEING.
 23749 | D:6      | 23749 ||| FLEEEEING.
 23757 | D:6      | 23757 ||| FLEEEEING.
 23765 | D:6      | 23765 ||| FLEEEEING.
 23773 | D:6      | 23773 ||| FLEEEEING.
 23781 | D:6      | 23781 ||| FLEEEEING.
 23789 | D:6      | 23789 ||| FLEEEEING.
 23797 | D:6      | 23797 ||| FLEEEEING.
 23805 | D:6      | 23805 ||| FLEEEEING.
 23813 | D:6      | 23813 ||| FLEEEEING.
 23821 | D:6      | 23821 ||| FLEEEEING.
 23829 | D:6      | 23829 ||| FLEEEEING.
 23837 | D:6      | 23837 ||| FLEEEEING.
 23845 | D:6      | 23845 ||| FLEEEEING.
 23853 | D:6      | 23853 ||| FLEEEEING.
 23861 | D:6      | 23861 ||| FLEEEEING.
 23869 | D:6      | 23869 ||| FLEEEEING.
 23877 | D:6      | 23877 ||| FLEEEEING.
 23885 | D:6      | 23885 ||| FLEEEEING.
 23893 | D:6      | 23893 ||| FLEEEEING.
 23901 | D:6      | 23901 ||| FLEEEEING.
 23909 | D:6      | 23909 ||| FLEEEEING.
 23917 | D:6      | 23917 ||| FLEEEEING.
 23925 | D:6      | 23925 ||| FLEEEEING.
 23933 | D:6      | 23933 ||| FLEEEEING.
 23941 | D:6      | 23941 ||| FLEEEEING.
 23949 | D:6      | 23949 ||| FLEEEEING.
 23957 | D:6      | 23957 ||| FLEEEEING.
 23965 | D:6      | 23965 ||| FLEEEEING.
 23973 | D:6      | 23973 ||| FLEEEEING.
 23981 | D:6      | 23981 ||| FLEEEEING.
 23989 | D:6      | 23989 ||| FLEEEEING.
 23997 | D:6      | 23997 ||| FLEEEEING.
 24005 | D:6      | 24005 ||| FLEEEEING.
 24013 | D:6      | 24013 ||| FLEEEEING.
 24021 | D:6      | 24021 ||| FLEEEEING.
 24029 | D:6      | 24029 ||| FLEEEEING.
 24037 | D:6      | 24037 ||| FLEEEEING.
 24045 | D:6      | 24045 ||| FLEEEEING.
 24053 | D:6      | 24053 ||| FLEEEEING.
 24061 | D:6      | 24061 ||| FLEEEEING.
 24069 | D:6      | 24069 ||| FLEEEEING.
 24077 | D:6      | 24077 ||| FLEEEEING.
 24085 | D:6      | 24085 ||| FLEEEEING.
 24093 | D:6      | 24093 ||| FLEEEEING.
 24101 | D:6      | 24101 ||| FLEEEEING.
 24109 | D:6      | 24109 ||| FLEEEEING.
 24117 | D:6      | 24117 ||| FLEEEEING.
 24125 | D:6      | 24125 ||| FLEEEEING.
 24133 | D:6      | 24133 ||| FLEEEEING.
 24141 | D:6      | 24141 ||| FLEEEEING.
 24149 | D:6      | 24149 ||| FLEEEEING.
 24157 | D:6      | 24157 ||| FLEEEEING.
 24165 | D:6      | 24165 ||| FLEEEEING.
 24173 | D:6      | 24173 ||| FLEEEEING.
 24181 | D:6      | 24181 ||| FLEEEEING.
 24189 | D:6      | 24189 ||| FLEEEEING.
 24197 | D:6      | 24197 ||| FLEEEEING.
 24205 | D:6      | 24205 ||| FLEEEEING.
 24213 | D:6      | 24213 ||| FLEEEEING.
 24221 | D:6      | 24221 ||| FLEEEEING.
 24229 | D:6      | 24229 ||| FLEEEEING.
 24237 | D:6      | 24237 ||| FLEEEEING.
 24245 | D:6      | 24245 ||| FLEEEEING.
 24253 | D:6      | 24253 ||| FLEEEEING.
 24261 | D:6      | 24261 ||| FLEEEEING.
 24269 | D:6      | 24269 ||| FLEEEEING.
 24277 | D:6      | 24277 ||| FLEEEEING.
 24285 | D:6      | 24285 ||| FLEEEEING.
 24293 | D:6      | 24293 ||| FLEEEEING.
 24301 | D:6      | 24301 ||| FLEEEEING.
 24309 | D:6      | 24309 ||| FLEEEEING.
 24317 | D:6      | 24317 ||| FLEEEEING.
 24325 | D:6      | 24325 ||| FLEEEEING.
 24333 | D:6      | 24333 ||| FLEEEEING.
 24341 | D:6      | 24341 ||| FLEEEEING.
 24349 | D:6      | 24349 ||| FLEEEEING.
 24357 | D:6      | 24357 ||| FLEEEEING.
 24365 | D:6      | 24365 ||| FLEEEEING.
 24373 | D:6      | 24373 ||| FLEEEEING.
 24381 | D:6      | 24381 ||| FLEEEEING.
 24389 | D:6      | 24389 ||| FLEEEEING.
 24397 | D:6      | 24397 ||| FLEEEEING.
 24405 | D:6      | 24405 ||| FLEEEEING.
 24413 | D:6      | 24413 ||| FLEEEEING.
 24421 | D:6      | 24421 ||| FLEEEEING.
 24429 | D:6      | 24429 ||| FLEEEEING.
 24437 | D:6      | 24437 ||| FLEEEEING.
 24445 | D:6      | 24445 ||| FLEEEEING.
 24453 | D:6      | 24453 ||| FLEEEEING.
 24461 | D:6      | 24461 ||| FLEEEEING.
 24469 | D:6      | 24469 ||| FLEEEEING.
 24477 | D:6      | 24477 ||| FLEEEEING.
 24485 | D:6      | 24485 ||| FLEEEEING.
 24493 | D:6      | 24493 ||| FLEEEEING.
 24501 | D:6      | 24501 ||| FLEEEEING.
 24509 | D:6      | 24509 ||| FLEEEEING.
 24517 | D:6      | 24517 ||| FLEEEEING.
 24525 | D:6      | 24525 ||| FLEEEEING.
 24533 | D:6      | 24533 ||| FLEEEEING.
 24541 | D:6      | 24541 ||| FLEEEEING.
 24549 | D:6      | 24549 ||| FLEEEEING.
 24557 | D:6      | 24557 ||| FLEEEEING.
 24565 | D:6      | 24565 ||| FLEEEEING.
 24573 | D:6      | 24573 ||| FLEEEEING.
 24581 | D:6      | 24581 ||| FLEEEEING.
 24589 | D:6      | 24589 ||| FLEEEEING.
 24597 | D:6      | 24597 ||| FLEEEEING.
 24605 | D:6      | 24605 ||| FLEEEEING.
 24613 | D:6      | 24613 ||| FLEEEEING.
 24621 | D:6      | 24621 ||| FLEEEEING.
 24629 | D:6      | 24629 ||| FLEEEEING.
 24637 | D:6      | 24637 ||| FLEEEEING.
 24645 | D:6      | 24645 ||| FLEEEEING.
 24653 | D:6      | 24653 ||| FLEEEEING.
 24661 | D:6      | 24661 ||| FLEEEEING.
 24669 | D:6      | 24669 ||| FLEEEEING.
 24677 | D:6      | 24677 ||| FLEEEEING.
 24685 | D:6      | 24685 ||| FLEEEEING.
 24693 | D:6      | 24693 ||| FLEEEEING.
 24701 | D:6      | 24701 ||| FLEEEEING.
 24709 | D:6      | 24709 ||| FLEEEEING.
 24717 | D:6      | 24717 ||| FLEEEEING.
 24725 | D:6      | 24725 ||| FLEEEEING.
 24733 | D:6      | 24733 ||| FLEEEEING.
 24741 | D:6      | 24741 ||| FLEEEEING.
 24749 | D:6      | 24749 ||| FLEEEEING.
 24757 | D:6      | 24757 ||| FLEEEEING.
 24765 | D:6      | 24765 ||| FLEEEEING.
 24773 | D:6      | 24773 ||| FLEEEEING.
 24781 | D:6      | 24781 ||| FLEEEEING.
 24789 | D:6      | 24789 ||| FLEEEEING.
 24797 | D:6      | 24797 ||| FLEEEEING.
 24805 | D:6      | 24805 ||| FLEEEEING.
 24813 | D:6      | 24813 ||| FLEEEEING.
 24821 | D:6      | 24821 ||| FLEEEEING.
 24829 | D:6      | 24829 ||| FLEEEEING.
 24837 | D:6      | 24837 ||| FLEEEEING.
 24845 | D:6      | 24845 ||| FLEEEEING.
 24853 | D:6      | 24853 ||| FLEEEEING.
 24861 | D:6      | 24861 ||| FLEEEEING.
 24869 | D:6      | 24869 ||| FLEEEEING.
 24877 | D:6      | 24877 ||| FLEEEEING.
 24885 | D:6      | 24885 ||| FLEEEEING.
 24893 | D:6      | 24893 ||| FLEEEEING.
 24901 | D:6      | 24901 ||| FLEEEEING.
 24909 | D:6      | 24909 ||| FLEEEEING.
 24917 | D:6      | 24917 ||| FLEEEEING.
 24925 | D:6      | 24925 ||| FLEEEEING.
 24933 | D:6      | 24933 ||| FLEEEEING.
 24941 | D:6      | 24941 ||| FLEEEEING.
 24949 | D:6      | 24949 ||| FLEEEEING.
 24957 | D:6      | 24957 ||| FLEEEEING.
 24965 | D:6      | 24965 ||| FLEEEEING.
 24973 | D:6      | 24973 ||| FLEEEEING.
 24981 | D:6      | 24981 ||| FLEEEEING.
 24989 | D:6      | 24989 ||| FLEEEEING.
 24997 | D:6      | 24997 ||| FLEEEEING.
 25005 | D:6      | 25005 ||| FLEEEEING.
 25013 | D:6      | 25013 ||| FLEEEEING.
 25021 | D:6      | 25021 ||| FLEEEEING.
 25029 | D:6      | 25029 ||| FLEEEEING.
 25037 | D:6      | 25037 ||| FLEEEEING.
 25045 | D:6      | 25045 ||| FLEEEEING.
 25053 | D:6      | 25053 ||| FLEEEEING.
 25061 | D:6      | 25061 ||| FLEEEEING.
 25069 | D:6      | 25069 ||| FLEEEEING.
 25077 | D:6      | 25077 ||| FLEEEEING.
 25085 | D:6      | 25085 ||| FLEEEEING.
 25093 | D:6      | 25093 ||| FLEEEEING.
 25101 | D:6      | 25101 ||| FLEEEEING.
 25109 | D:6      | 25109 ||| FLEEEEING.
 25117 | D:6      | 25117 ||| FLEEEEING.
 25125 | D:6      | 25125 ||| FLEEEEING.
 25133 | D:6      | 25133 ||| FLEEEEING.
 25141 | D:6      | 25141 ||| FLEEEEING.
 25149 | D:6      | 25149 ||| FLEEEEING.
 25157 | D:6      | 25157 ||| FLEEEEING.
 25165 | D:6      | 25165 ||| FLEEEEING.
 25173 | D:6      | 25173 ||| FLEEEEING.
 25181 | D:6      | 25181 ||| FLEEEEING.
 25189 | D:6      | 25189 ||| FLEEEEING.
 25197 | D:6      | 25197 ||| FLEEEEING.
 25205 | D:6      | 25205 ||| FLEEEEING.
 25213 | D:6      | 25213 ||| FLEEEEING.
 25221 | D:6      | 25221 ||| FLEEEEING.
 25229 | D:6      | 25229 ||| FLEEEEING.
 25237 | D:6      | 25237 ||| FLEEEEING.
 25245 | D:6      | 25245 ||| FLEEEEING.
 25253 | D:6      | 25253 ||| FLEEEEING.
 25261 | D:6      | 25261 ||| FLEEEEING.
 25269 | D:6      | 25269 ||| FLEEEEING.
 25277 | D:6      | 25277 ||| FLEEEEING.
 25285 | D:6      | 25285 ||| FLEEEEING.
 25293 | D:6      | 25293 ||| FLEEEEING.
 25301 | D:6      | 25301 ||| FLEEEEING.
 25309 | D:6      | 25309 ||| FLEEEEING.
 25317 | D:6      | 25317 ||| FLEEEEING.
 25325 | D:6      | 25325 ||| FLEEEEING.
 25333 | D:6      | 25333 ||| FLEEEEING.
 25341 | D:6      | 25341 ||| FLEEEEING.
 25349 | D:6      | 25349 ||| FLEEEEING.
 25357 | D:6      | 25357 ||| FLEEEEING.
 25365 | D:6      | 25365 ||| FLEEEEING.
 25373 | D:6      | 25373 ||| FLEEEEING.
 25381 | D:6      | 25381 ||| FLEEEEING.
 25389 | D:6      | 25389 ||| FLEEEEING.
 25397 | D:6      | 25397 ||| FLEEEEING.
 25405 | D:6      | 25405 ||| FLEEEEING.
 25413 | D:6      | 25413 ||| FLEEEEING.
 25421 | D:6      | 25421 ||| FLEEEEING.
 25429 | D:6      | 25429 ||| FLEEEEING.
 25437 | D:6      | 25437 ||| FLEEEEING.
 25445 | D:6      | 25445 ||| FLEEEEING.
 25453 | D:6      | 25453 ||| FLEEEEING.
 25461 | D:6      | 25461 ||| FLEEEEING.
 25469 | D:6      | 25469 ||| FLEEEEING.
 25477 | D:6      | 25477 ||| FLEEEEING.
 25485 | D:6      | 25485 ||| FLEEEEING.
 25493 | D:6      | 25493 ||| FLEEEEING.
 25501 | D:6      | 25501 ||| FLEEEEING.
 25509 | D:6      | 25509 ||| FLEEEEING.
 25517 | D:6      | 25517 ||| FLEEEEING.
 25525 | D:6      | 25525 ||| FLEEEEING.
 25533 | D:6      | 25533 ||| FLEEEEING.
 25541 | D:6      | 25541 ||| FLEEEEING.
 25549 | D:6      | 25549 ||| FLEEEEING.
 25557 | D:6      | 25557 ||| FLEEEEING.
 25565 | D:6      | 25565 ||| FLEEEEING.
 25573 | D:6      | 25573 ||| FLEEEEING.
 25581 | D:6      | 25581 ||| FLEEEEING.
 25589 | D:6      | 25589 ||| FLEEEEING.
 25597 | D:6      | 25597 ||| FLEEEEING.
 25605 | D:6      | 25605 ||| FLEEEEING.
 25613 | D:6      | 25613 ||| FLEEEEING.
 25621 | D:6      | 25621 ||| FLEEEEING.
 25629 | D:6      | 25629 ||| FLEEEEING.
 25637 | D:6      | 25637 ||| FLEEEEING.
 25645 | D:6      | 25645 ||| FLEEEEING.
 25653 | D:6      | 25653 ||| FLEEEEING.
 25661 | D:6      | 25661 ||| FLEEEEING.
 25669 | D:6      | 25669 ||| FLEEEEING.
 25677 | D:6      | 25677 ||| FLEEEEING.
 25685 | D:6      | 25685 ||| FLEEEEING.
 25693 | D:6      | 25693 ||| FLEEEEING.
 25701 | D:6      | 25701 ||| FLEEEEING.
 25709 | D:6      | 25709 ||| FLEEEEING.
 25717 | D:6      | 25717 ||| FLEEEEING.
 25725 | D:6      | 25725 ||| FLEEEEING.
 25733 | D:6      | 25733 ||| FLEEEEING.
 25741 | D:6      | 25741 ||| FLEEEEING.
 25749 | D:6      | 25749 ||| FLEEEEING.
 25757 | D:6      | 25757 ||| FLEEEEING.
 25765 | D:6      | 25765 ||| FLEEEEING.
 25773 | D:6      | 25773 ||| FLEEEEING.
 25781 | D:6      | 25781 ||| FLEEEEING.
 25789 | D:6      | 25789 ||| FLEEEEING.
 25797 | D:6      | 25797 ||| FLEEEEING.
 25805 | D:6      | 25805 ||| FLEEEEING.
 25813 | D:6      | 25813 ||| FLEEEEING.
 25821 | D:6      | 25821 ||| FLEEEEING.
 25829 | D:6      | 25829 ||| FLEEEEING.
 25837 | D:6      | 25837 ||| FLEEEEING.
 25845 | D:6      | 25845 ||| FLEEEEING.
 25853 | D:6      | 25853 ||| FLEEEEING.
 25861 | D:6      | 25861 ||| FLEEEEING.
 25869 | D:6      | 25869 ||| FLEEEEING.
 25877 | D:6      | 25877 ||| FLEEEEING.
 25885 | D:6      | 25885 ||| FLEEEEING.
 25893 | D:6      | 25893 ||| FLEEEEING.
 25901 | D:6      | 25901 ||| FLEEEEING.
 25909 | D:6      | 25909 ||| FLEEEEING.
 25917 | D:6      | 25917 ||| FLEEEEING.
 25925 | D:6      | 25925 ||| FLEEEEING.
 25933 | D:6      | 25933 ||| FLEEEEING.
 25941 | D:6      | 25941 ||| FLEEEEING.
 25949 | D:6      | 25949 ||| FLEEEEING.
 25957 | D:6      | 25957 ||| FLEEEEING.
 25965 | D:6      | 25965 ||| FLEEEEING.
 25973 | D:6      | 25973 ||| FLEEEEING.
 25981 | D:6      | 25981 ||| FLEEEEING.
 25989 | D:6      | 25989 ||| FLEEEEING.
 25997 | D:6      | 25997 ||| FLEEEEING.
 26005 | D:6      | 26005 ||| FLEEEEING.
 26013 | D:6      | 26013 ||| FLEEEEING.
 26021 | D:6      | 26021 ||| FLEEEEING.
 26029 | D:6      | 26029 ||| FLEEEEING.
 26037 | D:6      | 26037 ||| FLEEEEING.
 26045 | D:6      | 26045 ||| FLEEEEING.
 26053 | D:6      | 26053 ||| FLEEEEING.
 26061 | D:6      | 26061 ||| FLEEEEING.
 26069 | D:6      | 26069 ||| FLEEEEING.
 26077 | D:6      | 26077 ||| FLEEEEING.
 26085 | D:6      | 26085 ||| FLEEEEING.
 26093 | D:6      | 26093 ||| FLEEEEING.
 26101 | D:6      | 26101 ||| FLEEEEING.
 26109 | D:6      | 26109 ||| FLEEEEING.
 26117 | D:6      | 26117 ||| FLEEEEING.
 26125 | D:6      | 26125 ||| FLEEEEING.
 26133 | D:6      | 26133 ||| FLEEEEING.
 26141 | D:6      | 26141 ||| FLEEEEING.
 26149 | D:6      | 26149 ||| FLEEEEING.
 26157 | D:6      | 26157 ||| FLEEEEING.
 26165 | D:6      | 26165 ||| FLEEEEING.
 26173 | D:6      | 26173 ||| FLEEEEING.
 26181 | D:6      | 26181 ||| FLEEEEING.
 26189 | D:6      | 26189 ||| FLEEEEING.
 26197 | D:6      | 26197 ||| FLEEEEING.
 26205 | D:6      | 26205 ||| FLEEEEING.
 26213 | D:6      | 26213 ||| FLEEEEING.
 26221 | D:6      | 26221 ||| FLEEEEING.
 26229 | D:6      | 26229 ||| FLEEEEING.
 26237 | D:6      | 26237 ||| FLEEEEING.
 26245 | D:6      | 26245 ||| FLEEEEING.
 26253 | D:6      | 26253 ||| FLEEEEING.
 26261 | D:6      | 26261 ||| FLEEEEING.
 26269 | D:6      | 26269 ||| FLEEEEING.
 26277 | D:6      | 26277 ||| FLEEEEING.
 26285 | D:6      | 26285 ||| FLEEEEING.
 26293 | D:6      | 26293 ||| FLEEEEING.
 26301 | D:6      | 26301 ||| FLEEEEING.
 26309 | D:6      | 26309 ||| FLEEEEING.
 26317 | D:6      | 26317 ||| FLEEEEING.
 26325 | D:6      | 26325 ||| FLEEEEING.
 26333 | D:6      | 26333 ||| FLEEEEING.
 26341 | D:6      | 26341 ||| FLEEEEING.
 26349 | D:6      | 26349 ||| FLEEEEING.
 26357 | D:6      | 26357 ||| FLEEEEING.
 26365 | D:6      | 26365 ||| FLEEEEING.
 26373 | D:6      | 26373 ||| FLEEEEING.
 26381 | D:6      | 26381 ||| FLEEEEING.
 26389 | D:6      | 26389 ||| FLEEEEING.
 26397 | D:6      | 26397 ||| FLEEEEING.
 26405 | D:6      | 26405 ||| FLEEEEING.
 26413 | D:6      | 26413 ||| FLEEEEING.
 26421 | D:6      | 26421 ||| FLEEEEING.
 26429 | D:6      | 26429 ||| FLEEEEING.
 26437 | D:6      | 26437 ||| FLEEEEING.
 26445 | D:6      | 26445 ||| FLEEEEING.
 26453 | D:6      | 26453 ||| FLEEEEING.
 26461 | D:6      | 26461 ||| FLEEEEING.
 26469 | D:6      | 26469 ||| FLEEEEING.
 26477 | D:6      | 26477 ||| FLEEEEING.
 26485 | D:6      | 26485 ||| FLEEEEING.
 26493 | D:6      | 26493 ||| FLEEEEING.
 26501 | D:6      | 26501 ||| FLEEEEING.
 26509 | D:6      | 26509 ||| FLEEEEING.
 26517 | D:6      | 26517 ||| FLEEEEING.
 26525 | D:6      | 26525 ||| FLEEEEING.
 26533 | D:6      | 26533 ||| FLEEEEING.
 26541 | D:6      | 26541 ||| FLEEEEING.
 26549 | D:6      | 26549 ||| FLEEEEING.
 26557 | D:6      | 26557 ||| FLEEEEING.
 26565 | D:6      | 26565 ||| FLEEEEING.
 26573 | D:6      | 26573 ||| FLEEEEING.
 26581 | D:6      | 26581 ||| FLEEEEING.
 26589 | D:6      | 26589 ||| FLEEEEING.
 26597 | D:6      | 26597 ||| FLEEEEING.
 26605 | D:6      | 26605 ||| FLEEEEING.
 26613 | D:6      | 26613 ||| FLEEEEING.
 26621 | D:6      | 26621 ||| FLEEEEING.
 26629 | D:6      | 26629 ||| FLEEEEING.
 26637 | D:6      | 26637 ||| FLEEEEING.
 26645 | D:6      | 26645 ||| FLEEEEING.
 26653 | D:6      | 26653 ||| FLEEEEING.
 26661 | D:6      | 26661 ||| FLEEEEING.
 26669 | D:6      | 26669 ||| FLEEEEING.
 26677 | D:6      | 26677 ||| FLEEEEING.
 26685 | D:6      | 26685 ||| FLEEEEING.
 26693 | D:6      | 26693 ||| FLEEEEING.
 26701 | D:6      | 26701 ||| FLEEEEING.
 26709 | D:6      | 26709 ||| FLEEEEING.
 26717 | D:6      | 26717 ||| FLEEEEING.
 26725 | D:6      | 26725 ||| FLEEEEING.
 26733 | D:6      | 26733 ||| FLEEEEING.
 26741 | D:6      | 26741 ||| FLEEEEING.
 26749 | D:6      | 26749 ||| FLEEEEING.
 26757 | D:6      | 26757 ||| FLEEEEING.
 26765 | D:6      | 26765 ||| FLEEEEING.
 26773 | D:6      | 26773 ||| FLEEEEING.
 26781 | D:6      | 26781 ||| FLEEEEING.
 26789 | D:6      | 26789 ||| FLEEEEING.
 26797 | D:6      | 26797 ||| FLEEEEING.
 26805 | D:6      | 26805 ||| FLEEEEING.
 26813 | D:6      | 26813 ||| FLEEEEING.
 26821 | D:6      | 26821 ||| FLEEEEING.
 26829 | D:6      | 26829 ||| FLEEEEING.
 26837 | D:6      | 26837 ||| FLEEEEING.
 26845 | D:6      | 26845 ||| FLEEEEING.
 26853 | D:6      | 26853 ||| FLEEEEING.
 26861 | D:6      | 26861 ||| FLEEEEING.
 26869 | D:6      | 26869 ||| FLEEEEING.
 26877 | D:6      | 26877 ||| FLEEEEING.
 26885 | D:6      | 26885 ||| FLEEEEING.
 26893 | D:6      | 26893 ||| FLEEEEING.
 26901 | D:6      | 26901 ||| FLEEEEING.
 26909 | D:6      | 26909 ||| FLEEEEING.
 26917 | D:6      | 26917 ||| FLEEEEING.
 26925 | D:6      | 26925 ||| FLEEEEING.
 26933 | D:6      | 26933 ||| FLEEEEING.
 26941 | D:6      | 26941 ||| FLEEEEING.
 26949 | D:6      | 26949 ||| FLEEEEING.
 26957 | D:6      | 26957 ||| FLEEEEING.
 26965 | D:6      | 26965 ||| FLEEEEING.
 26973 | D:6      | 26973 ||| FLEEEEING.
 26981 | D:6      | 26981 ||| FLEEEEING.
 26989 | D:6      | 26989 ||| FLEEEEING.
 26997 | D:6      | 26997 ||| FLEEEEING.
 27005 | D:6      | 27005 ||| FLEEEEING.
 27013 | D:6      | 27013 ||| FLEEEEING.
 27021 | D:6      | 27021 ||| FLEEEEING.
 27029 | D:6      | 27029 ||| FLEEEEING.
 27037 | D:6      | 27037 ||| FLEEEEING.
 27045 | D:6      | 27045 ||| FLEEEEING.
 27053 | D:6      | 27053 ||| FLEEEEING.
 27061 | D:6      | 27061 ||| FLEEEEING.
 27069 | D:6      | 27069 ||| FLEEEEING.
 27077 | D:6      | 27077 ||| FLEEEEING.
 27085 | D:6      | 27085 ||| FLEEEEING.
 27093 | D:6      | 27093 ||| FLEEEEING.
 27101 | D:6      | 27101 ||| FLEEEEING.
 27109 | D:6      | 27109 ||| FLEEEEING.
 27117 | D:6      | 27117 ||| FLEEEEING.
 27125 | D:6      | 27125 ||| FLEEEEING.
 27133 | D:6      | 27133 ||| FLEEEEING.
 27141 | D:6      | 27141 ||| FLEEEEING.
 27149 | D:6      | 27149 ||| FLEEEEING.
 27157 | D:6      | 27157 ||| FLEEEEING.
 27165 | D:6      | 27165 ||| FLEEEEING.
 27173 | D:6      | 27173 ||| FLEEEEING.
 27181 | D:6      | 27181 ||| FLEEEEING.
 27189 | D:6      | 27189 ||| FLEEEEING.
 27197 | D:6      | 27197 ||| FLEEEEING.
 27205 | D:6      | 27205 ||| FLEEEEING.
 27213 | D:6      | 27213 ||| FLEEEEING.
 27221 | D:6      | 27221 ||| FLEEEEING.
 27229 | D:6      | 27229 ||| FLEEEEING.
 27237 | D:6      | 27237 ||| FLEEEEING.
 27245 | D:6      | 27245 ||| FLEEEEING.
 27253 | D:6      | 27253 ||| FLEEEEING.
 27261 | D:6      | 27261 ||| FLEEEEING.
 27269 | D:6      | 27269 ||| FLEEEEING.
 27277 | D:6      | 27277 ||| FLEEEEING.
 27285 | D:6      | 27285 ||| FLEEEEING.
 27293 | D:6      | 27293 ||| FLEEEEING.
 27301 | D:6      | 27301 ||| FLEEEEING.
 27309 | D:6      | 27309 ||| FLEEEEING.
 27317 | D:6      | 27317 ||| FLEEEEING.
 27325 | D:6      | 27325 ||| FLEEEEING.
 27333 | D:6      | 27333 ||| FLEEEEING.
 27341 | D:6      | 27341 ||| FLEEEEING.
 27349 | D:6      | 27349 ||| FLEEEEING.
 27357 | D:6      | 27357 ||| FLEEEEING.
 27365 | D:6      | 27365 ||| FLEEEEING.
 27373 | D:6      | 27373 ||| FLEEEEING.
 27381 | D:6      | 27381 ||| FLEEEEING.
 27389 | D:6      | 27389 ||| FLEEEEING.
 27397 | D:6      | 27397 ||| FLEEEEING.
 27405 | D:6      | 27405 ||| FLEEEEING.
 27413 | D:6      | 27413 ||| FLEEEEING.
 27421 | D:6      | 27421 ||| FLEEEEING.
 27429 | D:6      | 27429 ||| FLEEEEING.
 27437 | D:6      | 27437 ||| FLEEEEING.
 27445 | D:6      | 27445 ||| FLEEEEING.
 27453 | D:6      | 27453 ||| FLEEEEING.
 27461 | D:6      | 27461 ||| FLEEEEING.
 27469 | D:6      | 27469 ||| FLEEEEING.
 27477 | D:6      | 27477 ||| FLEEEEING.
 27485 | D:6      | 27485 ||| FLEEEEING.
 27493 | D:6      | 27493 ||| FLEEEEING.
 27501 | D:6      | 27501 ||| FLEEEEING.
 27509 | D:6      | 27509 ||| FLEEEEING.
 27517 | D:6      | 27517 ||| FLEEEEING.
 27525 | D:6      | 27525 ||| FLEEEEING.
 27533 | D:6      | 27533 ||| FLEEEEING.
 27541 | D:6      | 27541 ||| FLEEEEING.
 27549 | D:6      | 27549 ||| FLEEEEING.
 27557 | D:6      | 27557 ||| FLEEEEING.
 27565 | D:6      | 27565 ||| FLEEEEING.
 27573 | D:6      | 27573 ||| FLEEEEING.
 27581 | D:6      | 27581 ||| FLEEEEING.
 27589 | D:6      | 27589 ||| FLEEEEING.
 27597 | D:6      | 27597 ||| FLEEEEING.
 27605 | D:6      | 27605 ||| FLEEEEING.
 27613 | D:6      | 27613 ||| FLEEEEING.
 27621 | D:6      | 27621 ||| FLEEEEING.
 27629 | D:6      | 27629 ||| FLEEEEING.
 27637 | D:6      | 27637 ||| FLEEEEING.
 27645 | D:6      | 27645 ||| FLEEEEING.
 27653 | D:6      | 27653 ||| FLEEEEING.
 27661 | D:6      | 27661 ||| FLEEEEING.
 27669 | D:6      | 27669 ||| FLEEEEING.
 27677 | D:6      | 27677 ||| FLEEEEING.
 27685 | D:6      | 27685 ||| FLEEEEING.
 27693 | D:6      | 27693 ||| FLEEEEING.
 27701 | D:6      | 27701 ||| FLEEEEING.
 27709 | D:6      | 27709 ||| FLEEEEING.
 27717 | D:6      | 27717 ||| FLEEEEING.
 27725 | D:6      | 27725 ||| FLEEEEING.
 27733 | D:6      | 27733 ||| FLEEEEING.
 27741 | D:6      | 27741 ||| FLEEEEING.
 27749 | D:6      | 27749 ||| FLEEEEING.
 27757 | D:6      | 27757 ||| FLEEEEING.
 27765 | D:6      | 27765 ||| FLEEEEING.
 27773 | D:6      | 27773 ||| FLEEEEING.
 27781 | D:6      | 27781 ||| FLEEEEING.
 27789 | D:6      | 27789 ||| FLEEEEING.
 27797 | D:6      | 27797 ||| FLEEEEING.
 27805 | D:6      | 27805 ||| FLEEEEING.
 27813 | D:6      | 27813 ||| FLEEEEING.
 27821 | D:6      | 27821 ||| FLEEEEING.
 27829 | D:6      | 27829 ||| FLEEEEING.
 27837 | D:6      | 27837 ||| FLEEEEING.
 27845 | D:6      | 27845 ||| FLEEEEING.
 27853 | D:6      | 27853 ||| FLEEEEING.
 27861 | D:6      | 27861 ||| FLEEEEING.
 27869 | D:6      | 27869 ||| FLEEEEING.
 27877 | D:6      | 27877 ||| FLEEEEING.
 27885 | D:6      | 27885 ||| FLEEEEING.
 27893 | D:6      | 27893 ||| FLEEEEING.
 27901 | D:6      | 27901 ||| FLEEEEING.
 27909 | D:6      | 27909 ||| FLEEEEING.
 27917 | D:6      | 27917 ||| FLEEEEING.
 27925 | D:6      | 27925 ||| FLEEEEING.
 27933 | D:6      | 27933 ||| FLEEEEING.
 27941 | D:6      | 27941 ||| FLEEEEING.
 27949 | D:6      | 27949 ||| FLEEEEING.
 27957 | D:6      | 27957 ||| FLEEEEING.
 27965 | D:6      | 27965 ||| FLEEEEING.
 27973 | D:6      | 27973 ||| FLEEEEING.
 27981 | D:6      | 27981 ||| FLEEEEING.
 27989 | D:6      | 27989 ||| FLEEEEING.
 27997 | D:6      | 27997 ||| FLEEEEING.
 28005 | D:6      | 28005 ||| FLEEEEING.
 28013 | D:6      | 28013 ||| FLEEEEING.
 28021 | D:6      | 28021 ||| FLEEEEING.
 28029 | D:6      | 28029 ||| FLEEEEING.
 28037 | D:6      | 28037 ||| FLEEEEING.
 28045 | D:6      | 28045 ||| FLEEEEING.
 28053 | D:6      | 28053 ||| FLEEEEING.
 28061 | D:6      | 28061 ||| FLEEEEING.
 28069 | D:6      | 28069 ||| FLEEEEING.
 28077 | D:6      | 28077 ||| FLEEEEING.
 28085 | D:6      | 28085 ||| FLEEEEING.
 28093 | D:6      | 28093 ||| FLEEEEING.
 28101 | D:6      | 28101 ||| FLEEEEING.
 28109 | D:6      | 28109 ||| FLEEEEING.
 28117 | D:6      | 28117 ||| FLEEEEING.
 28125 | D:6      | 28125 ||| FLEEEEING.
 28133 | D:6      | 28133 ||| FLEEEEING.
 28141 | D:6      | 28141 ||| FLEEEEING.
 28149 | D:6      | 28149 ||| FLEEEEING.
 28157 | D:6      | 28157 ||| FLEEEEING.
 28165 | D:6      | 28165 ||| FLEEEEING.
 28173 | D:6      | 28173 ||| FLEEEEING.
 28181 | D:6      | 28181 ||| FLEEEEING.
 28189 | D:6      | 28189 ||| FLEEEEING.
 28197 | D:6      | 28197 ||| FLEEEEING.
 28205 | D:6      | 28205 ||| FLEEEEING.
 28213 | D:6      | 28213 ||| FLEEEEING.
 28221 | D:6      | 28221 ||| FLEEEEING.
 28229 | D:6      | 28229 ||| FLEEEEING.
 28237 | D:6      | 28237 ||| FLEEEEING.
 28245 | D:6      | 28245 ||| FLEEEEING.
 28253 | D:6      | 28253 ||| FLEEEEING.
 28261 | D:6      | 28261 ||| FLEEEEING.
 28269 | D:6      | 28269 ||| FLEEEEING.
 28277 | D:6      | 28277 ||| FLEEEEING.
 28285 | D:6      | 28285 ||| FLEEEEING.
 28293 | D:6      | 28293 ||| FLEEEEING.
 28301 | D:6      | 28301 ||| FLEEEEING.
 28309 | D:6      | 28309 ||| FLEEEEING.
 28317 | D:6      | 28317 ||| FLEEEEING.
 28325 | D:6      | 28325 ||| FLEEEEING.
 28333 | D:6      | 28333 ||| FLEEEEING.
 28341 | D:6      | 28341 ||| FLEEEEING.
 28349 | D:6      | 28349 ||| FLEEEEING.
 28357 | D:6      | 28357 ||| FLEEEEING.
 28365 | D:6      | 28365 ||| FLEEEEING.
 28373 | D:6      | 28373 ||| FLEEEEING.
 28381 | D:6      | 28381 ||| FLEEEEING.
 28389 | D:6      | 28389 ||| FLEEEEING.
 28397 | D:6      | 28397 ||| FLEEEEING.
 28405 | D:6      | 28405 ||| FLEEEEING.
 28413 | D:6      | 28413 ||| FLEEEEING.
 28421 | D:6      | 28421 ||| FLEEEEING.
 28429 | D:6      | 28429 ||| FLEEEEING.
 28437 | D:6      | 28437 ||| FLEEEEING.
 28445 | D:6      | 28445 ||| FLEEEEING.
 28453 | D:6      | 28453 ||| FLEEEEING.
 28461 | D:6      | 28461 ||| FLEEEEING.
 28469 | D:6      | 28469 ||| FLEEEEING.
 28477 | D:6      | 28477 ||| FLEEEEING.
 28485 | D:6      | 28485 ||| FLEEEEING.
 28493 | D:6      | 28493 ||| FLEEEEING.
 28501 | D:6      | 28501 ||| FLEEEEING.
 28509 | D:6      | 28509 ||| FLEEEEING.
 28517 | D:6      | 28517 ||| FLEEEEING.
 28525 | D:6      | 28525 ||| FLEEEEING.
 28533 | D:6      | 28533 ||| FLEEEEING.
 28541 | D:6      | 28541 ||| FLEEEEING.
 28549 | D:6      | 28549 ||| FLEEEEING.
 28557 | D:6      | 28557 ||| FLEEEEING.
 28565 | D:6      | 28565 ||| FLEEEEING.
 28573 | D:6      | 28573 ||| FLEEEEING.
 28581 | D:6      | 28581 ||| FLEEEEING.
 28589 | D:6      | 28589 ||| FLEEEEING.
 28597 | D:6      | 28597 ||| FLEEEEING.
 28605 | D:6      | 28605 ||| FLEEEEING.
 28613 | D:6      | 28613 ||| FLEEEEING.
 28621 | D:6      | 28621 ||| FLEEEEING.
 28629 | D:6      | 28629 ||| FLEEEEING.
 28637 | D:6      | 28637 ||| FLEEEEING.
 28645 | D:6      | 28645 ||| FLEEEEING.
 28653 | D:6      | 28653 ||| FLEEEEING.
 28661 | D:6      | 28661 ||| FLEEEEING.
 28669 | D:6      | 28669 ||| FLEEEEING.
 28677 | D:6      | 28677 ||| FLEEEEING.
 28685 | D:6      | 28685 ||| FLEEEEING.
 28693 | D:6      | 28693 ||| FLEEEEING.
 28701 | D:6      | 28701 ||| FLEEEEING.
 28709 | D:6      | 28709 ||| FLEEEEING.
 28717 | D:6      | 28717 ||| FLEEEEING.
 28725 | D:6      | 28725 ||| FLEEEEING.
 28733 | D:6      | 28733 ||| FLEEEEING.
 28741 | D:6      | 28741 ||| FLEEEEING.
 28749 | D:6      | 28749 ||| FLEEEEING.
 28757 | D:6      | 28757 ||| FLEEEEING.
 28765 | D:6      | 28765 ||| FLEEEEING.
 28773 | D:6      | 28773 ||| FLEEEEING.
 28781 | D:6      | 28781 ||| FLEEEEING.
 28789 | D:6      | 28789 ||| FLEEEEING.
 28797 | D:6      | 28797 ||| FLEEEEING.
 28805 | D:6      | 28805 ||| FLEEEEING.
 28813 | D:6      | 28813 ||| FLEEEEING.
 28821 | D:6      | 28821 ||| FLEEEEING.
 28829 | D:6      | 28829 ||| FLEEEEING.
 28837 | D:6      | 28837 ||| FLEEEEING.
 28845 | D:6      | 28845 ||| FLEEEEING.
 28853 | D:6      | 28853 ||| FLEEEEING.
 28861 | D:6      | 28861 ||| FLEEEEING.
 28869 | D:6      | 28869 ||| FLEEEEING.
 28877 | D:6      | 28877 ||| FLEEEEING.
 28885 | D:6      | 28885 ||| FLEEEEING.
 28893 | D:6      | 28893 ||| FLEEEEING.
 28901 | D:6      | 28901 ||| FLEEEEING.
 28909 | D:6      | 28909 ||| FLEEEEING.
 28917 | D:6      | 28917 ||| FLEEEEING.
 28925 | D:6      | 28925 ||| FLEEEEING.
 28933 | D:6      | 28933 ||| FLEEEEING.
 28941 | D:6      | 28941 ||| FLEEEEING.
 28949 | D:6      | 28949 ||| FLEEEEING.
 28957 | D:6      | 28957 ||| FLEEEEING.
 28965 | D:6      | 28965 ||| FLEEEEING.
 28973 | D:6      | 28973 ||| FLEEEEING.
 28981 | D:6      | 28981 ||| FLEEEEING.
 28989 | D:6      | 28989 ||| FLEEEEING.
 28997 | D:6      | 28997 ||| FLEEEEING.
 29005 | D:6      | 29005 ||| FLEEEEING.
 29013 | D:6      | 29013 ||| FLEEEEING.
 29021 | D:6      | 29021 ||| FLEEEEING.
 29029 | D:6      | 29029 ||| FLEEEEING.
 29037 | D:6      | 29037 ||| FLEEEEING.
 29045 | D:6      | 29045 ||| FLEEEEING.
 29053 | D:6      | 29053 ||| FLEEEEING.
 29061 | D:6      | 29061 ||| FLEEEEING.
 29069 | D:6      | 29069 ||| FLEEEEING.
 29077 | D:6      | 29077 ||| FLEEEEING.
 29085 | D:6      | 29085 ||| FLEEEEING.
 29093 | D:6      | 29093 ||| FLEEEEING.
 29101 | D:6      | 29101 ||| FLEEEEING.
 29109 | D:6      | 29109 ||| FLEEEEING.
 29117 | D:6      | 29117 ||| FLEEEEING.
 29125 | D:6      | 29125 ||| FLEEEEING.
 29133 | D:6      | 29133 ||| FLEEEEING.
 29141 | D:6      | 29141 ||| FLEEEEING.
 29149 | D:6      | 29149 ||| FLEEEEING.
 29157 | D:6      | 29157 ||| FLEEEEING.
 29165 | D:6      | 29165 ||| FLEEEEING.
 29173 | D:6      | 29173 ||| FLEEEEING.
 29181 | D:6      | 29181 ||| FLEEEEING.
 29189 | D:6      | 29189 ||| FLEEEEING.
 29197 | D:6      | 29197 ||| FLEEEEING.
 29205 | D:6      | 29205 ||| FLEEEEING.
 29213 | D:6      | 29213 ||| FLEEEEING.
 29221 | D:6      | 29221 ||| FLEEEEING.
 29229 | D:6      | 29229 ||| FLEEEEING.
 29237 | D:6      | 29237 ||| FLEEEEING.
 29245 | D:6      | 29245 ||| FLEEEEING.
 29253 | D:6      | 29253 ||| FLEEEEING.
 29261 | D:6      | 29261 ||| FLEEEEING.
 29269 | D:6      | 29269 ||| FLEEEEING.
 29277 | D:6      | 29277 ||| FLEEEEING.
 29285 | D:6      | 29285 ||| FLEEEEING.
 29293 | D:6      | 29293 ||| FLEEEEING.
 29301 | D:6      | 29301 ||| FLEEEEING.
 29309 | D:6      | 29309 ||| FLEEEEING.
 29317 | D:6      | 29317 ||| FLEEEEING.
 29325 | D:6      | 29325 ||| FLEEEEING.
 29333 | D:6      | 29333 ||| FLEEEEING.
 29341 | D:6      | 29341 ||| FLEEEEING.
 29349 | D:6      | 29349 ||| FLEEEEING.
 29357 | D:6      | 29357 ||| FLEEEEING.
 29365 | D:6      | 29365 ||| FLEEEEING.
 29373 | D:6      | 29373 ||| FLEEEEING.
 29381 | D:6      | 29381 ||| FLEEEEING.
 29389 | D:6      | 29389 ||| FLEEEEING.
 29397 | D:6      | 29397 ||| FLEEEEING.
 29405 | D:6      | 29405 ||| FLEEEEING.
 29413 | D:6      | 29413 ||| FLEEEEING.
 29421 | D:6      | 29421 ||| FLEEEEING.
 29429 | D:6      | 29429 ||| FLEEEEING.
 29437 | D:6      | 29437 ||| FLEEEEING.
 29445 | D:6      | 29445 ||| FLEEEEING.
 29453 | D:6      | 29453 ||| FLEEEEING.
 29461 | D:6      | 29461 ||| FLEEEEING.
 29469 | D:6      | 29469 ||| FLEEEEING.
 29477 | D:6      | 29477 ||| FLEEEEING.
 29485 | D:6      | 29485 ||| FLEEEEING.
 29493 | D:6      | 29493 ||| FLEEEEING.
 29501 | D:6      | 29501 ||| FLEEEEING.
 29509 | D:6      | 29509 ||| FLEEEEING.
 29517 | D:6      | 29517 ||| FLEEEEING.
 29525 | D:6      | 29525 ||| FLEEEEING.
 29533 | D:6      | 29533 ||| FLEEEEING.
 29541 | D:6      | 29541 ||| FLEEEEING.
 29549 | D:6      | 29549 ||| FLEEEEING.
 29557 | D:6      | 29557 ||| FLEEEEING.
 29565 | D:6      | 29565 ||| FLEEEEING.
 29573 | D:6      | 29573 ||| FLEEEEING.
 29581 | D:6      | 29581 ||| FLEEEEING.
 29589 | D:6      | 29589 ||| FLEEEEING.
 29597 | D:6      | 29597 ||| FLEEEEING.
 29605 | D:6      | 29605 ||| FLEEEEING.
 29613 | D:6      | 29613 ||| FLEEEEING.
 29621 | D:6      | 29621 ||| FLEEEEING.
 29629 | D:6      | 29629 ||| FLEEEEING.
 29637 | D:6      | 29637 ||| FLEEEEING.
 29645 | D:6      | 29645 ||| FLEEEEING.
 29653 | D:6      | 29653 ||| FLEEEEING.
 29661 | D:6      | 29661 ||| FLEEEEING.
 29669 | D:6      | 29669 ||| FLEEEEING.
 29677 | D:6      | 29677 ||| FLEEEEING.
 29685 | D:6      | 29685 ||| FLEEEEING.
 29693 | D:6      | 29693 ||| FLEEEEING.
 29701 | D:6      | 29701 ||| FLEEEEING.
 29709 | D:6      | 29709 ||| FLEEEEING.
 29714 | D:6      | Glimpsed the power of Zot.
 29721 | D:6      | 29721 ||| FLEEEEING.
 29729 | D:6      | 29729 ||| FLEEEEING.
 29737 | D:6      | 29737 ||| FLEEEEING.
 29745 | D:6      | 29745 ||| FLEEEEING.
 29753 | D:6      | 29753 ||| FLEEEEING.
 29761 | D:6      | 29761 ||| FLEEEEING.
 29769 | D:6      | 29769 ||| FLEEEEING.
 29777 | D:6      | 29777 ||| FLEEEEING.
 29785 | D:6      | 29785 ||| FLEEEEING.
 29793 | D:6      | 29793 ||| FLEEEEING.
 29801 | D:6      | 29801 ||| FLEEEEING.
 29809 | D:6      | 29809 ||| FLEEEEING.
 29817 | D:6      | 29817 ||| FLEEEEING.
 29825 | D:6      | 29825 ||| FLEEEEING.
 29833 | D:6      | 29833 ||| FLEEEEING.
 29841 | D:6      | 29841 ||| FLEEEEING.
 29849 | D:6      | 29849 ||| FLEEEEING.
 29857 | D:6      | 29857 ||| FLEEEEING.
 29865 | D:6      | 29865 ||| FLEEEEING.
 29873 | D:6      | 29873 ||| FLEEEEING.
 29881 | D:6      | 29881 ||| FLEEEEING.
 29889 | D:6      | 29889 ||| FLEEEEING.
 29897 | D:6      | 29897 ||| FLEEEEING.
 29905 | D:6      | 29905 ||| FLEEEEING.
 29913 | D:6      | 29913 ||| FLEEEEING.
 29921 | D:6      | 29921 ||| FLEEEEING.
 29929 | D:6      | 29929 ||| FLEEEEING.
 29937 | D:6      | 29937 ||| FLEEEEING.
 29945 | D:6      | 29945 ||| FLEEEEING.
 29953 | D:6      | 29953 ||| FLEEEEING.
 29961 | D:6      | 29961 ||| FLEEEEING.
 29969 | D:6      | 29969 ||| FLEEEEING.
 29977 | D:6      | 29977 ||| FLEEEEING.
 29985 | D:6      | 29985 ||| FLEEEEING.
 29993 | D:6      | 29993 ||| FLEEEEING.
 30001 | D:6      | 30001 ||| FLEEEEING.
 30009 | D:6      | 30009 ||| FLEEEEING.
 30017 | D:6      | 30017 ||| FLEEEEING.
 30025 | D:6      | 30025 ||| FLEEEEING.
 30033 | D:6      | 30033 ||| FLEEEEING.
 30041 | D:6      | 30041 ||| FLEEEEING.
 30049 | D:6      | 30049 ||| FLEEEEING.
 30057 | D:6      | 30057 ||| FLEEEEING.
 30065 | D:6      | 30065 ||| FLEEEEING.
 30073 | D:6      | 30073 ||| FLEEEEING.
 30081 | D:6      | 30081 ||| FLEEEEING.
 30089 | D:6      | 30089 ||| FLEEEEING.
 30097 | D:6      | 30097 ||| FLEEEEING.
 30105 | D:6      | 30105 ||| FLEEEEING.
 30113 | D:6      | 30113 ||| FLEEEEING.
 30121 | D:6      | 30121 ||| FLEEEEING.
 30129 | D:6      | 30129 ||| FLEEEEING.
 30137 | D:6      | 30137 ||| FLEEEEING.
 30145 | D:6      | 30145 ||| FLEEEEING.
 30153 | D:6      | 30153 ||| FLEEEEING.
 30161 | D:6      | 30161 ||| FLEEEEING.
 30169 | D:6      | 30169 ||| FLEEEEING.
 30177 | D:6      | 30177 ||| FLEEEEING.
 30185 | D:6      | 30185 ||| FLEEEEING.
 30193 | D:6      | 30193 ||| FLEEEEING.
 30201 | D:6      | 30201 ||| FLEEEEING.
 30209 | D:6      | 30209 ||| FLEEEEING.
 30214 | D:6      | Glimpsed the power of Zot.
 30221 | D:6      | 30221 ||| FLEEEEING.
 30229 | D:6      | 30229 ||| FLEEEEING.
 30237 | D:6      | 30237 ||| FLEEEEING.
 30245 | D:6      | 30245 ||| FLEEEEING.
 30253 | D:6      | 30253 ||| FLEEEEING.
 30261 | D:6      | 30261 ||| FLEEEEING.
 30269 | D:6      | 30269 ||| FLEEEEING.
 30277 | D:6      | 30277 ||| FLEEEEING.
 30285 | D:6      | 30285 ||| FLEEEEING.
 30293 | D:6      | 30293 ||| FLEEEEING.
 30301 | D:6      | 30301 ||| FLEEEEING.
 30309 | D:6      | 30309 ||| FLEEEEING.
 30317 | D:6      | 30317 ||| FLEEEEING.
 30325 | D:6      | 30325 ||| FLEEEEING.
 30333 | D:6      | 30333 ||| FLEEEEING.
 30341 | D:6      | 30341 ||| FLEEEEING.
 30349 | D:6      | 30349 ||| FLEEEEING.
 30357 | D:6      | 30357 ||| FLEEEEING.
 30365 | D:6      | 30365 ||| FLEEEEING.
 30373 | D:6      | 30373 ||| FLEEEEING.
 30381 | D:6      | 30381 ||| FLEEEEING.
 30389 | D:6      | 30389 ||| FLEEEEING.
 30397 | D:6      | 30397 ||| FLEEEEING.
 30405 | D:6      | 30405 ||| FLEEEEING.
 30413 | D:6      | 30413 ||| FLEEEEING.
 30421 | D:6      | 30421 ||| FLEEEEING.
 30429 | D:6      | 30429 ||| FLEEEEING.
 30437 | D:6      | 30437 ||| FLEEEEING.
 30445 | D:6      | 30445 ||| FLEEEEING.
 30453 | D:6      | 30453 ||| FLEEEEING.
 30461 | D:6      | 30461 ||| FLEEEEING.
 30469 | D:6      | 30469 ||| FLEEEEING.
 30477 | D:6      | 30477 ||| FLEEEEING.
 30485 | D:6      | 30485 ||| FLEEEEING.
 30493 | D:6      | 30493 ||| FLEEEEING.
 30501 | D:6      | 30501 ||| FLEEEEING.
 30509 | D:6      | 30509 ||| FLEEEEING.
 30517 | D:6      | 30517 ||| FLEEEEING.
 30525 | D:6      | 30525 ||| FLEEEEING.
 30533 | D:6      | 30533 ||| FLEEEEING.
 30541 | D:6      | 30541 ||| FLEEEEING.
 30549 | D:6      | 30549 ||| FLEEEEING.
 30557 | D:6      | 30557 ||| FLEEEEING.
 30565 | D:6      | 30565 ||| FLEEEEING.
 30573 | D:6      | 30573 ||| FLEEEEING.
 30581 | D:6      | 30581 ||| FLEEEEING.
 30589 | D:6      | 30589 ||| FLEEEEING.
 30597 | D:6      | 30597 ||| FLEEEEING.
 30605 | D:6      | 30605 ||| FLEEEEING.
 30613 | D:6      | 30613 ||| FLEEEEING.
 30614 | D:6      | Glimpsed the power of Zot.
 30621 | D:6      | 30621 ||| FLEEEEING.
 30629 | D:6      | 30629 ||| FLEEEEING.
 30637 | D:6      | 30637 ||| FLEEEEING.
 30645 | D:6      | 30645 ||| FLEEEEING.
 30653 | D:6      | 30653 ||| FLEEEEING.
 30661 | D:6      | 30661 ||| FLEEEEING.
 30669 | D:6      | 30669 ||| FLEEEEING.
 30677 | D:6      | 30677 ||| FLEEEEING.
 30685 | D:6      | 30685 ||| FLEEEEING.
 30693 | D:6      | 30693 ||| FLEEEEING.
 30701 | D:6      | 30701 ||| FLEEEEING.
 30709 | D:6      | 30709 ||| FLEEEEING.
 30714 | D:6      | Touched by the power of Zot.
 30715 | D:6      | Glimpsed the power of Zot.
 30721 | D:6      | 30721 ||| FLEEEEING.
 30729 | D:6      | 30729 ||| FLEEEEING.
 30737 | D:6      | 30737 ||| FLEEEEING.
 30745 | D:6      | 30745 ||| FLEEEEING.
 30753 | D:6      | 30753 ||| FLEEEEING.
 30761 | D:6      | 30761 ||| FLEEEEING.
 30769 | D:6      | 30769 ||| FLEEEEING.
 30777 | D:6      | 30777 ||| FLEEEEING.
 30785 | D:6      | 30785 ||| FLEEEEING.
 30793 | D:6      | 30793 ||| FLEEEEING.
 30801 | D:6      | 30801 ||| FLEEEEING.
 30809 | D:6      | 30809 ||| FLEEEEING.
 30817 | D:6      | 30817 ||| FLEEEEING.
 30825 | D:6      | 30825 ||| FLEEEEING.
 30833 | D:6      | 30833 ||| FLEEEEING.
 30841 | D:6      | 30841 ||| FLEEEEING.
 30849 | D:6      | 30849 ||| FLEEEEING.
 30857 | D:6      | 30857 ||| FLEEEEING.
 30865 | D:6      | 30865 ||| FLEEEEING.
 30873 | D:6      | 30873 ||| FLEEEEING.
 30881 | D:6      | 30881 ||| FLEEEEING.
 30889 | D:6      | 30889 ||| FLEEEEING.
 30897 | D:6      | 30897 ||| FLEEEEING.
 30905 | D:6      | 30905 ||| FLEEEEING.
 30913 | D:6      | 30913 ||| FLEEEEING.
 30921 | D:6      | 30921 ||| FLEEEEING.
 30929 | D:6      | 30929 ||| FLEEEEING.
 30937 | D:6      | 30937 ||| FLEEEEING.
 30945 | D:6      | 30945 ||| FLEEEEING.
 30953 | D:6      | 30953 ||| FLEEEEING.
 30961 | D:6      | 30961 ||| FLEEEEING.
 30969 | D:6      | 30969 ||| FLEEEEING.
 30977 | D:6      | 30977 ||| FLEEEEING.
 30985 | D:6      | 30985 ||| FLEEEEING.
 30993 | D:6      | 30993 ||| FLEEEEING.
 31001 | D:6      | 31001 ||| FLEEEEING.
 31009 | D:6      | 31009 ||| FLEEEEING.
 31017 | D:6      | 31017 ||| FLEEEEING.
 31025 | D:6      | 31025 ||| FLEEEEING.
 31033 | D:6      | 31033 ||| FLEEEEING.
 31041 | D:6      | 31041 ||| FLEEEEING.
 31049 | D:6      | 31049 ||| FLEEEEING.
 31057 | D:6      | 31057 ||| FLEEEEING.
 31065 | D:6      | 31065 ||| FLEEEEING.
 31073 | D:6      | 31073 ||| FLEEEEING.
 31081 | D:6      | 31081 ||| FLEEEEING.
 31089 | D:6      | 31089 ||| FLEEEEING.
 31097 | D:6      | 31097 ||| FLEEEEING.
 31105 | D:6      | 31105 ||| FLEEEEING.
 31113 | D:6      | 31113 ||| FLEEEEING.
 31121 | D:6      | 31121 ||| FLEEEEING.
 31129 | D:6      | 31129 ||| FLEEEEING.
 31137 | D:6      | 31137 ||| FLEEEEING.
 31145 | D:6      | 31145 ||| FLEEEEING.
 31153 | D:6      | 31153 ||| FLEEEEING.
 31161 | D:6      | 31161 ||| FLEEEEING.
 31169 | D:6      | 31169 ||| FLEEEEING.
 31177 | D:6      | 31177 ||| FLEEEEING.
 31185 | D:6      | 31185 ||| FLEEEEING.
 31193 | D:6      | 31193 ||| FLEEEEING.
 31201 | D:6      | 31201 ||| FLEEEEING.
 31209 | D:6      | 31209 ||| FLEEEEING.
 31215 | D:6      | Glimpsed the power of Zot.
 31223 | D:6      | 31223 ||| FLEEEEING.
 31231 | D:6      | 31231 ||| FLEEEEING.
 31239 | D:6      | 31239 ||| FLEEEEING.
 31247 | D:6      | 31247 ||| FLEEEEING.
 31255 | D:6      | 31255 ||| FLEEEEING.
 31263 | D:6      | 31263 ||| FLEEEEING.
 31271 | D:6      | 31271 ||| FLEEEEING.
 31279 | D:6      | 31279 ||| FLEEEEING.
 31287 | D:6      | 31287 ||| FLEEEEING.
 31295 | D:6      | 31295 ||| FLEEEEING.
 31303 | D:6      | 31303 ||| FLEEEEING.
 31311 | D:6      | 31311 ||| FLEEEEING.
 31319 | D:6      | 31319 ||| FLEEEEING.
 31327 | D:6      | 31327 ||| FLEEEEING.
 31335 | D:6      | 31335 ||| FLEEEEING.
 31343 | D:6      | 31343 ||| FLEEEEING.
 31351 | D:6      | 31351 ||| FLEEEEING.
 31359 | D:6      | 31359 ||| FLEEEEING.
 31367 | D:6      | 31367 ||| FLEEEEING.
 31375 | D:6      | 31375 ||| FLEEEEING.
 31383 | D:6      | 31383 ||| FLEEEEING.
 31391 | D:6      | 31391 ||| FLEEEEING.
 31399 | D:6      | 31399 ||| FLEEEEING.
 31407 | D:6      | 31407 ||| FLEEEEING.
 31415 | D:6      | 31415 ||| FLEEEEING.
 31423 | D:6      | 31423 ||| FLEEEEING.
 31431 | D:6      | 31431 ||| FLEEEEING.
 31439 | D:6      | 31439 ||| FLEEEEING.
 31447 | D:6      | 31447 ||| FLEEEEING.
 31455 | D:6      | 31455 ||| FLEEEEING.
 31463 | D:6      | 31463 ||| FLEEEEING.
 31471 | D:6      | 31471 ||| FLEEEEING.
 31479 | D:6      | 31479 ||| FLEEEEING.
 31487 | D:6      | 31487 ||| FLEEEEING.
 31495 | D:6      | 31495 ||| FLEEEEING.
 31503 | D:6      | 31503 ||| FLEEEEING.
 31511 | D:6      | 31511 ||| FLEEEEING.
 31519 | D:6      | 31519 ||| FLEEEEING.
 31527 | D:6      | 31527 ||| FLEEEEING.
 31535 | D:6      | 31535 ||| FLEEEEING.
 31543 | D:6      | 31543 ||| FLEEEEING.
 31551 | D:6      | 31551 ||| FLEEEEING.
 31559 | D:6      | 31559 ||| FLEEEEING.
 31567 | D:6      | 31567 ||| FLEEEEING.
 31575 | D:6      | 31575 ||| FLEEEEING.
 31583 | D:6      | 31583 ||| FLEEEEING.
 31591 | D:6      | 31591 ||| FLEEEEING.
 31599 | D:6      | 31599 ||| FLEEEEING.
 31607 | D:6      | 31607 ||| FLEEEEING.
 31615 | D:6      | 31615 ||| FLEEEEING.
 31615 | D:6      | Glimpsed the power of Zot.
 31623 | D:6      | 31623 ||| FLEEEEING.
 31631 | D:6      | 31631 ||| FLEEEEING.
 31639 | D:6      | 31639 ||| FLEEEEING.
 31647 | D:6      | 31647 ||| FLEEEEING.
 31655 | D:6      | 31655 ||| FLEEEEING.
 31663 | D:6      | 31663 ||| FLEEEEING.
 31671 | D:6      | 31671 ||| FLEEEEING.
 31679 | D:6      | 31679 ||| FLEEEEING.
 31687 | D:6      | 31687 ||| FLEEEEING.
 31695 | D:6      | 31695 ||| FLEEEEING.
 31703 | D:6      | 31703 ||| FLEEEEING.
 31711 | D:6      | 31711 ||| FLEEEEING.
 31714 | D:6      | Touched by the power of Zot.
 31715 | D:6      | Glimpsed the power of Zot.
 31721 | D:6      | 31721 ||| FLEEEEING.
 31729 | D:6      | 31729 ||| FLEEEEING.
 31737 | D:6      | 31737 ||| FLEEEEING.
 31745 | D:6      | 31745 ||| FLEEEEING.
 31753 | D:6      | 31753 ||| FLEEEEING.
 31761 | D:6      | 31761 ||| FLEEEEING.
 31769 | D:6      | 31769 ||| FLEEEEING.
 31777 | D:6      | 31777 ||| FLEEEEING.
 31785 | D:6      | 31785 ||| FLEEEEING.
 31793 | D:6      | 31793 ||| FLEEEEING.
 31801 | D:6      | 31801 ||| FLEEEEING.
 31809 | D:6      | 31809 ||| FLEEEEING.
 31817 | D:6      | 31817 ||| FLEEEEING.
 31825 | D:6      | 31825 ||| FLEEEEING.
 31833 | D:6      | 31833 ||| FLEEEEING.
 31841 | D:6      | 31841 ||| FLEEEEING.
 31849 | D:6      | 31849 ||| FLEEEEING.
 31857 | D:6      | 31857 ||| FLEEEEING.
 31865 | D:6      | 31865 ||| FLEEEEING.
 31873 | D:6      | 31873 ||| FLEEEEING.
 31881 | D:6      | 31881 ||| FLEEEEING.
 31889 | D:6      | 31889 ||| FLEEEEING.
 31897 | D:6      | 31897 ||| FLEEEEING.
 31905 | D:6      | 31905 ||| FLEEEEING.
 31913 | D:6      | 31913 ||| FLEEEEING.
 31921 | D:6      | 31921 ||| FLEEEEING.
 31929 | D:6      | 31929 ||| FLEEEEING.
 31937 | D:6      | 31937 ||| FLEEEEING.
 31945 | D:6      | 31945 ||| FLEEEEING.
 31953 | D:6      | 31953 ||| FLEEEEING.
 31961 | D:6      | 31961 ||| FLEEEEING.
 31969 | D:6      | 31969 ||| FLEEEEING.
 31977 | D:6      | 31977 ||| FLEEEEING.
 31985 | D:6      | 31985 ||| FLEEEEING.
 31993 | D:6      | 31993 ||| FLEEEEING.
 32001 | D:6      | 32001 ||| FLEEEEING.
 32009 | D:6      | 32009 ||| FLEEEEING.
 32017 | D:6      | 32017 ||| FLEEEEING.
 32025 | D:6      | 32025 ||| FLEEEEING.
 32033 | D:6      | 32033 ||| FLEEEEING.
 32041 | D:6      | 32041 ||| FLEEEEING.
 32049 | D:6      | 32049 ||| FLEEEEING.
 32057 | D:6      | 32057 ||| FLEEEEING.
 32065 | D:6      | 32065 ||| FLEEEEING.
 32073 | D:6      | 32073 ||| FLEEEEING.
 32081 | D:6      | 32081 ||| FLEEEEING.
 32089 | D:6      | 32089 ||| FLEEEEING.
 32097 | D:6      | 32097 ||| FLEEEEING.
 32105 | D:6      | 32105 ||| FLEEEEING.
 32113 | D:6      | 32113 ||| FLEEEEING.
 32121 | D:6      | 32121 ||| FLEEEEING.
 32129 | D:6      | 32129 ||| FLEEEEING.
 32137 | D:6      | 32137 ||| FLEEEEING.
 32145 | D:6      | 32145 ||| FLEEEEING.
 32153 | D:6      | 32153 ||| FLEEEEING.
 32161 | D:6      | 32161 ||| FLEEEEING.
 32169 | D:6      | 32169 ||| FLEEEEING.
 32177 | D:6      | 32177 ||| FLEEEEING.
 32185 | D:6      | 32185 ||| FLEEEEING.
 32193 | D:6      | 32193 ||| FLEEEEING.
 32201 | D:6      | 32201 ||| FLEEEEING.
 32209 | D:6      | 32209 ||| FLEEEEING.
 32215 | D:6      | Glimpsed the power of Zot.
 32223 | D:6      | 32223 ||| FLEEEEING.
 32231 | D:6      | 32231 ||| FLEEEEING.
 32239 | D:6      | 32239 ||| FLEEEEING.
 32247 | D:6      | 32247 ||| FLEEEEING.
 32255 | D:6      | 32255 ||| FLEEEEING.
 32263 | D:6      | 32263 ||| FLEEEEING.
 32271 | D:6      | 32271 ||| FLEEEEING.
 32279 | D:6      | 32279 ||| FLEEEEING.
 32287 | D:6      | 32287 ||| FLEEEEING.
 32295 | D:6      | 32295 ||| FLEEEEING.
 32303 | D:6      | 32303 ||| FLEEEEING.
 32311 | D:6      | 32311 ||| FLEEEEING.
 32319 | D:6      | 32319 ||| FLEEEEING.
 32327 | D:6      | 32327 ||| FLEEEEING.
 32335 | D:6      | 32335 ||| FLEEEEING.
 32343 | D:6      | 32343 ||| FLEEEEING.
 32351 | D:6      | 32351 ||| FLEEEEING.
 32359 | D:6      | 32359 ||| FLEEEEING.
 32367 | D:6      | 32367 ||| FLEEEEING.
 32375 | D:6      | 32375 ||| FLEEEEING.
 32383 | D:6      | 32383 ||| FLEEEEING.
 32391 | D:6      | 32391 ||| FLEEEEING.
 32399 | D:6      | 32399 ||| FLEEEEING.
 32407 | D:6      | 32407 ||| FLEEEEING.
 32415 | D:6      | 32415 ||| FLEEEEING.
 32423 | D:6      | 32423 ||| FLEEEEING.
 32431 | D:6      | 32431 ||| FLEEEEING.
 32439 | D:6      | 32439 ||| FLEEEEING.
 32447 | D:6      | 32447 ||| FLEEEEING.
 32455 | D:6      | 32455 ||| FLEEEEING.
 32463 | D:6      | 32463 ||| FLEEEEING.
 32471 | D:6      | 32471 ||| FLEEEEING.
 32479 | D:6      | 32479 ||| FLEEEEING.
 32487 | D:6      | 32487 ||| FLEEEEING.
 32495 | D:6      | 32495 ||| FLEEEEING.
 32503 | D:6      | 32503 ||| FLEEEEING.
 32511 | D:6      | 32511 ||| FLEEEEING.
 32519 | D:6      | 32519 ||| FLEEEEING.
 32527 | D:6      | 32527 ||| FLEEEEING.
 32535 | D:6      | 32535 ||| FLEEEEING.
 32543 | D:6      | 32543 ||| FLEEEEING.
 32551 | D:6      | 32551 ||| FLEEEEING.
 32559 | D:6      | 32559 ||| FLEEEEING.
 32567 | D:6      | 32567 ||| FLEEEEING.
 32575 | D:6      | 32575 ||| FLEEEEING.
 32583 | D:6      | 32583 ||| FLEEEEING.
 32591 | D:6      | 32591 ||| FLEEEEING.
 32599 | D:6      | 32599 ||| FLEEEEING.
 32607 | D:6      | 32607 ||| FLEEEEING.
 32615 | D:6      | 32615 ||| FLEEEEING.
 32615 | D:6      | Glimpsed the power of Zot.
 32623 | D:6      | 32623 ||| FLEEEEING.
 32631 | D:6      | 32631 ||| FLEEEEING.
 32639 | D:6      | 32639 ||| FLEEEEING.
 32647 | D:6      | 32647 ||| FLEEEEING.
 32655 | D:6      | 32655 ||| FLEEEEING.
 32663 | D:6      | 32663 ||| FLEEEEING.
 32671 | D:6      | 32671 ||| FLEEEEING.
 32679 | D:6      | 32679 ||| FLEEEEING.
 32687 | D:6      | 32687 ||| FLEEEEING.
 32695 | D:6      | 32695 ||| FLEEEEING.
 32703 | D:6      | 32703 ||| FLEEEEING.
 32711 | D:6      | 32711 ||| FLEEEEING.
 32714 | D:6      | Touched by the power of Zot.
 32715 | D:6      | Glimpsed the power of Zot.
 32721 | D:6      | 32721 ||| FLEEEEING.
 32729 | D:6      | 32729 ||| FLEEEEING.
 32737 | D:6      | 32737 ||| FLEEEEING.
 32745 | D:6      | 32745 ||| FLEEEEING.
 32753 | D:6      | 32753 ||| FLEEEEING.
 32761 | D:6      | 32761 ||| FLEEEEING.
 32769 | D:6      | 32769 ||| FLEEEEING.
 32777 | D:6      | 32777 ||| FLEEEEING.
 32785 | D:6      | 32785 ||| FLEEEEING.
 32793 | D:6      | 32793 ||| FLEEEEING.
 32801 | D:6      | 32801 ||| FLEEEEING.
 32809 | D:6      | 32809 ||| FLEEEEING.
 32817 | D:6      | 32817 ||| FLEEEEING.
 32825 | D:6      | 32825 ||| FLEEEEING.
 32833 | D:6      | 32833 ||| FLEEEEING.
 32841 | D:6      | 32841 ||| FLEEEEING.
 32849 | D:6      | 32849 ||| FLEEEEING.
 32857 | D:6      | 32857 ||| FLEEEEING.
 32865 | D:6      | 32865 ||| FLEEEEING.
 32873 | D:6      | 32873 ||| FLEEEEING.
 32881 | D:6      | 32881 ||| FLEEEEING.
 32889 | D:6      | 32889 ||| FLEEEEING.
 32897 | D:6      | 32897 ||| FLEEEEING.
 32905 | D:6      | 32905 ||| FLEEEEING.
 32913 | D:6      | 32913 ||| FLEEEEING.
 32921 | D:6      | 32921 ||| FLEEEEING.
 32929 | D:6      | 32929 ||| FLEEEEING.
 32937 | D:6      | 32937 ||| FLEEEEING.
 32945 | D:6      | 32945 ||| FLEEEEING.
 32953 | D:6      | 32953 ||| FLEEEEING.
 32961 | D:6      | 32961 ||| FLEEEEING.
 32969 | D:6      | 32969 ||| FLEEEEING.
 32977 | D:6      | 32977 ||| FLEEEEING.
 32985 | D:6      | 32985 ||| FLEEEEING.
 32993 | D:6      | 32993 ||| FLEEEEING.
 33001 | D:6      | 33001 ||| FLEEEEING.
 33009 | D:6      | 33009 ||| FLEEEEING.
 33017 | D:6      | 33017 ||| FLEEEEING.
 33025 | D:6      | 33025 ||| FLEEEEING.
 33033 | D:6      | 33033 ||| FLEEEEING.
 33041 | D:6      | 33041 ||| FLEEEEING.
 33049 | D:6      | 33049 ||| FLEEEEING.
 33057 | D:6      | 33057 ||| FLEEEEING.
 33065 | D:6      | 33065 ||| FLEEEEING.
 33073 | D:6      | 33073 ||| FLEEEEING.
 33081 | D:6      | 33081 ||| FLEEEEING.
 33089 | D:6      | 33089 ||| FLEEEEING.
 33097 | D:6      | 33097 ||| FLEEEEING.
 33105 | D:6      | 33105 ||| FLEEEEING.
 33113 | D:6      | 33113 ||| FLEEEEING.
 33121 | D:6      | 33121 ||| FLEEEEING.
 33129 | D:6      | 33129 ||| FLEEEEING.
 33137 | D:6      | 33137 ||| FLEEEEING.
 33145 | D:6      | 33145 ||| FLEEEEING.
 33153 | D:6      | 33153 ||| FLEEEEING.
 33161 | D:6      | 33161 ||| FLEEEEING.
 33169 | D:6      | 33169 ||| FLEEEEING.
 33177 | D:6      | 33177 ||| FLEEEEING.
 33185 | D:6      | 33185 ||| FLEEEEING.
 33193 | D:6      | 33193 ||| FLEEEEING.
 33201 | D:6      | 33201 ||| FLEEEEING.
 33209 | D:6      | 33209 ||| FLEEEEING.
 33215 | D:6      | Glimpsed the power of Zot.
 33223 | D:6      | 33223 ||| FLEEEEING.
 33231 | D:6      | 33231 ||| FLEEEEING.
 33239 | D:6      | 33239 ||| FLEEEEING.
 33247 | D:6      | 33247 ||| FLEEEEING.
 33255 | D:6      | 33255 ||| FLEEEEING.
 33263 | D:6      | 33263 ||| FLEEEEING.
 33271 | D:6      | 33271 ||| FLEEEEING.
 33279 | D:6      | 33279 ||| FLEEEEING.
 33287 | D:6      | 33287 ||| FLEEEEING.
 33295 | D:6      | 33295 ||| FLEEEEING.
 33303 | D:6      | 33303 ||| FLEEEEING.
 33311 | D:6      | 33311 ||| FLEEEEING.
 33319 | D:6      | 33319 ||| FLEEEEING.
 33327 | D:6      | 33327 ||| FLEEEEING.
 33335 | D:6      | 33335 ||| FLEEEEING.
 33343 | D:6      | 33343 ||| FLEEEEING.
 33351 | D:6      | 33351 ||| FLEEEEING.
 33359 | D:6      | 33359 ||| FLEEEEING.
 33367 | D:6      | 33367 ||| FLEEEEING.
 33375 | D:6      | 33375 ||| FLEEEEING.
 33383 | D:6      | 33383 ||| FLEEEEING.
 33391 | D:6      | 33391 ||| FLEEEEING.
 33399 | D:6      | 33399 ||| FLEEEEING.
 33407 | D:6      | 33407 ||| FLEEEEING.
 33415 | D:6      | 33415 ||| FLEEEEING.
 33423 | D:6      | 33423 ||| FLEEEEING.
 33431 | D:6      | 33431 ||| FLEEEEING.
 33439 | D:6      | 33439 ||| FLEEEEING.
 33447 | D:6      | 33447 ||| FLEEEEING.
 33455 | D:6      | 33455 ||| FLEEEEING.
 33463 | D:6      | 33463 ||| FLEEEEING.
 33471 | D:6      | 33471 ||| FLEEEEING.
 33479 | D:6      | 33479 ||| FLEEEEING.
 33487 | D:6      | 33487 ||| FLEEEEING.
 33495 | D:6      | 33495 ||| FLEEEEING.
 33503 | D:6      | 33503 ||| FLEEEEING.
 33511 | D:6      | 33511 ||| FLEEEEING.
 33519 | D:6      | 33519 ||| FLEEEEING.
 33527 | D:6      | 33527 ||| FLEEEEING.
 33535 | D:6      | 33535 ||| FLEEEEING.
 33543 | D:6      | 33543 ||| FLEEEEING.
 33551 | D:6      | 33551 ||| FLEEEEING.
 33559 | D:6      | 33559 ||| FLEEEEING.
 33567 | D:6      | 33567 ||| FLEEEEING.
 33575 | D:6      | 33575 ||| FLEEEEING.
 33583 | D:6      | 33583 ||| FLEEEEING.
 33591 | D:6      | 33591 ||| FLEEEEING.
 33599 | D:6      | 33599 ||| FLEEEEING.
 33607 | D:6      | 33607 ||| FLEEEEING.
 33615 | D:6      | 33615 ||| FLEEEEING.
 33615 | D:6      | Glimpsed the power of Zot.
 33623 | D:6      | 33623 ||| FLEEEEING.
 33631 | D:6      | 33631 ||| FLEEEEING.
 33639 | D:6      | 33639 ||| FLEEEEING.
 33647 | D:6      | 33647 ||| FLEEEEING.
 33655 | D:6      | 33655 ||| FLEEEEING.
 33663 | D:6      | 33663 ||| FLEEEEING.
 33671 | D:6      | 33671 ||| FLEEEEING.
 33679 | D:6      | 33679 ||| FLEEEEING.
 33687 | D:6      | 33687 ||| FLEEEEING.
 33695 | D:6      | 33695 ||| FLEEEEING.
 33703 | D:6      | 33703 ||| FLEEEEING.
 33711 | D:6      | 33711 ||| FLEEEEING.
 33714 | D:6      | Touched by the power of Zot.
 33715 | D:6      | Glimpsed the power of Zot.
 33721 | D:6      | 33721 ||| FLEEEEING.
 33729 | D:6      | 33729 ||| FLEEEEING.
 33737 | D:6      | 33737 ||| FLEEEEING.
 33745 | D:6      | 33745 ||| FLEEEEING.
 33753 | D:6      | 33753 ||| FLEEEEING.
 33761 | D:6      | 33761 ||| FLEEEEING.
 33769 | D:6      | 33769 ||| FLEEEEING.
 33777 | D:6      | 33777 ||| FLEEEEING.
 33785 | D:6      | 33785 ||| FLEEEEING.
 33793 | D:6      | 33793 ||| FLEEEEING.
 33801 | D:6      | 33801 ||| FLEEEEING.
 33809 | D:6      | 33809 ||| FLEEEEING.
 33817 | D:6      | 33817 ||| FLEEEEING.
 33825 | D:6      | 33825 ||| FLEEEEING.
 33833 | D:6      | 33833 ||| FLEEEEING.
 33841 | D:6      | 33841 ||| FLEEEEING.
 33849 | D:6      | 33849 ||| FLEEEEING.
 33857 | D:6      | 33857 ||| FLEEEEING.
 33865 | D:6      | 33865 ||| FLEEEEING.
 33873 | D:6      | 33873 ||| FLEEEEING.
 33881 | D:6      | 33881 ||| FLEEEEING.
 33889 | D:6      | 33889 ||| FLEEEEING.
 33897 | D:6      | 33897 ||| FLEEEEING.
 33905 | D:6      | 33905 ||| FLEEEEING.
 33913 | D:6      | 33913 ||| FLEEEEING.
 33921 | D:6      | 33921 ||| FLEEEEING.
 33929 | D:6      | 33929 ||| FLEEEEING.
 33937 | D:6      | 33937 ||| FLEEEEING.
 33945 | D:6      | 33945 ||| FLEEEEING.
 33953 | D:6      | 33953 ||| FLEEEEING.
 33961 | D:6      | 33961 ||| FLEEEEING.
 33969 | D:6      | 33969 ||| FLEEEEING.
 33977 | D:6      | 33977 ||| FLEEEEING.
 33985 | D:6      | 33985 ||| FLEEEEING.
 33993 | D:6      | 33993 ||| FLEEEEING.
 34001 | D:6      | 34001 ||| FLEEEEING.
 34009 | D:6      | 34009 ||| FLEEEEING.
 34017 | D:6      | 34017 ||| FLEEEEING.
 34025 | D:6      | 34025 ||| FLEEEEING.
 34033 | D:6      | 34033 ||| FLEEEEING.
 34041 | D:6      | 34041 ||| FLEEEEING.
 34049 | D:6      | 34049 ||| FLEEEEING.
 34057 | D:6      | 34057 ||| FLEEEEING.
 34065 | D:6      | 34065 ||| FLEEEEING.
 34073 | D:6      | 34073 ||| FLEEEEING.
 34081 | D:6      | 34081 ||| FLEEEEING.
 34089 | D:6      | 34089 ||| FLEEEEING.
 34097 | D:6      | 34097 ||| FLEEEEING.
 34105 | D:6      | 34105 ||| FLEEEEING.
 34113 | D:6      | 34113 ||| FLEEEEING.
 34121 | D:6      | 34121 ||| FLEEEEING.
 34129 | D:6      | 34129 ||| FLEEEEING.
 34137 | D:6      | 34137 ||| FLEEEEING.
 34145 | D:6      | 34145 ||| FLEEEEING.
 34153 | D:6      | 34153 ||| FLEEEEING.
 34161 | D:6      | 34161 ||| FLEEEEING.
 34169 | D:6      | 34169 ||| FLEEEEING.
 34177 | D:6      | 34177 ||| FLEEEEING.
 34185 | D:6      | 34185 ||| FLEEEEING.
 34193 | D:6      | 34193 ||| FLEEEEING.
 34201 | D:6      | 34201 ||| FLEEEEING.
 34209 | D:6      | 34209 ||| FLEEEEING.
 34215 | D:6      | Glimpsed the power of Zot.
 34223 | D:6      | 34223 ||| FLEEEEING.
 34231 | D:6      | 34231 ||| FLEEEEING.
 34239 | D:6      | 34239 ||| FLEEEEING.
 34247 | D:6      | 34247 ||| FLEEEEING.
 34255 | D:6      | 34255 ||| FLEEEEING.
 34263 | D:6      | 34263 ||| FLEEEEING.
 34271 | D:6      | 34271 ||| FLEEEEING.
 34279 | D:6      | 34279 ||| FLEEEEING.
 34287 | D:6      | 34287 ||| FLEEEEING.
 34295 | D:6      | 34295 ||| FLEEEEING.
 34303 | D:6      | 34303 ||| FLEEEEING.
 34311 | D:6      | 34311 ||| FLEEEEING.
 34319 | D:6      | 34319 ||| FLEEEEING.
 34327 | D:6      | 34327 ||| FLEEEEING.
 34335 | D:6      | 34335 ||| FLEEEEING.
 34343 | D:6      | 34343 ||| FLEEEEING.
 34351 | D:6      | 34351 ||| FLEEEEING.
 34359 | D:6      | 34359 ||| FLEEEEING.
 34367 | D:6      | 34367 ||| FLEEEEING.
 34375 | D:6      | 34375 ||| FLEEEEING.
 34383 | D:6      | 34383 ||| FLEEEEING.
 34391 | D:6      | 34391 ||| FLEEEEING.
 34399 | D:6      | 34399 ||| FLEEEEING.
 34407 | D:6      | 34407 ||| FLEEEEING.
 34415 | D:6      | 34415 ||| FLEEEEING.
 34423 | D:6      | 34423 ||| FLEEEEING.
 34431 | D:6      | 34431 ||| FLEEEEING.
 34439 | D:6      | 34439 ||| FLEEEEING.
 34447 | D:6      | 34447 ||| FLEEEEING.
 34455 | D:6      | 34455 ||| FLEEEEING.
 34463 | D:6      | 34463 ||| FLEEEEING.
 34471 | D:6      | 34471 ||| FLEEEEING.
 34479 | D:6      | 34479 ||| FLEEEEING.
 34487 | D:6      | 34487 ||| FLEEEEING.
 34495 | D:6      | 34495 ||| FLEEEEING.
 34503 | D:6      | 34503 ||| FLEEEEING.
 34511 | D:6      | 34511 ||| FLEEEEING.
 34519 | D:6      | 34519 ||| FLEEEEING.
 34527 | D:6      | 34527 ||| FLEEEEING.
 34535 | D:6      | 34535 ||| FLEEEEING.
 34543 | D:6      | 34543 ||| FLEEEEING.
 34551 | D:6      | 34551 ||| FLEEEEING.
 34559 | D:6      | 34559 ||| FLEEEEING.
 34567 | D:6      | 34567 ||| FLEEEEING.
 34575 | D:6      | 34575 ||| FLEEEEING.
 34583 | D:6      | 34583 ||| FLEEEEING.
 34591 | D:6      | 34591 ||| FLEEEEING.
 34599 | D:6      | 34599 ||| FLEEEEING.
 34607 | D:6      | 34607 ||| FLEEEEING.
 34615 | D:6      | 34615 ||| FLEEEEING.
 34615 | D:6      | Glimpsed the power of Zot.
 34623 | D:6      | 34623 ||| FLEEEEING.
 34631 | D:6      | 34631 ||| FLEEEEING.
 34639 | D:6      | 34639 ||| FLEEEEING.
 34647 | D:6      | 34647 ||| FLEEEEING.
 34655 | D:6      | 34655 ||| FLEEEEING.
 34663 | D:6      | 34663 ||| FLEEEEING.
 34671 | D:6      | 34671 ||| FLEEEEING.
 34679 | D:6      | 34679 ||| FLEEEEING.
 34687 | D:6      | 34687 ||| FLEEEEING.
 34695 | D:6      | 34695 ||| FLEEEEING.
 34703 | D:6      | 34703 ||| FLEEEEING.
 34711 | D:6      | 34711 ||| FLEEEEING.
 34714 | D:6      | Touched by the power of Zot.
 34715 | D:6      | Glimpsed the power of Zot.
 34721 | D:6      | 34721 ||| FLEEEEING.
 34729 | D:6      | 34729 ||| FLEEEEING.
 34737 | D:6      | 34737 ||| FLEEEEING.
 34745 | D:6      | 34745 ||| FLEEEEING.
 34753 | D:6      | 34753 ||| FLEEEEING.
 34761 | D:6      | 34761 ||| FLEEEEING.
 34769 | D:6      | 34769 ||| FLEEEEING.
 34777 | D:6      | 34777 ||| FLEEEEING.
 34785 | D:6      | 34785 ||| FLEEEEING.
 34793 | D:6      | 34793 ||| FLEEEEING.
 34801 | D:6      | 34801 ||| FLEEEEING.
 34809 | D:6      | 34809 ||| FLEEEEING.
 34817 | D:6      | 34817 ||| FLEEEEING.
 34825 | D:6      | 34825 ||| FLEEEEING.
 34833 | D:6      | 34833 ||| FLEEEEING.
 34841 | D:6      | 34841 ||| FLEEEEING.
 34849 | D:6      | 34849 ||| FLEEEEING.
 34857 | D:6      | 34857 ||| FLEEEEING.
 34865 | D:6      | 34865 ||| FLEEEEING.
 34873 | D:6      | 34873 ||| FLEEEEING.
 34881 | D:6      | 34881 ||| FLEEEEING.
 34889 | D:6      | 34889 ||| FLEEEEING.
 34897 | D:6      | 34897 ||| FLEEEEING.
 34905 | D:6      | 34905 ||| FLEEEEING.
 34913 | D:6      | 34913 ||| FLEEEEING.
 34921 | D:6      | 34921 ||| FLEEEEING.
 34929 | D:6      | 34929 ||| FLEEEEING.
 34937 | D:6      | 34937 ||| FLEEEEING.
 34945 | D:6      | 34945 ||| FLEEEEING.
 34953 | D:6      | 34953 ||| FLEEEEING.
 34961 | D:6      | 34961 ||| FLEEEEING.
 34969 | D:6      | 34969 ||| FLEEEEING.
 34977 | D:6      | 34977 ||| FLEEEEING.
 34985 | D:6      | 34985 ||| FLEEEEING.
 34993 | D:6      | 34993 ||| FLEEEEING.
 35001 | D:6      | 35001 ||| FLEEEEING.
 35009 | D:6      | 35009 ||| FLEEEEING.
 35017 | D:6      | 35017 ||| FLEEEEING.
 35025 | D:6      | 35025 ||| FLEEEEING.
 35033 | D:6      | 35033 ||| FLEEEEING.
 35041 | D:6      | 35041 ||| FLEEEEING.
 35049 | D:6      | 35049 ||| FLEEEEING.
 35057 | D:6      | 35057 ||| FLEEEEING.
 35065 | D:6      | 35065 ||| FLEEEEING.
 35073 | D:6      | 35073 ||| FLEEEEING.
 35081 | D:6      | 35081 ||| FLEEEEING.
 35089 | D:6      | 35089 ||| FLEEEEING.
 35097 | D:6      | 35097 ||| FLEEEEING.
 35105 | D:6      | 35105 ||| FLEEEEING.
 35113 | D:6      | 35113 ||| FLEEEEING.
 35121 | D:6      | 35121 ||| FLEEEEING.
 35129 | D:6      | 35129 ||| FLEEEEING.
 35137 | D:6      | 35137 ||| FLEEEEING.
 35145 | D:6      | 35145 ||| FLEEEEING.
 35153 | D:6      | 35153 ||| FLEEEEING.
 35161 | D:6      | 35161 ||| FLEEEEING.
 35169 | D:6      | 35169 ||| FLEEEEING.
 35177 | D:6      | 35177 ||| FLEEEEING.
 35185 | D:6      | 35185 ||| FLEEEEING.
 35193 | D:6      | 35193 ||| FLEEEEING.
 35201 | D:6      | 35201 ||| FLEEEEING.
 35209 | D:6      | 35209 ||| FLEEEEING.
 35215 | D:6      | Glimpsed the power of Zot.
 35223 | D:6      | 35223 ||| FLEEEEING.
 35231 | D:6      | 35231 ||| FLEEEEING.
 35239 | D:6      | 35239 ||| FLEEEEING.
 35247 | D:6      | 35247 ||| FLEEEEING.
 35255 | D:6      | 35255 ||| FLEEEEING.
 35263 | D:6      | 35263 ||| FLEEEEING.
 35271 | D:6      | 35271 ||| FLEEEEING.
 35279 | D:6      | 35279 ||| FLEEEEING.
 35287 | D:6      | 35287 ||| FLEEEEING.
 35295 | D:6      | 35295 ||| FLEEEEING.
 35303 | D:6      | 35303 ||| FLEEEEING.
 35311 | D:6      | 35311 ||| FLEEEEING.
 35319 | D:6      | 35319 ||| FLEEEEING.
 35327 | D:6      | 35327 ||| FLEEEEING.
 35335 | D:6      | 35335 ||| FLEEEEING.
 35343 | D:6      | 35343 ||| FLEEEEING.
 35351 | D:6      | 35351 ||| FLEEEEING.
 35359 | D:6      | 35359 ||| FLEEEEING.
 35367 | D:6      | 35367 ||| FLEEEEING.
 35375 | D:6      | 35375 ||| FLEEEEING.
 35383 | D:6      | 35383 ||| FLEEEEING.
 35391 | D:6      | 35391 ||| FLEEEEING.
 35399 | D:6      | 35399 ||| FLEEEEING.
 35407 | D:6      | 35407 ||| FLEEEEING.
 35415 | D:6      | 35415 ||| FLEEEEING.
 35423 | D:6      | 35423 ||| FLEEEEING.
 35431 | D:6      | 35431 ||| FLEEEEING.
 35439 | D:6      | 35439 ||| FLEEEEING.
 35447 | D:6      | 35447 ||| FLEEEEING.
 35455 | D:6      | 35455 ||| FLEEEEING.
 35463 | D:6      | 35463 ||| FLEEEEING.
 35471 | D:6      | 35471 ||| FLEEEEING.
 35479 | D:6      | 35479 ||| FLEEEEING.
 35487 | D:6      | 35487 ||| FLEEEEING.
 35495 | D:6      | 35495 ||| FLEEEEING.
 35503 | D:6      | 35503 ||| FLEEEEING.
 35511 | D:6      | 35511 ||| FLEEEEING.
 35519 | D:6      | 35519 ||| FLEEEEING.
 35527 | D:6      | 35527 ||| FLEEEEING.
 35535 | D:6      | 35535 ||| FLEEEEING.
 35543 | D:6      | 35543 ||| FLEEEEING.
 35551 | D:6      | 35551 ||| FLEEEEING.
 35559 | D:6      | 35559 ||| FLEEEEING.
 35567 | D:6      | 35567 ||| FLEEEEING.
 35575 | D:6      | 35575 ||| FLEEEEING.
 35583 | D:6      | 35583 ||| FLEEEEING.
 35591 | D:6      | 35591 ||| FLEEEEING.
 35599 | D:6      | 35599 ||| FLEEEEING.
 35607 | D:6      | 35607 ||| FLEEEEING.
 35615 | D:6      | 35615 ||| FLEEEEING.
 35615 | D:6      | Glimpsed the power of Zot.
 35623 | D:6      | 35623 ||| FLEEEEING.
 35631 | D:6      | 35631 ||| FLEEEEING.
 35639 | D:6      | 35639 ||| FLEEEEING.
 35647 | D:6      | 35647 ||| FLEEEEING.
 35655 | D:6      | 35655 ||| FLEEEEING.
 35663 | D:6      | 35663 ||| FLEEEEING.
 35671 | D:6      | 35671 ||| FLEEEEING.
 35679 | D:6      | 35679 ||| FLEEEEING.
 35687 | D:6      | 35687 ||| FLEEEEING.
 35695 | D:6      | 35695 ||| FLEEEEING.
 35703 | D:6      | 35703 ||| FLEEEEING.
 35711 | D:6      | 35711 ||| FLEEEEING.
 35714 | D:6      | Touched by the power of Zot.
 35715 | D:6      | Glimpsed the power of Zot.
 35721 | D:6      | 35721 ||| FLEEEEING.
 35729 | D:6      | 35729 ||| FLEEEEING.
 35737 | D:6      | 35737 ||| FLEEEEING.
 35745 | D:6      | 35745 ||| FLEEEEING.
 35753 | D:6      | 35753 ||| FLEEEEING.
 35761 | D:6      | 35761 ||| FLEEEEING.
 35769 | D:6      | 35769 ||| FLEEEEING.
 35777 | D:6      | 35777 ||| FLEEEEING.
 35785 | D:6      | 35785 ||| FLEEEEING.
 35793 | D:6      | 35793 ||| FLEEEEING.
 35801 | D:6      | 35801 ||| FLEEEEING.
 35809 | D:6      | 35809 ||| FLEEEEING.
 35817 | D:6      | 35817 ||| FLEEEEING.
 35825 | D:6      | 35825 ||| FLEEEEING.
 35833 | D:6      | 35833 ||| FLEEEEING.
 35841 | D:6      | 35841 ||| FLEEEEING.
 35849 | D:6      | 35849 ||| FLEEEEING.
 35857 | D:6      | 35857 ||| FLEEEEING.
 35865 | D:6      | 35865 ||| FLEEEEING.
 35873 | D:6      | 35873 ||| FLEEEEING.
 35881 | D:6      | 35881 ||| FLEEEEING.
 35889 | D:6      | 35889 ||| FLEEEEING.
 35897 | D:6      | 35897 ||| FLEEEEING.
 35905 | D:6      | 35905 ||| FLEEEEING.
 35913 | D:6      | 35913 ||| FLEEEEING.
 35921 | D:6      | 35921 ||| FLEEEEING.
 35929 | D:6      | 35929 ||| FLEEEEING.
 35937 | D:6      | 35937 ||| FLEEEEING.
 35945 | D:6      | 35945 ||| FLEEEEING.
 35953 | D:6      | 35953 ||| FLEEEEING.
 35961 | D:6      | 35961 ||| FLEEEEING.
 35969 | D:6      | 35969 ||| FLEEEEING.
 35977 | D:6      | 35977 ||| FLEEEEING.
 35985 | D:6      | 35985 ||| FLEEEEING.
 35993 | D:6      | 35993 ||| FLEEEEING.
 36001 | D:6      | 36001 ||| FLEEEEING.
 36009 | D:6      | 36009 ||| FLEEEEING.
 36017 | D:6      | 36017 ||| FLEEEEING.
 36025 | D:6      | 36025 ||| FLEEEEING.
 36033 | D:6      | 36033 ||| FLEEEEING.
 36041 | D:6      | 36041 ||| FLEEEEING.
 36049 | D:6      | 36049 ||| FLEEEEING.
 36057 | D:6      | 36057 ||| FLEEEEING.
 36065 | D:6      | 36065 ||| FLEEEEING.
 36073 | D:6      | 36073 ||| FLEEEEING.
 36081 | D:6      | 36081 ||| FLEEEEING.
 36089 | D:6      | 36089 ||| FLEEEEING.
 36097 | D:6      | 36097 ||| FLEEEEING.
 36105 | D:6      | 36105 ||| FLEEEEING.
 36113 | D:6      | 36113 ||| FLEEEEING.
 36121 | D:6      | 36121 ||| FLEEEEING.
 36129 | D:6      | 36129 ||| FLEEEEING.
 36137 | D:6      | 36137 ||| FLEEEEING.
 36145 | D:6      | 36145 ||| FLEEEEING.
 36153 | D:6      | 36153 ||| FLEEEEING.
 36161 | D:6      | 36161 ||| FLEEEEING.
 36169 | D:6      | 36169 ||| FLEEEEING.
 36177 | D:6      | 36177 ||| FLEEEEING.
 36185 | D:6      | 36185 ||| FLEEEEING.
 36193 | D:6      | 36193 ||| FLEEEEING.
 36201 | D:6      | 36201 ||| FLEEEEING.
 36209 | D:6      | 36209 ||| FLEEEEING.
 36215 | D:6      | Glimpsed the power of Zot.
 36223 | D:6      | 36223 ||| FLEEEEING.
 36231 | D:6      | 36231 ||| FLEEEEING.
 36239 | D:6      | 36239 ||| FLEEEEING.
 36247 | D:6      | 36247 ||| FLEEEEING.
 36255 | D:6      | 36255 ||| FLEEEEING.
 36263 | D:6      | 36263 ||| FLEEEEING.
 36271 | D:6      | 36271 ||| FLEEEEING.
 36279 | D:6      | 36279 ||| FLEEEEING.
 36287 | D:6      | 36287 ||| FLEEEEING.
 36295 | D:6      | 36295 ||| FLEEEEING.
 36303 | D:6      | 36303 ||| FLEEEEING.
 36311 | D:6      | 36311 ||| FLEEEEING.
 36319 | D:6      | 36319 ||| FLEEEEING.
 36327 | D:6      | 36327 ||| FLEEEEING.
 36335 | D:6      | 36335 ||| FLEEEEING.
 36343 | D:6      | 36343 ||| FLEEEEING.
 36351 | D:6      | 36351 ||| FLEEEEING.
 36359 | D:6      | 36359 ||| FLEEEEING.
 36367 | D:6      | 36367 ||| FLEEEEING.
 36375 | D:6      | 36375 ||| FLEEEEING.
 36383 | D:6      | 36383 ||| FLEEEEING.
 36391 | D:6      | 36391 ||| FLEEEEING.
 36399 | D:6      | 36399 ||| FLEEEEING.
 36407 | D:6      | 36407 ||| FLEEEEING.
 36415 | D:6      | 36415 ||| FLEEEEING.
 36423 | D:6      | 36423 ||| FLEEEEING.
 36431 | D:6      | 36431 ||| FLEEEEING.
 36439 | D:6      | 36439 ||| FLEEEEING.
 36447 | D:6      | 36447 ||| FLEEEEING.
 36455 | D:6      | 36455 ||| FLEEEEING.
 36463 | D:6      | 36463 ||| FLEEEEING.
 36471 | D:6      | 36471 ||| FLEEEEING.
 36479 | D:6      | 36479 ||| FLEEEEING.
 36487 | D:6      | 36487 ||| FLEEEEING.
 36495 | D:6      | 36495 ||| FLEEEEING.
 36503 | D:6      | 36503 ||| FLEEEEING.
 36511 | D:6      | 36511 ||| FLEEEEING.
 36519 | D:6      | 36519 ||| FLEEEEING.
 36527 | D:6      | 36527 ||| FLEEEEING.
 36535 | D:6      | 36535 ||| FLEEEEING.
 36543 | D:6      | 36543 ||| FLEEEEING.
 36551 | D:6      | 36551 ||| FLEEEEING.
 36559 | D:6      | 36559 ||| FLEEEEING.
 36567 | D:6      | 36567 ||| FLEEEEING.
 36575 | D:6      | 36575 ||| FLEEEEING.
 36583 | D:6      | 36583 ||| FLEEEEING.
 36591 | D:6      | 36591 ||| FLEEEEING.
 36599 | D:6      | 36599 ||| FLEEEEING.
 36607 | D:6      | 36607 ||| FLEEEEING.
 36615 | D:6      | 36615 ||| FLEEEEING.
 36615 | D:6      | Glimpsed the power of Zot.
 36623 | D:6      | 36623 ||| FLEEEEING.
 36631 | D:6      | 36631 ||| FLEEEEING.
 36639 | D:6      | 36639 ||| FLEEEEING.
 36647 | D:6      | 36647 ||| FLEEEEING.
 36655 | D:6      | 36655 ||| FLEEEEING.
 36663 | D:6      | 36663 ||| FLEEEEING.
 36671 | D:6      | 36671 ||| FLEEEEING.
 36679 | D:6      | 36679 ||| FLEEEEING.
 36687 | D:6      | 36687 ||| FLEEEEING.
 36695 | D:6      | 36695 ||| FLEEEEING.
 36703 | D:6      | 36703 ||| FLEEEEING.
 36711 | D:6      | 36711 ||| FLEEEEING.
 36714 | D:6      | Touched by the power of Zot.
 36715 | D:6      | Glimpsed the power of Zot.
 36721 | D:6      | 36721 ||| FLEEEEING.
 36729 | D:6      | 36729 ||| FLEEEEING.
 36737 | D:6      | 36737 ||| FLEEEEING.
 36745 | D:6      | 36745 ||| FLEEEEING.
 36753 | D:6      | 36753 ||| FLEEEEING.
 36761 | D:6      | 36761 ||| FLEEEEING.
 36769 | D:6      | 36769 ||| FLEEEEING.
 36777 | D:6      | 36777 ||| FLEEEEING.
 36785 | D:6      | 36785 ||| FLEEEEING.
 36793 | D:6      | 36793 ||| FLEEEEING.
 36801 | D:6      | 36801 ||| FLEEEEING.
 36809 | D:6      | 36809 ||| FLEEEEING.
 36817 | D:6      | 36817 ||| FLEEEEING.
 36825 | D:6      | 36825 ||| FLEEEEING.
 36833 | D:6      | 36833 ||| FLEEEEING.
 36841 | D:6      | 36841 ||| FLEEEEING.
 36849 | D:6      | 36849 ||| FLEEEEING.
 36857 | D:6      | 36857 ||| FLEEEEING.
 36865 | D:6      | 36865 ||| FLEEEEING.
 36873 | D:6      | 36873 ||| FLEEEEING.
 36881 | D:6      | 36881 ||| FLEEEEING.
 36889 | D:6      | 36889 ||| FLEEEEING.
 36897 | D:6      | 36897 ||| FLEEEEING.
 36905 | D:6      | 36905 ||| FLEEEEING.
 36913 | D:6      | 36913 ||| FLEEEEING.
 36921 | D:6      | 36921 ||| FLEEEEING.
 36929 | D:6      | 36929 ||| FLEEEEING.
 36937 | D:6      | 36937 ||| FLEEEEING.
 36945 | D:6      | 36945 ||| FLEEEEING.
 36953 | D:6      | 36953 ||| FLEEEEING.
 36961 | D:6      | 36961 ||| FLEEEEING.
 36969 | D:6      | 36969 ||| FLEEEEING.
 36977 | D:6      | 36977 ||| FLEEEEING.
 36985 | D:6      | 36985 ||| FLEEEEING.
 36993 | D:6      | 36993 ||| FLEEEEING.
 37001 | D:6      | 37001 ||| FLEEEEING.
 37009 | D:6      | 37009 ||| FLEEEEING.
 37017 | D:6      | 37017 ||| FLEEEEING.
 37025 | D:6      | 37025 ||| FLEEEEING.
 37033 | D:6      | 37033 ||| FLEEEEING.
 37041 | D:6      | 37041 ||| FLEEEEING.
 37049 | D:6      | 37049 ||| FLEEEEING.
 37057 | D:6      | 37057 ||| FLEEEEING.
 37065 | D:6      | 37065 ||| FLEEEEING.
 37073 | D:6      | 37073 ||| FLEEEEING.
 37081 | D:6      | 37081 ||| FLEEEEING.
 37089 | D:6      | 37089 ||| FLEEEEING.
 37097 | D:6      | 37097 ||| FLEEEEING.
 37105 | D:6      | 37105 ||| FLEEEEING.
 37113 | D:6      | 37113 ||| FLEEEEING.
 37121 | D:6      | 37121 ||| FLEEEEING.
 37129 | D:6      | 37129 ||| FLEEEEING.
 37137 | D:6      | 37137 ||| FLEEEEING.
 37145 | D:6      | 37145 ||| FLEEEEING.
 37153 | D:6      | 37153 ||| FLEEEEING.
 37161 | D:6      | 37161 ||| FLEEEEING.
 37169 | D:6      | 37169 ||| FLEEEEING.
 37177 | D:6      | 37177 ||| FLEEEEING.
 37185 | D:6      | 37185 ||| FLEEEEING.
 37193 | D:6      | 37193 ||| FLEEEEING.
 37201 | D:6      | 37201 ||| FLEEEEING.
 37209 | D:6      | 37209 ||| FLEEEEING.
 37215 | D:6      | Glimpsed the power of Zot.
 37223 | D:6      | 37223 ||| FLEEEEING.
 37231 | D:6      | 37231 ||| FLEEEEING.
 37239 | D:6      | 37239 ||| FLEEEEING.
 37247 | D:6      | 37247 ||| FLEEEEING.
 37255 | D:6      | 37255 ||| FLEEEEING.
 37263 | D:6      | 37263 ||| FLEEEEING.
 37271 | D:6      | 37271 ||| FLEEEEING.
 37279 | D:6      | 37279 ||| FLEEEEING.
 37287 | D:6      | 37287 ||| FLEEEEING.
 37295 | D:6      | 37295 ||| FLEEEEING.
 37303 | D:6      | 37303 ||| FLEEEEING.
 37311 | D:6      | 37311 ||| FLEEEEING.
 37319 | D:6      | 37319 ||| FLEEEEING.
 37327 | D:6      | 37327 ||| FLEEEEING.
 37335 | D:6      | 37335 ||| FLEEEEING.
 37343 | D:6      | 37343 ||| FLEEEEING.
 37351 | D:6      | 37351 ||| FLEEEEING.
 37359 | D:6      | 37359 ||| FLEEEEING.
 37367 | D:6      | 37367 ||| FLEEEEING.
 37375 | D:6      | 37375 ||| FLEEEEING.
 37383 | D:6      | 37383 ||| FLEEEEING.
 37391 | D:6      | 37391 ||| FLEEEEING.
 37399 | D:6      | 37399 ||| FLEEEEING.
 37407 | D:6      | 37407 ||| FLEEEEING.
 37415 | D:6      | 37415 ||| FLEEEEING.
 37423 | D:6      | 37423 ||| FLEEEEING.
 37431 | D:6      | 37431 ||| FLEEEEING.
 37439 | D:6      | 37439 ||| FLEEEEING.
 37447 | D:6      | 37447 ||| FLEEEEING.
 37455 | D:6      | 37455 ||| FLEEEEING.
 37463 | D:6      | 37463 ||| FLEEEEING.
 37471 | D:6      | 37471 ||| FLEEEEING.
 37479 | D:6      | 37479 ||| FLEEEEING.
 37487 | D:6      | 37487 ||| FLEEEEING.
 37495 | D:6      | 37495 ||| FLEEEEING.
 37503 | D:6      | 37503 ||| FLEEEEING.
 37511 | D:6      | 37511 ||| FLEEEEING.
 37519 | D:6      | 37519 ||| FLEEEEING.
 37527 | D:6      | 37527 ||| FLEEEEING.
 37535 | D:6      | 37535 ||| FLEEEEING.
 37543 | D:6      | 37543 ||| FLEEEEING.
 37551 | D:6      | 37551 ||| FLEEEEING.
 37559 | D:6      | 37559 ||| FLEEEEING.
 37567 | D:6      | 37567 ||| FLEEEEING.
 37575 | D:6      | 37575 ||| FLEEEEING.
 37583 | D:6      | 37583 ||| FLEEEEING.
 37591 | D:6      | 37591 ||| FLEEEEING.
 37599 | D:6      | 37599 ||| FLEEEEING.
 37607 | D:6      | 37607 ||| FLEEEEING.
 37615 | D:6      | 37615 ||| FLEEEEING.
 37615 | D:6      | Glimpsed the power of Zot.
 37623 | D:6      | 37623 ||| FLEEEEING.
 37631 | D:6      | 37631 ||| FLEEEEING.
 37639 | D:6      | 37639 ||| FLEEEEING.
 37647 | D:6      | 37647 ||| FLEEEEING.
 37655 | D:6      | 37655 ||| FLEEEEING.
 37663 | D:6      | 37663 ||| FLEEEEING.
 37671 | D:6      | 37671 ||| FLEEEEING.
 37679 | D:6      | 37679 ||| FLEEEEING.
 37687 | D:6      | 37687 ||| FLEEEEING.
 37695 | D:6      | 37695 ||| FLEEEEING.
 37703 | D:6      | 37703 ||| FLEEEEING.
 37711 | D:6      | 37711 ||| FLEEEEING.
 37714 | D:6      | Touched by the power of Zot.
 37715 | D:6      | Glimpsed the power of Zot.
 37721 | D:6      | 37721 ||| FLEEEEING.
 37729 | D:6      | 37729 ||| FLEEEEING.
 37737 | D:6      | 37737 ||| FLEEEEING.
 37745 | D:6      | 37745 ||| FLEEEEING.
 37753 | D:6      | 37753 ||| FLEEEEING.
 37761 | D:6      | 37761 ||| FLEEEEING.
 37769 | D:6      | 37769 ||| FLEEEEING.
 37777 | D:6      | 37777 ||| FLEEEEING.
 37785 | D:6      | 37785 ||| FLEEEEING.
 37793 | D:6      | 37793 ||| FLEEEEING.
 37801 | D:6      | 37801 ||| FLEEEEING.
 37809 | D:6      | 37809 ||| FLEEEEING.
 37817 | D:6      | 37817 ||| FLEEEEING.
 37825 | D:6      | 37825 ||| FLEEEEING.
 37833 | D:6      | 37833 ||| FLEEEEING.
 37841 | D:6      | 37841 ||| FLEEEEING.
 37849 | D:6      | 37849 ||| FLEEEEING.
 37857 | D:6      | 37857 ||| FLEEEEING.
 37865 | D:6      | 37865 ||| FLEEEEING.
 37873 | D:6      | 37873 ||| FLEEEEING.
 37881 | D:6      | 37881 ||| FLEEEEING.
 37889 | D:6      | 37889 ||| FLEEEEING.
 37897 | D:6      | 37897 ||| FLEEEEING.
 37905 | D:6      | 37905 ||| FLEEEEING.
 37913 | D:6      | 37913 ||| FLEEEEING.
 37921 | D:6      | 37921 ||| FLEEEEING.
 37929 | D:6      | 37929 ||| FLEEEEING.
 37937 | D:6      | 37937 ||| FLEEEEING.
 37945 | D:6      | 37945 ||| FLEEEEING.
 37953 | D:6      | 37953 ||| FLEEEEING.
 37961 | D:6      | 37961 ||| FLEEEEING.
 37969 | D:6      | 37969 ||| FLEEEEING.
 37977 | D:6      | 37977 ||| FLEEEEING.
 37985 | D:6      | 37985 ||| FLEEEEING.
 37993 | D:6      | 37993 ||| FLEEEEING.
 38001 | D:6      | 38001 ||| FLEEEEING.
 38009 | D:6      | 38009 ||| FLEEEEING.
 38017 | D:6      | 38017 ||| FLEEEEING.
 38025 | D:6      | 38025 ||| FLEEEEING.
 38033 | D:6      | 38033 ||| FLEEEEING.
 38041 | D:6      | 38041 ||| FLEEEEING.
 38049 | D:6      | 38049 ||| FLEEEEING.
 38057 | D:6      | 38057 ||| FLEEEEING.
 38065 | D:6      | 38065 ||| FLEEEEING.
 38073 | D:6      | 38073 ||| FLEEEEING.
 38081 | D:6      | 38081 ||| FLEEEEING.
 38089 | D:6      | 38089 ||| FLEEEEING.
 38097 | D:6      | 38097 ||| FLEEEEING.
 38105 | D:6      | 38105 ||| FLEEEEING.
 38113 | D:6      | 38113 ||| FLEEEEING.
 38121 | D:6      | 38121 ||| FLEEEEING.
 38129 | D:6      | 38129 ||| FLEEEEING.
 38137 | D:6      | 38137 ||| FLEEEEING.
 38145 | D:6      | 38145 ||| FLEEEEING.
 38153 | D:6      | 38153 ||| FLEEEEING.
 38161 | D:6      | 38161 ||| FLEEEEING.
 38169 | D:6      | 38169 ||| FLEEEEING.
 38177 | D:6      | 38177 ||| FLEEEEING.
 38185 | D:6      | 38185 ||| FLEEEEING.
 38193 | D:6      | 38193 ||| FLEEEEING.
 38201 | D:6      | 38201 ||| FLEEEEING.
 38209 | D:6      | 38209 ||| FLEEEEING.
 38215 | D:6      | Glimpsed the power of Zot.
 38223 | D:6      | 38223 ||| FLEEEEING.
 38231 | D:6      | 38231 ||| FLEEEEING.
 38239 | D:6      | 38239 ||| FLEEEEING.
 38247 | D:6      | 38247 ||| FLEEEEING.
 38255 | D:6      | 38255 ||| FLEEEEING.
 38263 | D:6      | 38263 ||| FLEEEEING.
 38271 | D:6      | 38271 ||| FLEEEEING.
 38279 | D:6      | 38279 ||| FLEEEEING.
 38287 | D:6      | 38287 ||| FLEEEEING.
 38295 | D:6      | 38295 ||| FLEEEEING.
 38303 | D:6      | 38303 ||| FLEEEEING.
 38311 | D:6      | 38311 ||| FLEEEEING.
 38319 | D:6      | 38319 ||| FLEEEEING.
 38327 | D:6      | 38327 ||| FLEEEEING.
 38335 | D:6      | 38335 ||| FLEEEEING.
 38343 | D:6      | 38343 ||| FLEEEEING.
 38351 | D:6      | 38351 ||| FLEEEEING.
 38359 | D:6      | 38359 ||| FLEEEEING.
 38367 | D:6      | 38367 ||| FLEEEEING.
 38375 | D:6      | 38375 ||| FLEEEEING.
 38383 | D:6      | 38383 ||| FLEEEEING.
 38391 | D:6      | 38391 ||| FLEEEEING.
 38399 | D:6      | 38399 ||| FLEEEEING.
 38407 | D:6      | 38407 ||| FLEEEEING.
 38415 | D:6      | 38415 ||| FLEEEEING.
 38423 | D:6      | 38423 ||| FLEEEEING.
 38431 | D:6      | 38431 ||| FLEEEEING.
 38439 | D:6      | 38439 ||| FLEEEEING.
 38447 | D:6      | 38447 ||| FLEEEEING.
 38455 | D:6      | 38455 ||| FLEEEEING.
 38463 | D:6      | 38463 ||| FLEEEEING.
 38471 | D:6      | 38471 ||| FLEEEEING.
 38479 | D:6      | 38479 ||| FLEEEEING.
 38487 | D:6      | 38487 ||| FLEEEEING.
 38495 | D:6      | 38495 ||| FLEEEEING.
 38503 | D:6      | 38503 ||| FLEEEEING.
 38511 | D:6      | 38511 ||| FLEEEEING.
 38519 | D:6      | 38519 ||| FLEEEEING.
 38527 | D:6      | 38527 ||| FLEEEEING.
 38535 | D:6      | 38535 ||| FLEEEEING.
 38543 | D:6      | 38543 ||| FLEEEEING.
 38551 | D:6      | 38551 ||| FLEEEEING.
 38559 | D:6      | 38559 ||| FLEEEEING.
 38567 | D:6      | 38567 ||| FLEEEEING.
 38575 | D:6      | 38575 ||| FLEEEEING.
 38583 | D:6      | 38583 ||| FLEEEEING.
 38591 | D:6      | 38591 ||| FLEEEEING.
 38599 | D:6      | 38599 ||| FLEEEEING.
 38607 | D:6      | 38607 ||| FLEEEEING.
 38615 | D:6      | 38615 ||| FLEEEEING.
 38615 | D:6      | Glimpsed the power of Zot.
 38623 | D:6      | 38623 ||| FLEEEEING.
 38631 | D:6      | 38631 ||| FLEEEEING.
 38639 | D:6      | 38639 ||| FLEEEEING.
 38647 | D:6      | 38647 ||| FLEEEEING.
 38655 | D:6      | 38655 ||| FLEEEEING.
 38663 | D:6      | 38663 ||| FLEEEEING.
 38671 | D:6      | 38671 ||| FLEEEEING.
 38679 | D:6      | 38679 ||| FLEEEEING.
 38687 | D:6      | 38687 ||| FLEEEEING.
 38695 | D:6      | 38695 ||| FLEEEEING.
 38703 | D:6      | 38703 ||| FLEEEEING.
 38711 | D:6      | 38711 ||| FLEEEEING.
 38714 | D:6      | Touched by the power of Zot.
 38715 | D:6      | Glimpsed the power of Zot.
 38721 | D:6      | 38721 ||| FLEEEEING.
 38729 | D:6      | 38729 ||| FLEEEEING.
 38737 | D:6      | 38737 ||| FLEEEEING.
 38745 | D:6      | 38745 ||| FLEEEEING.
 38753 | D:6      | 38753 ||| FLEEEEING.
 38761 | D:6      | 38761 ||| FLEEEEING.
 38769 | D:6      | 38769 ||| FLEEEEING.
 38777 | D:6      | 38777 ||| FLEEEEING.
 38785 | D:6      | 38785 ||| FLEEEEING.
 38793 | D:6      | 38793 ||| FLEEEEING.
 38801 | D:6      | 38801 ||| FLEEEEING.
 38809 | D:6      | 38809 ||| FLEEEEING.
 38817 | D:6      | 38817 ||| FLEEEEING.
 38825 | D:6      | 38825 ||| FLEEEEING.
 38833 | D:6      | 38833 ||| FLEEEEING.
 38841 | D:6      | 38841 ||| FLEEEEING.
 38849 | D:6      | 38849 ||| FLEEEEING.
 38857 | D:6      | 38857 ||| FLEEEEING.
 38865 | D:6      | 38865 ||| FLEEEEING.
 38873 | D:6      | 38873 ||| FLEEEEING.
 38881 | D:6      | 38881 ||| FLEEEEING.
 38889 | D:6      | 38889 ||| FLEEEEING.
 38897 | D:6      | 38897 ||| FLEEEEING.
 38905 | D:6      | 38905 ||| FLEEEEING.
 38913 | D:6      | 38913 ||| FLEEEEING.
 38921 | D:6      | 38921 ||| FLEEEEING.
 38929 | D:6      | 38929 ||| FLEEEEING.
 38937 | D:6      | 38937 ||| FLEEEEING.
 38945 | D:6      | 38945 ||| FLEEEEING.
 38953 | D:6      | 38953 ||| FLEEEEING.
 38961 | D:6      | 38961 ||| FLEEEEING.
 38969 | D:6      | 38969 ||| FLEEEEING.
 38977 | D:6      | 38977 ||| FLEEEEING.
 38985 | D:6      | 38985 ||| FLEEEEING.
 38993 | D:6      | 38993 ||| FLEEEEING.
 39001 | D:6      | 39001 ||| FLEEEEING.
 39009 | D:6      | 39009 ||| FLEEEEING.
 39017 | D:6      | 39017 ||| FLEEEEING.
 39025 | D:6      | 39025 ||| FLEEEEING.
 39033 | D:6      | 39033 ||| FLEEEEING.
 39041 | D:6      | 39041 ||| FLEEEEING.
 39049 | D:6      | 39049 ||| FLEEEEING.
 39057 | D:6      | 39057 ||| FLEEEEING.
 39065 | D:6      | 39065 ||| FLEEEEING.
 39073 | D:6      | 39073 ||| FLEEEEING.
 39081 | D:6      | 39081 ||| FLEEEEING.
 39089 | D:6      | 39089 ||| FLEEEEING.
 39097 | D:6      | 39097 ||| FLEEEEING.
 39105 | D:6      | 39105 ||| FLEEEEING.
 39113 | D:6      | 39113 ||| FLEEEEING.
 39121 | D:6      | 39121 ||| FLEEEEING.
 39129 | D:6      | 39129 ||| FLEEEEING.
 39137 | D:6      | 39137 ||| FLEEEEING.
 39145 | D:6      | 39145 ||| FLEEEEING.
 39153 | D:6      | 39153 ||| FLEEEEING.
 39161 | D:6      | 39161 ||| FLEEEEING.
 39169 | D:6      | 39169 ||| FLEEEEING.
 39177 | D:6      | 39177 ||| FLEEEEING.
 39185 | D:6      | 39185 ||| FLEEEEING.
 39193 | D:6      | 39193 ||| FLEEEEING.
 39201 | D:6      | 39201 ||| FLEEEEING.
 39209 | D:6      | 39209 ||| FLEEEEING.
 39215 | D:6      | Glimpsed the power of Zot.
 39223 | D:6      | 39223 ||| FLEEEEING.
 39231 | D:6      | 39231 ||| FLEEEEING.
 39239 | D:6      | 39239 ||| FLEEEEING.
 39247 | D:6      | 39247 ||| FLEEEEING.
 39255 | D:6      | 39255 ||| FLEEEEING.
 39263 | D:6      | 39263 ||| FLEEEEING.
 39271 | D:6      | 39271 ||| FLEEEEING.
 39279 | D:6      | 39279 ||| FLEEEEING.
 39287 | D:6      | 39287 ||| FLEEEEING.
 39295 | D:6      | 39295 ||| FLEEEEING.
 39303 | D:6      | 39303 ||| FLEEEEING.
 39311 | D:6      | 39311 ||| FLEEEEING.
 39319 | D:6      | 39319 ||| FLEEEEING.
 39327 | D:6      | 39327 ||| FLEEEEING.
 39335 | D:6      | 39335 ||| FLEEEEING.
 39343 | D:6      | 39343 ||| FLEEEEING.
 39351 | D:6      | 39351 ||| FLEEEEING.
 39359 | D:6      | 39359 ||| FLEEEEING.
 39367 | D:6      | 39367 ||| FLEEEEING.
 39375 | D:6      | 39375 ||| FLEEEEING.
 39383 | D:6      | 39383 ||| FLEEEEING.
 39391 | D:6      | 39391 ||| FLEEEEING.
 39399 | D:6      | 39399 ||| FLEEEEING.
 39407 | D:6      | 39407 ||| FLEEEEING.
 39415 | D:6      | 39415 ||| FLEEEEING.
 39423 | D:6      | 39423 ||| FLEEEEING.
 39431 | D:6      | 39431 ||| FLEEEEING.
 39439 | D:6      | 39439 ||| FLEEEEING.
 39447 | D:6      | 39447 ||| FLEEEEING.
 39455 | D:6      | 39455 ||| FLEEEEING.
 39463 | D:6      | 39463 ||| FLEEEEING.
 39471 | D:6      | 39471 ||| FLEEEEING.
 39479 | D:6      | 39479 ||| FLEEEEING.
 39487 | D:6      | 39487 ||| FLEEEEING.
 39495 | D:6      | 39495 ||| FLEEEEING.
 39503 | D:6      | 39503 ||| FLEEEEING.
 39511 | D:6      | 39511 ||| FLEEEEING.
 39519 | D:6      | 39519 ||| FLEEEEING.
 39527 | D:6      | 39527 ||| FLEEEEING.
 39535 | D:6      | 39535 ||| FLEEEEING.
 39543 | D:6      | 39543 ||| FLEEEEING.
 39551 | D:6      | 39551 ||| FLEEEEING.
 39559 | D:6      | 39559 ||| FLEEEEING.
 39567 | D:6      | 39567 ||| FLEEEEING.
 39575 | D:6      | 39575 ||| FLEEEEING.
 39583 | D:6      | 39583 ||| FLEEEEING.
 39591 | D:6      | 39591 ||| FLEEEEING.
 39599 | D:6      | 39599 ||| FLEEEEING.
 39607 | D:6      | 39607 ||| FLEEEEING.
 39615 | D:6      | 39615 ||| FLEEEEING.
 39615 | D:6      | Glimpsed the power of Zot.
 39623 | D:6      | 39623 ||| FLEEEEING.
 39631 | D:6      | 39631 ||| FLEEEEING.
 39639 | D:6      | 39639 ||| FLEEEEING.
 39647 | D:6      | 39647 ||| FLEEEEING.
 39655 | D:6      | 39655 ||| FLEEEEING.
 39663 | D:6      | 39663 ||| FLEEEEING.
 39671 | D:6      | 39671 ||| FLEEEEING.
 39679 | D:6      | 39679 ||| FLEEEEING.
 39687 | D:6      | 39687 ||| FLEEEEING.
 39695 | D:6      | 39695 ||| FLEEEEING.
 39703 | D:6      | 39703 ||| FLEEEEING.
 39711 | D:6      | 39711 ||| FLEEEEING.
 39714 | D:6      | Touched by the power of Zot.
 39715 | D:6      | Quit the game

Levels and vault maps discovered:
D:1:      dpeg_arrival_rooms_a, layout_basic, minmay_tetromino_t4
D:2:      layout_basic, hellmonk_ecumenical_altar_zigzags
D:3:      layout_rooms, cheibrodos_sewer_entry_bend, serial_shops,
          nicolae_shop_stone, uniq_robin, uniq_jessica
D:4:      layout_rooms
D:5:      layout_basic, chequers_serial_rivers_room_a
D:6:      kennysheep_big_flooded_room, layout_loops_cross, good_gods_temple_1,
          nicolae_gozag_zags_fifth_avenue, nemelex_dance_club_becter,
          mainiacjoe_overflow_alcove_1, nicolae_vehumet_altar_sigil,
          minmay_temple_entry_overgrown, uniq_blork_the_orc

Skill      XL: |  1  2  3  4  5  6  7  8 |
---------------+-------------------------+-----
Axes           | 2 3 4 5 6 7 8 |  8.0
Fighting       | 4 5 |  5.9
Dodging        | 1 |  1.1
Throwing       | |  0.1
Armour         | |  3.2
Shields        | |  3.2

Action                   |  1- 3 |  4- 6 |  7- 9 || total
-------------------------+-------+-------+-------++-------
Melee: War axe           |   100 |   106 |    56 ||   262
Throw: Boomerang         |    37 |    56 |       ||    93
       Javelin           |       |       |     4 ||     4
  Use: Scroll            |    11 |     8 |     3 ||    22
       Potion            |       |     2 |       ||     2
Armor: Scale mail        |    83 |    22 |       ||   105
       Chain mail        |       |    39 |    35 ||    74
Dodge: Dodged            |    46 |    35 |    22 ||   103
Block: Buckler           |    29 |    20 |    11 ||    60

Table legend:
 A = Non-vault XP
 B = Vault XP
 C = Vault XP percentage of total XP
 D = Non-vault monster count
 E = Vault monster count
 F = Vault count percentage of total count
                 A         B        C        D         E       F
            +---------+---------+-------+---------+---------+-------
      Total |    1627 |      92 |   5.4 |     110 |      19 |  14.7
            +---------+---------+-------+---------+---------+-------
        D:1 |      37 |       5 |  11.9 |      22 |       3 |  12.0
        D:2 |      24 |       0 |   0.0 |      16 |       0 |   0.0
        D:3 |     123 |      87 |  41.4 |      25 |      16 |  39.0
        D:4 |     296 |       0 |   0.0 |      21 |       0 |   0.0
        D:5 |     964 |       0 |   0.0 |      23 |       0 |   0.0
        D:6 |     183 |       0 |   0.0 |       3 |       0 |   0.0
            +---------+---------+-------+---------+---------+-------
